Workbook

Sheet START
B2: K1 | F2: ="KEYONE / "&Lang!$B$29
F4: =Lang!$B$30
B7: =HYPERLINK("#'START'!A1",Lang!$B$2) | D7: =HYPERLINK("#'Dashboard'!A1",Lang!$B$3) | F7: =HYPERLINK("#'Gantt'!A1",Lang!$B$27) | H7: =HYPERLINK("#'Tasks'!A1",Lang!$B$28) | J7: =HYPERLINK("#'Settings'!A1",Lang!$B$4)
B9: =Lang!$B$31
B13: 01 | E13: =Lang!$B$32
E14: =Lang!$B$33
B17: 02 | E17: =Lang!$B$34
E18: =Lang!$B$35
B21: 03 | E21: =Lang!$B$36
E22: =Lang!$B$37
B25: 04 | E25: =Lang!$B$38
E26: =Lang!$B$39
B30: =Lang!$B$40
B32: =Lang!$B$5
B35: =Lang!$B$6
B36: Keywan Fakhri | I36: =Lang!$B$7
B38: =Lang!$B$8
B39: =HYPERLINK("https://keywanfakhri.com","keywanfakhri.com") | F39: =HYPERLINK("mailto:keywanfakhri1@gmail.com","keywanfakhri1@gmail.com") | L39: =HYPERLINK("https://www.linkedin.com/in/rahmatallah-keywan-fakhri/","LinkedIn: rahmatallah-keywan-fakhri")

Sheet Dashboard
B2: K1 | E2: ="KEYONE / "&Lang!$B$46
E3: =Lang!$B$47
B4: =HYPERLINK("#'START'!A1",Lang!$B$2) | D4: =HYPERLINK("#'Dashboard'!A1",Lang!$B$3) | F4: =HYPERLINK("#'Gantt'!A1",Lang!$B$27) | H4: =HYPERLINK("#'Tasks'!A1",Lang!$B$28) | J4: =HYPERLINK("#'Settings'!A1",Lang!$B$4)
B6: =Lang!$B$48 | I6: =Lang!$B$42 | M6: =Lang!$B$14 | P6: =Lang!$B$95
B7: =Settings!$D$8 | I7: =Settings!$D$10 | M7: =Calc!$B$2 | P7: =Calc!$B$8
B8: =Lang!$B$80
B10: =Lang!$B$49 | E10: =Lang!$B$50 | H10: =Lang!$B$51 | K10: =Lang!$B$52 | N10: =Lang!$B$53 | Q10: =Lang!$B$54
B11: =COUNTIF(Tasks!$C$8:$C$207,"?*") | E11: =Calc!$B$5 | H11: =COUNTIF(Tasks!$M$8:$M$207,4) | K11: =SUM(Tasks!$H$8:$H$207) | N11: =SUM(Tasks!$I$8:$I$207) | Q11: =Calc!$B$7
B13: =Lang!$B$55 | D13: =COUNTIF(Tasks!$M$8:$M$207,1) | E13: =Lang!$B$56 | G13: =Calc!$B$6 | H13: =Lang!$B$57 | J13: =COUNTIF(Tasks!$M$8:$M$207,2) | K13: =Lang!$B$58 | M13: =IF(K11=0,0,N11/K11) | N13: =Lang!$B$59 | P13: =K11-N11 | Q13: =Lang!$B$60 | S13: =MAX(0,Calc!$B$7-Calc!$B$2)
B16: =Lang!$B$61 | M16: =Lang!$B$12
M18: =Lang!$B$75
M19: =IF(Calc!$B$5>=Calc!$B$6-0.005,Lang!$B$76,Lang!$B$77) | Q19: =IF(Calc!$B$5>=Calc!$B$6,"+","")&ROUND((Calc!$B$5-Calc!$B$6)*100,1)&" "&Lang!$B$79
M22: =Lang!$B$72
M23: =IF(MIN(Tasks!$S$8:$S$207)=99999,"–",INDEX(Tasks!$C$8:$C$207,MATCH(MIN(Tasks!$S$8:$S$207),Tasks!$S$8:$S$207,0))) | Q23: =IF(MIN(Tasks!$S$8:$S$207)=99999,"",MIN(Tasks!$S$8:$S$207))
M26: =Lang!$B$73
M27: =IF(MAX(Tasks!$R$8:$R$207)=0,"–",INDEX(Tasks!$C$8:$C$207,MATCH(MAX(Tasks!$R$8:$R$207),Tasks!$R$8:$R$207,0))) | Q27: =MAX(Tasks!$R$8:$R$207)&" "&Lang!$B$78
M30: =Lang!$B$74
M31: =IF(MAX(Calc!$G$20:$G$27)<=0,"–",INDEX(Calc!$A$20:$A$27,MATCH(MAX(Calc!$G$20:$G$27),Calc!$G$20:$G$27,0))) | Q31: =MAX(0,MAX(Calc!$G$20:$G$27))
B35: =Lang!$B$62 | M35: =Lang!$B$63
B55: =Lang!$B$40
B56: =Lang!$B$5

Sheet Gantt
B2: K1 | E2: ="KEYONE / "&Lang!$B$81
E3: =Lang!$B$82
B4: =HYPERLINK("#'START'!A1",Lang!$B$2) | D4: =HYPERLINK("#'Dashboard'!A1",Lang!$B$3) | E4: =HYPERLINK("#'Gantt'!A1",Lang!$B$27) | F4: =HYPERLINK("#'Tasks'!A1",Lang!$B$28) | G4: =HYPERLINK("#'Settings'!A1",Lang!$B$4)
B6: =Lang!$B$83 | E6: 46237 | H6: =Settings!$D$8 | W6: =Lang!$B$84&": "&DAY(Calc!$B$2)&"."&MONTH(Calc!$B$2)&"."&YEAR(Calc!$B$2)
H7: =Calc!$B$3+0 | I7: =Calc!$B$3+7 | J7: =Calc!$B$3+14 | K7: =Calc!$B$3+21 | L7: =Calc!$B$3+28 | M7: =Calc!$B$3+35 | N7: =Calc!$B$3+42 | O7: =Calc!$B$3+49 | P7: =Calc!$B$3+56 | Q7: =Calc!$B$3+63 | R7: =Calc!$B$3+70 | S7: =Calc!$B$3+77 | T7: =Calc!$B$3+84 | U7: =Calc!$B$3+91 | V7: =Calc!$B$3+98 | W7: =Calc!$B$3+105 | X7: =Calc!$B$3+112 | Y7: =Calc!$B$3+119 | Z7: =Calc!$B$3+126 | AA7: =Calc!$B$3+133 | AB7: =Calc!$B$3+140 | AC7: =Calc!$B$3+147 | AD7: =Calc!$B$3+154 | AE7: =Calc!$B$3+161 | AF7: =Calc!$B$3+168 | AG7: =Calc!$B$3+175
H8: =IF(OR(0=0,MONTH(H7)<>MONTH(Calc!$B$3+-7)),INDEX(Lang!$B$15:$B$26,MONTH(H7)),"") | I8: =IF(OR(1=0,MONTH(I7)<>MONTH(Calc!$B$3+0)),INDEX(Lang!$B$15:$B$26,MONTH(I7)),"") | J8: =IF(OR(2=0,MONTH(J7)<>MONTH(Calc!$B$3+7)),INDEX(Lang!$B$15:$B$26,MONTH(J7)),"") | K8: =IF(OR(3=0,MONTH(K7)<>MONTH(Calc!$B$3+14)),INDEX(Lang!$B$15:$B$26,MONTH(K7)),"") | L8: =IF(OR(4=0,MONTH(L7)<>MONTH(Calc!$B$3+21)),INDEX(Lang!$B$15:$B$26,MONTH(L7)),"") | M8: =IF(OR(5=0,MONTH(M7)<>MONTH(Calc!$B$3+28)),INDEX(Lang!$B$15:$B$26,MONTH(M7)),"") | N8: =IF(OR(6=0,MONTH(N7)<>MONTH(Calc!$B$3+35)),INDEX(Lang!$B$15:$B$26,MONTH(N7)),"") | O8: =IF(OR(7=0,MONTH(O7)<>MONTH(Calc!$B$3+42)),INDEX(Lang!$B$15:$B$26,MONTH(O7)),"") | P8: =IF(OR(8=0,MONTH(P7)<>MONTH(Calc!$B$3+49)),INDEX(Lang!$B$15:$B$26,MONTH(P7)),"") | Q8: =IF(OR(9=0,MONTH(Q7)<>MONTH(Calc!$B$3+56)),INDEX(Lang!$B$15:$B$26,MONTH(Q7)),"") | R8: =IF(OR(10=0,MONTH(R7)<>MONTH(Calc!$B$3+63)),INDEX(Lang!$B$15:$B$26,MONTH(R7)),"") | S8: =IF(OR(11=0,MONTH(S7)<>MONTH(Calc!$B$3+70)),INDEX(Lang!$B$15:$B$26,MONTH(S7)),"") | T8: =IF(OR(12=0,MONTH(T7)<>MONTH(Calc!$B$3+77)),INDEX(Lang!$B$15:$B$26,MONTH(T7)),"") | U8: =IF(OR(13=0,MONTH(U7)<>MONTH(Calc!$B$3+84)),INDEX(Lang!$B$15:$B$26,MONTH(U7)),"") | V8: =IF(OR(14=0,MONTH(V7)<>MONTH(Calc!$B$3+91)),INDEX(Lang!$B$15:$B$26,MONTH(V7)),"") | W8: =IF(OR(15=0,MONTH(W7)<>MONTH(Calc!$B$3+98)),INDEX(Lang!$B$15:$B$26,MONTH(W7)),"") | X8: =IF(OR(16=0,MONTH(X7)<>MONTH(Calc!$B$3+105)),INDEX(Lang!$B$15:$B$26,MONTH(X7)),"") | Y8: =IF(OR(17=0,MONTH(Y7)<>MONTH(Calc!$B$3+112)),INDEX(Lang!$B$15:$B$26,MONTH(Y7)),"") | Z8: =IF(OR(18=0,MONTH(Z7)<>MONTH(Calc!$B$3+119)),INDEX(Lang!$B$15:$B$26,MONTH(Z7)),"") | AA8: =IF(OR(19=0,MONTH(AA7)<>MONTH(Calc!$B$3+126)),INDEX(Lang!$B$15:$B$26,MONTH(AA7)),"") | AB8: =IF(OR(20=0,MONTH(AB7)<>MONTH(Calc!$B$3+133)),INDEX(Lang!$B$15:$B$26,MONTH(AB7)),"") | AC8: =IF(OR(21=0,MONTH(AC7)<>MONTH(Calc!$B$3+140)),INDEX(Lang!$B$15:$B$26,MONTH(AC7)),"") | AD8: =IF(OR(22=0,MONTH(AD7)<>MONTH(Calc!$B$3+147)),INDEX(Lang!$B$15:$B$26,MONTH(AD7)),"") | AE8: =IF(OR(23=0,MONTH(AE7)<>MONTH(Calc!$B$3+154)),INDEX(Lang!$B$15:$B$26,MONTH(AE7)),"") | AF8: =IF(OR(24=0,MONTH(AF7)<>MONTH(Calc!$B$3+161)),INDEX(Lang!$B$15:$B$26,MONTH(AF7)),"") | AG8: =IF(OR(25=0,MONTH(AG7)<>MONTH(Calc!$B$3+168)),INDEX(Lang!$B$15:$B$26,MONTH(AG7)),"")
B9: =Lang!$B$91 | C9: =Lang!$B$93 | D9: =Lang!$B$94 | E9: =Lang!$B$95 | F9: =Lang!$B$96 | G9: =Lang!$B$97 | H9: =DAY(H7)&"."&MONTH(H7)&"." | I9: =DAY(I7)&"."&MONTH(I7)&"." | J9: =DAY(J7)&"."&MONTH(J7)&"." | K9: =DAY(K7)&"."&MONTH(K7)&"." | L9: =DAY(L7)&"."&MONTH(L7)&"." | M9: =DAY(M7)&"."&MONTH(M7)&"." | N9: =DAY(N7)&"."&MONTH(N7)&"." | O9: =DAY(O7)&"."&MONTH(O7)&"." | ... AG9: =DAY(AG7)&"."&MONTH(AG7)&"."
B10: =IF(Tasks!$C$8="","",Tasks!$A$8) | C10: =IF(Tasks!$C$8="","",Tasks!$C$8) | D10: =IF(Tasks!$C$8="","",Tasks!$D$8&"") | E10: =IF(N(Tasks!$E$8)=0,"",Tasks!$E$8) | F10: =IF(N(Tasks!$F$8)=0,"",Tasks!$F$8) | G10: =IF(Tasks!$C$8="","",N(Tasks!$G$8)) | H10: =IF(OR(Tasks!$M$8=0,Tasks!$E$8>=H$7+7,Tasks!$F$8<H$7),0,IF(H$7+3.5<Tasks!$E$8+(Tasks!$F$8-Tasks!$E$8+1)*N(Tasks!$G$8),2,IF(Tasks!$M$8=4,3,1))) | I10: =IF(OR(Tasks!$M$8=0,Tasks!$E$8>=I$7+7,Tasks!$F$8<I$7),0,IF(I$7+3.5<Tasks!$E$8+(Tasks!$F$8-Tasks!$E$8+1)*N(Tasks!$G$8),2,IF(Tasks!$M$8=4,3,1))) | J10: =IF(OR(Tasks!$M$8=0,Tasks!$E$8>=J$7+7,Tasks!$F$8<J$7),0,IF(J$7+3.5<Tasks!$E$8+(Tasks!$F$8-Tasks!$E$8+1)*N(Tasks!$G$8),2,IF(Tasks!$M$8=4,3,1))) | K10: =IF(OR(Tasks!$M$8=0,Tasks!$E$8>=K$7+7,Tasks!$F$8<K$7),0,IF(K$7+3.5<Tasks!$E$8+(Tasks!$F$8-Tasks!$E$8+1)*N(Tasks!$G$8),2,IF(Tasks!$M$8=4,3,1))) | L10: =IF(OR(Tasks!$M$8=0,Tasks!$E$8>=L$7+7,Tasks!$F$8<L$7),0,IF(L$7+3.5<Tasks!$E$8+(Tasks!$F$8-Tasks!$E$8+1)*N(Tasks!$G$8),2,IF(Tasks!$M$8=4,3,1))) | M10: =IF(OR(Tasks!$M$8=0,Tasks!$E$8>=M$7+7,Tasks!$F$8<M$7),0,IF(M$7+3.5<Tasks!$E$8+(Tasks!$F$8-Tasks!$E$8+1)*N(Tasks!$G$8),2,IF(Tasks!$M$8=4,3,1))) | N10: =IF(OR(Tasks!$M$8=0,Tasks!$E$8>=N$7+7,Tasks!$F$8<N$7),0,IF(N$7+3.5<Tasks!$E$8+(Tasks!$F$8-Tasks!$E$8+1)*N(Tasks!$G$8),2,IF(Tasks!$M$8=4,3,1))) | O10: =IF(OR(Tasks!$M$8=0,Tasks!$E$8>=O$7+7,Tasks!$F$8<O$7),0,IF(O$7+3.5<Tasks!$E$8+(Tasks!$F$8-Tasks!$E$8+1)*N(Tasks!$G$8),2,IF(Tasks!$M$8=4,3,1))) | ... AG10: =IF(OR(Tasks!$M$8=0,Tasks!$E$8>=AG$7+7,Tasks!$F$8<AG$7),0,IF(AG$7+3.5<Tasks!$E$8+(Tasks!$F$8-Tasks!$E$8+1)*N(Tasks!$G$8),2,IF(Tasks!$M$8=4,3,1)))
B11: =IF(Tasks!$C$9="","",Tasks!$A$9) | C11: =IF(Tasks!$C$9="","",Tasks!$C$9) | D11: =IF(Tasks!$C$9="","",Tasks!$D$9&"") | E11: =IF(N(Tasks!$E$9)=0,"",Tasks!$E$9) | F11: =IF(N(Tasks!$F$9)=0,"",Tasks!$F$9) | G11: =IF(Tasks!$C$9="","",N(Tasks!$G$9)) | H11: =IF(OR(Tasks!$M$9=0,Tasks!$E$9>=H$7+7,Tasks!$F$9<H$7),0,IF(H$7+3.5<Tasks!$E$9+(Tasks!$F$9-Tasks!$E$9+1)*N(Tasks!$G$9),2,IF(Tasks!$M$9=4,3,1))) | I11: =IF(OR(Tasks!$M$9=0,Tasks!$E$9>=I$7+7,Tasks!$F$9<I$7),0,IF(I$7+3.5<Tasks!$E$9+(Tasks!$F$9-Tasks!$E$9+1)*N(Tasks!$G$9),2,IF(Tasks!$M$9=4,3,1))) | J11: =IF(OR(Tasks!$M$9=0,Tasks!$E$9>=J$7+7,Tasks!$F$9<J$7),0,IF(J$7+3.5<Tasks!$E$9+(Tasks!$F$9-Tasks!$E$9+1)*N(Tasks!$G$9),2,IF(Tasks!$M$9=4,3,1))) | K11: =IF(OR(Tasks!$M$9=0,Tasks!$E$9>=K$7+7,Tasks!$F$9<K$7),0,IF(K$7+3.5<Tasks!$E$9+(Tasks!$F$9-Tasks!$E$9+1)*N(Tasks!$G$9),2,IF(Tasks!$M$9=4,3,1))) | L11: =IF(OR(Tasks!$M$9=0,Tasks!$E$9>=L$7+7,Tasks!$F$9<L$7),0,IF(L$7+3.5<Tasks!$E$9+(Tasks!$F$9-Tasks!$E$9+1)*N(Tasks!$G$9),2,IF(Tasks!$M$9=4,3,1))) | M11: =IF(OR(Tasks!$M$9=0,Tasks!$E$9>=M$7+7,Tasks!$F$9<M$7),0,IF(M$7+3.5<Tasks!$E$9+(Tasks!$F$9-Tasks!$E$9+1)*N(Tasks!$G$9),2,IF(Tasks!$M$9=4,3,1))) | N11: =IF(OR(Tasks!$M$9=0,Tasks!$E$9>=N$7+7,Tasks!$F$9<N$7),0,IF(N$7+3.5<Tasks!$E$9+(Tasks!$F$9-Tasks!$E$9+1)*N(Tasks!$G$9),2,IF(Tasks!$M$9=4,3,1))) | O11: =IF(OR(Tasks!$M$9=0,Tasks!$E$9>=O$7+7,Tasks!$F$9<O$7),0,IF(O$7+3.5<Tasks!$E$9+(Tasks!$F$9-Tasks!$E$9+1)*N(Tasks!$G$9),2,IF(Tasks!$M$9=4,3,1))) | ... AG11: =IF(OR(Tasks!$M$9=0,Tasks!$E$9>=AG$7+7,Tasks!$F$9<AG$7),0,IF(AG$7+3.5<Tasks!$E$9+(Tasks!$F$9-Tasks!$E$9+1)*N(Tasks!$G$9),2,IF(Tasks!$M$9=4,3,1)))
B12: =IF(Tasks!$C$10="","",Tasks!$A$10) | C12: =IF(Tasks!$C$10="","",Tasks!$C$10) | D12: =IF(Tasks!$C$10="","",Tasks!$D$10&"") | E12: =IF(N(Tasks!$E$10)=0,"",Tasks!$E$10) | F12: =IF(N(Tasks!$F$10)=0,"",Tasks!$F$10) | G12: =IF(Tasks!$C$10="","",N(Tasks!$G$10)) | H12: =IF(OR(Tasks!$M$10=0,Tasks!$E$10>=H$7+7,Tasks!$F$10<H$7),0,IF(H$7+3.5<Tasks!$E$10+(Tasks!$F$10-Tasks!$E$10+1)*N(Tasks!$G$10),2,IF(Tasks!$M$10=4,3,1))) | I12: =IF(OR(Tasks!$M$10=0,Tasks!$E$10>=I$7+7,Tasks!$F$10<I$7),0,IF(I$7+3.5<Tasks!$E$10+(Tasks!$F$10-Tasks!$E$10+1)*N(Tasks!$G$10),2,IF(Tasks!$M$10=4,3,1))) | J12: =IF(OR(Tasks!$M$10=0,Tasks!$E$10>=J$7+7,Tasks!$F$10<J$7),0,IF(J$7+3.5<Tasks!$E$10+(Tasks!$F$10-Tasks!$E$10+1)*N(Tasks!$G$10),2,IF(Tasks!$M$10=4,3,1))) | K12: =IF(OR(Tasks!$M$10=0,Tasks!$E$10>=K$7+7,Tasks!$F$10<K$7),0,IF(K$7+3.5<Tasks!$E$10+(Tasks!$F$10-Tasks!$E$10+1)*N(Tasks!$G$10),2,IF(Tasks!$M$10=4,3,1))) | L12: =IF(OR(Tasks!$M$10=0,Tasks!$E$10>=L$7+7,Tasks!$F$10<L$7),0,IF(L$7+3.5<Tasks!$E$10+(Tasks!$F$10-Tasks!$E$10+1)*N(Tasks!$G$10),2,IF(Tasks!$M$10=4,3,1))) | M12: =IF(OR(Tasks!$M$10=0,Tasks!$E$10>=M$7+7,Tasks!$F$10<M$7),0,IF(M$7+3.5<Tasks!$E$10+(Tasks!$F$10-Tasks!$E$10+1)*N(Tasks!$G$10),2,IF(Tasks!$M$10=4,3,1))) | N12: =IF(OR(Tasks!$M$10=0,Tasks!$E$10>=N$7+7,Tasks!$F$10<N$7),0,IF(N$7+3.5<Tasks!$E$10+(Tasks!$F$10-Tasks!$E$10+1)*N(Tasks!$G$10),2,IF(Tasks!$M$10=4,3,1))) | O12: =IF(OR(Tasks!$M$10=0,Tasks!$E$10>=O$7+7,Tasks!$F$10<O$7),0,IF(O$7+3.5<Tasks!$E$10+(Tasks!$F$10-Tasks!$E$10+1)*N(Tasks!$G$10),2,IF(Tasks!$M$10=4,3,1))) | ... AG12: =IF(OR(Tasks!$M$10=0,Tasks!$E$10>=AG$7+7,Tasks!$F$10<AG$7),0,IF(AG$7+3.5<Tasks!$E$10+(Tasks!$F$10-Tasks!$E$10+1)*N(Tasks!$G$10),2,IF(Tasks!$M$10=4,3,1)))
B13: =IF(Tasks!$C$11="","",Tasks!$A$11) | C13: =IF(Tasks!$C$11="","",Tasks!$C$11) | D13: =IF(Tasks!$C$11="","",Tasks!$D$11&"") | E13: =IF(N(Tasks!$E$11)=0,"",Tasks!$E$11) | F13: =IF(N(Tasks!$F$11)=0,"",Tasks!$F$11) | G13: =IF(Tasks!$C$11="","",N(Tasks!$G$11)) | H13: =IF(OR(Tasks!$M$11=0,Tasks!$E$11>=H$7+7,Tasks!$F$11<H$7),0,IF(H$7+3.5<Tasks!$E$11+(Tasks!$F$11-Tasks!$E$11+1)*N(Tasks!$G$11),2,IF(Tasks!$M$11=4,3,1))) | I13: =IF(OR(Tasks!$M$11=0,Tasks!$E$11>=I$7+7,Tasks!$F$11<I$7),0,IF(I$7+3.5<Tasks!$E$11+(Tasks!$F$11-Tasks!$E$11+1)*N(Tasks!$G$11),2,IF(Tasks!$M$11=4,3,1))) | J13: =IF(OR(Tasks!$M$11=0,Tasks!$E$11>=J$7+7,Tasks!$F$11<J$7),0,IF(J$7+3.5<Tasks!$E$11+(Tasks!$F$11-Tasks!$E$11+1)*N(Tasks!$G$11),2,IF(Tasks!$M$11=4,3,1))) | K13: =IF(OR(Tasks!$M$11=0,Tasks!$E$11>=K$7+7,Tasks!$F$11<K$7),0,IF(K$7+3.5<Tasks!$E$11+(Tasks!$F$11-Tasks!$E$11+1)*N(Tasks!$G$11),2,IF(Tasks!$M$11=4,3,1))) | L13: =IF(OR(Tasks!$M$11=0,Tasks!$E$11>=L$7+7,Tasks!$F$11<L$7),0,IF(L$7+3.5<Tasks!$E$11+(Tasks!$F$11-Tasks!$E$11+1)*N(Tasks!$G$11),2,IF(Tasks!$M$11=4,3,1))) | M13: =IF(OR(Tasks!$M$11=0,Tasks!$E$11>=M$7+7,Tasks!$F$11<M$7),0,IF(M$7+3.5<Tasks!$E$11+(Tasks!$F$11-Tasks!$E$11+1)*N(Tasks!$G$11),2,IF(Tasks!$M$11=4,3,1))) | N13: =IF(OR(Tasks!$M$11=0,Tasks!$E$11>=N$7+7,Tasks!$F$11<N$7),0,IF(N$7+3.5<Tasks!$E$11+(Tasks!$F$11-Tasks!$E$11+1)*N(Tasks!$G$11),2,IF(Tasks!$M$11=4,3,1))) | O13: =IF(OR(Tasks!$M$11=0,Tasks!$E$11>=O$7+7,Tasks!$F$11<O$7),0,IF(O$7+3.5<Tasks!$E$11+(Tasks!$F$11-Tasks!$E$11+1)*N(Tasks!$G$11),2,IF(Tasks!$M$11=4,3,1))) | ... AG13: =IF(OR(Tasks!$M$11=0,Tasks!$E$11>=AG$7+7,Tasks!$F$11<AG$7),0,IF(AG$7+3.5<Tasks!$E$11+(Tasks!$F$11-Tasks!$E$11+1)*N(Tasks!$G$11),2,IF(Tasks!$M$11=4,3,1)))
B14: =IF(Tasks!$C$12="","",Tasks!$A$12) | C14: =IF(Tasks!$C$12="","",Tasks!$C$12) | D14: =IF(Tasks!$C$12="","",Tasks!$D$12&"") | E14: =IF(N(Tasks!$E$12)=0,"",Tasks!$E$12) | F14: =IF(N(Tasks!$F$12)=0,"",Tasks!$F$12) | G14: =IF(Tasks!$C$12="","",N(Tasks!$G$12)) | H14: =IF(OR(Tasks!$M$12=0,Tasks!$E$12>=H$7+7,Tasks!$F$12<H$7),0,IF(H$7+3.5<Tasks!$E$12+(Tasks!$F$12-Tasks!$E$12+1)*N(Tasks!$G$12),2,IF(Tasks!$M$12=4,3,1))) | I14: =IF(OR(Tasks!$M$12=0,Tasks!$E$12>=I$7+7,Tasks!$F$12<I$7),0,IF(I$7+3.5<Tasks!$E$12+(Tasks!$F$12-Tasks!$E$12+1)*N(Tasks!$G$12),2,IF(Tasks!$M$12=4,3,1))) | J14: =IF(OR(Tasks!$M$12=0,Tasks!$E$12>=J$7+7,Tasks!$F$12<J$7),0,IF(J$7+3.5<Tasks!$E$12+(Tasks!$F$12-Tasks!$E$12+1)*N(Tasks!$G$12),2,IF(Tasks!$M$12=4,3,1))) | K14: =IF(OR(Tasks!$M$12=0,Tasks!$E$12>=K$7+7,Tasks!$F$12<K$7),0,IF(K$7+3.5<Tasks!$E$12+(Tasks!$F$12-Tasks!$E$12+1)*N(Tasks!$G$12),2,IF(Tasks!$M$12=4,3,1))) | L14: =IF(OR(Tasks!$M$12=0,Tasks!$E$12>=L$7+7,Tasks!$F$12<L$7),0,IF(L$7+3.5<Tasks!$E$12+(Tasks!$F$12-Tasks!$E$12+1)*N(Tasks!$G$12),2,IF(Tasks!$M$12=4,3,1))) | M14: =IF(OR(Tasks!$M$12=0,Tasks!$E$12>=M$7+7,Tasks!$F$12<M$7),0,IF(M$7+3.5<Tasks!$E$12+(Tasks!$F$12-Tasks!$E$12+1)*N(Tasks!$G$12),2,IF(Tasks!$M$12=4,3,1))) | N14: =IF(OR(Tasks!$M$12=0,Tasks!$E$12>=N$7+7,Tasks!$F$12<N$7),0,IF(N$7+3.5<Tasks!$E$12+(Tasks!$F$12-Tasks!$E$12+1)*N(Tasks!$G$12),2,IF(Tasks!$M$12=4,3,1))) | O14: =IF(OR(Tasks!$M$12=0,Tasks!$E$12>=O$7+7,Tasks!$F$12<O$7),0,IF(O$7+3.5<Tasks!$E$12+(Tasks!$F$12-Tasks!$E$12+1)*N(Tasks!$G$12),2,IF(Tasks!$M$12=4,3,1))) | ... AG14: =IF(OR(Tasks!$M$12=0,Tasks!$E$12>=AG$7+7,Tasks!$F$12<AG$7),0,IF(AG$7+3.5<Tasks!$E$12+(Tasks!$F$12-Tasks!$E$12+1)*N(Tasks!$G$12),2,IF(Tasks!$M$12=4,3,1)))
B15: =IF(Tasks!$C$13="","",Tasks!$A$13) | C15: =IF(Tasks!$C$13="","",Tasks!$C$13) | D15: =IF(Tasks!$C$13="","",Tasks!$D$13&"") | E15: =IF(N(Tasks!$E$13)=0,"",Tasks!$E$13) | F15: =IF(N(Tasks!$F$13)=0,"",Tasks!$F$13) | G15: =IF(Tasks!$C$13="","",N(Tasks!$G$13)) | H15: =IF(OR(Tasks!$M$13=0,Tasks!$E$13>=H$7+7,Tasks!$F$13<H$7),0,IF(H$7+3.5<Tasks!$E$13+(Tasks!$F$13-Tasks!$E$13+1)*N(Tasks!$G$13),2,IF(Tasks!$M$13=4,3,1))) | I15: =IF(OR(Tasks!$M$13=0,Tasks!$E$13>=I$7+7,Tasks!$F$13<I$7),0,IF(I$7+3.5<Tasks!$E$13+(Tasks!$F$13-Tasks!$E$13+1)*N(Tasks!$G$13),2,IF(Tasks!$M$13=4,3,1))) | J15: =IF(OR(Tasks!$M$13=0,Tasks!$E$13>=J$7+7,Tasks!$F$13<J$7),0,IF(J$7+3.5<Tasks!$E$13+(Tasks!$F$13-Tasks!$E$13+1)*N(Tasks!$G$13),2,IF(Tasks!$M$13=4,3,1))) | K15: =IF(OR(Tasks!$M$13=0,Tasks!$E$13>=K$7+7,Tasks!$F$13<K$7),0,IF(K$7+3.5<Tasks!$E$13+(Tasks!$F$13-Tasks!$E$13+1)*N(Tasks!$G$13),2,IF(Tasks!$M$13=4,3,1))) | L15: =IF(OR(Tasks!$M$13=0,Tasks!$E$13>=L$7+7,Tasks!$F$13<L$7),0,IF(L$7+3.5<Tasks!$E$13+(Tasks!$F$13-Tasks!$E$13+1)*N(Tasks!$G$13),2,IF(Tasks!$M$13=4,3,1))) | M15: =IF(OR(Tasks!$M$13=0,Tasks!$E$13>=M$7+7,Tasks!$F$13<M$7),0,IF(M$7+3.5<Tasks!$E$13+(Tasks!$F$13-Tasks!$E$13+1)*N(Tasks!$G$13),2,IF(Tasks!$M$13=4,3,1))) | N15: =IF(OR(Tasks!$M$13=0,Tasks!$E$13>=N$7+7,Tasks!$F$13<N$7),0,IF(N$7+3.5<Tasks!$E$13+(Tasks!$F$13-Tasks!$E$13+1)*N(Tasks!$G$13),2,IF(Tasks!$M$13=4,3,1))) | O15: =IF(OR(Tasks!$M$13=0,Tasks!$E$13>=O$7+7,Tasks!$F$13<O$7),0,IF(O$7+3.5<Tasks!$E$13+(Tasks!$F$13-Tasks!$E$13+1)*N(Tasks!$G$13),2,IF(Tasks!$M$13=4,3,1))) | ... AG15: =IF(OR(Tasks!$M$13=0,Tasks!$E$13>=AG$7+7,Tasks!$F$13<AG$7),0,IF(AG$7+3.5<Tasks!$E$13+(Tasks!$F$13-Tasks!$E$13+1)*N(Tasks!$G$13),2,IF(Tasks!$M$13=4,3,1)))
B16: =IF(Tasks!$C$14="","",Tasks!$A$14) | C16: =IF(Tasks!$C$14="","",Tasks!$C$14) | D16: =IF(Tasks!$C$14="","",Tasks!$D$14&"") | E16: =IF(N(Tasks!$E$14)=0,"",Tasks!$E$14) | F16: =IF(N(Tasks!$F$14)=0,"",Tasks!$F$14) | G16: =IF(Tasks!$C$14="","",N(Tasks!$G$14)) | H16: =IF(OR(Tasks!$M$14=0,Tasks!$E$14>=H$7+7,Tasks!$F$14<H$7),0,IF(H$7+3.5<Tasks!$E$14+(Tasks!$F$14-Tasks!$E$14+1)*N(Tasks!$G$14),2,IF(Tasks!$M$14=4,3,1))) | I16: =IF(OR(Tasks!$M$14=0,Tasks!$E$14>=I$7+7,Tasks!$F$14<I$7),0,IF(I$7+3.5<Tasks!$E$14+(Tasks!$F$14-Tasks!$E$14+1)*N(Tasks!$G$14),2,IF(Tasks!$M$14=4,3,1))) | J16: =IF(OR(Tasks!$M$14=0,Tasks!$E$14>=J$7+7,Tasks!$F$14<J$7),0,IF(J$7+3.5<Tasks!$E$14+(Tasks!$F$14-Tasks!$E$14+1)*N(Tasks!$G$14),2,IF(Tasks!$M$14=4,3,1))) | K16: =IF(OR(Tasks!$M$14=0,Tasks!$E$14>=K$7+7,Tasks!$F$14<K$7),0,IF(K$7+3.5<Tasks!$E$14+(Tasks!$F$14-Tasks!$E$14+1)*N(Tasks!$G$14),2,IF(Tasks!$M$14=4,3,1))) | L16: =IF(OR(Tasks!$M$14=0,Tasks!$E$14>=L$7+7,Tasks!$F$14<L$7),0,IF(L$7+3.5<Tasks!$E$14+(Tasks!$F$14-Tasks!$E$14+1)*N(Tasks!$G$14),2,IF(Tasks!$M$14=4,3,1))) | M16: =IF(OR(Tasks!$M$14=0,Tasks!$E$14>=M$7+7,Tasks!$F$14<M$7),0,IF(M$7+3.5<Tasks!$E$14+(Tasks!$F$14-Tasks!$E$14+1)*N(Tasks!$G$14),2,IF(Tasks!$M$14=4,3,1))) | N16: =IF(OR(Tasks!$M$14=0,Tasks!$E$14>=N$7+7,Tasks!$F$14<N$7),0,IF(N$7+3.5<Tasks!$E$14+(Tasks!$F$14-Tasks!$E$14+1)*N(Tasks!$G$14),2,IF(Tasks!$M$14=4,3,1))) | O16: =IF(OR(Tasks!$M$14=0,Tasks!$E$14>=O$7+7,Tasks!$F$14<O$7),0,IF(O$7+3.5<Tasks!$E$14+(Tasks!$F$14-Tasks!$E$14+1)*N(Tasks!$G$14),2,IF(Tasks!$M$14=4,3,1))) | ... AG16: =IF(OR(Tasks!$M$14=0,Tasks!$E$14>=AG$7+7,Tasks!$F$14<AG$7),0,IF(AG$7+3.5<Tasks!$E$14+(Tasks!$F$14-Tasks!$E$14+1)*N(Tasks!$G$14),2,IF(Tasks!$M$14=4,3,1)))
B17: =IF(Tasks!$C$15="","",Tasks!$A$15) | C17: =IF(Tasks!$C$15="","",Tasks!$C$15) | D17: =IF(Tasks!$C$15="","",Tasks!$D$15&"") | E17: =IF(N(Tasks!$E$15)=0,"",Tasks!$E$15) | F17: =IF(N(Tasks!$F$15)=0,"",Tasks!$F$15) | G17: =IF(Tasks!$C$15="","",N(Tasks!$G$15)) | H17: =IF(OR(Tasks!$M$15=0,Tasks!$E$15>=H$7+7,Tasks!$F$15<H$7),0,IF(H$7+3.5<Tasks!$E$15+(Tasks!$F$15-Tasks!$E$15+1)*N(Tasks!$G$15),2,IF(Tasks!$M$15=4,3,1))) | I17: =IF(OR(Tasks!$M$15=0,Tasks!$E$15>=I$7+7,Tasks!$F$15<I$7),0,IF(I$7+3.5<Tasks!$E$15+(Tasks!$F$15-Tasks!$E$15+1)*N(Tasks!$G$15),2,IF(Tasks!$M$15=4,3,1))) | J17: =IF(OR(Tasks!$M$15=0,Tasks!$E$15>=J$7+7,Tasks!$F$15<J$7),0,IF(J$7+3.5<Tasks!$E$15+(Tasks!$F$15-Tasks!$E$15+1)*N(Tasks!$G$15),2,IF(Tasks!$M$15=4,3,1))) | K17: =IF(OR(Tasks!$M$15=0,Tasks!$E$15>=K$7+7,Tasks!$F$15<K$7),0,IF(K$7+3.5<Tasks!$E$15+(Tasks!$F$15-Tasks!$E$15+1)*N(Tasks!$G$15),2,IF(Tasks!$M$15=4,3,1))) | L17: =IF(OR(Tasks!$M$15=0,Tasks!$E$15>=L$7+7,Tasks!$F$15<L$7),0,IF(L$7+3.5<Tasks!$E$15+(Tasks!$F$15-Tasks!$E$15+1)*N(Tasks!$G$15),2,IF(Tasks!$M$15=4,3,1))) | M17: =IF(OR(Tasks!$M$15=0,Tasks!$E$15>=M$7+7,Tasks!$F$15<M$7),0,IF(M$7+3.5<Tasks!$E$15+(Tasks!$F$15-Tasks!$E$15+1)*N(Tasks!$G$15),2,IF(Tasks!$M$15=4,3,1))) | N17: =IF(OR(Tasks!$M$15=0,Tasks!$E$15>=N$7+7,Tasks!$F$15<N$7),0,IF(N$7+3.5<Tasks!$E$15+(Tasks!$F$15-Tasks!$E$15+1)*N(Tasks!$G$15),2,IF(Tasks!$M$15=4,3,1))) | O17: =IF(OR(Tasks!$M$15=0,Tasks!$E$15>=O$7+7,Tasks!$F$15<O$7),0,IF(O$7+3.5<Tasks!$E$15+(Tasks!$F$15-Tasks!$E$15+1)*N(Tasks!$G$15),2,IF(Tasks!$M$15=4,3,1))) | ... AG17: =IF(OR(Tasks!$M$15=0,Tasks!$E$15>=AG$7+7,Tasks!$F$15<AG$7),0,IF(AG$7+3.5<Tasks!$E$15+(Tasks!$F$15-Tasks!$E$15+1)*N(Tasks!$G$15),2,IF(Tasks!$M$15=4,3,1)))
B18: =IF(Tasks!$C$16="","",Tasks!$A$16) | C18: =IF(Tasks!$C$16="","",Tasks!$C$16) | D18: =IF(Tasks!$C$16="","",Tasks!$D$16&"") | E18: =IF(N(Tasks!$E$16)=0,"",Tasks!$E$16) | F18: =IF(N(Tasks!$F$16)=0,"",Tasks!$F$16) | G18: =IF(Tasks!$C$16="","",N(Tasks!$G$16)) | H18: =IF(OR(Tasks!$M$16=0,Tasks!$E$16>=H$7+7,Tasks!$F$16<H$7),0,IF(H$7+3.5<Tasks!$E$16+(Tasks!$F$16-Tasks!$E$16+1)*N(Tasks!$G$16),2,IF(Tasks!$M$16=4,3,1))) | I18: =IF(OR(Tasks!$M$16=0,Tasks!$E$16>=I$7+7,Tasks!$F$16<I$7),0,IF(I$7+3.5<Tasks!$E$16+(Tasks!$F$16-Tasks!$E$16+1)*N(Tasks!$G$16),2,IF(Tasks!$M$16=4,3,1))) | J18: =IF(OR(Tasks!$M$16=0,Tasks!$E$16>=J$7+7,Tasks!$F$16<J$7),0,IF(J$7+3.5<Tasks!$E$16+(Tasks!$F$16-Tasks!$E$16+1)*N(Tasks!$G$16),2,IF(Tasks!$M$16=4,3,1))) | K18: =IF(OR(Tasks!$M$16=0,Tasks!$E$16>=K$7+7,Tasks!$F$16<K$7),0,IF(K$7+3.5<Tasks!$E$16+(Tasks!$F$16-Tasks!$E$16+1)*N(Tasks!$G$16),2,IF(Tasks!$M$16=4,3,1))) | L18: =IF(OR(Tasks!$M$16=0,Tasks!$E$16>=L$7+7,Tasks!$F$16<L$7),0,IF(L$7+3.5<Tasks!$E$16+(Tasks!$F$16-Tasks!$E$16+1)*N(Tasks!$G$16),2,IF(Tasks!$M$16=4,3,1))) | M18: =IF(OR(Tasks!$M$16=0,Tasks!$E$16>=M$7+7,Tasks!$F$16<M$7),0,IF(M$7+3.5<Tasks!$E$16+(Tasks!$F$16-Tasks!$E$16+1)*N(Tasks!$G$16),2,IF(Tasks!$M$16=4,3,1))) | N18: =IF(OR(Tasks!$M$16=0,Tasks!$E$16>=N$7+7,Tasks!$F$16<N$7),0,IF(N$7+3.5<Tasks!$E$16+(Tasks!$F$16-Tasks!$E$16+1)*N(Tasks!$G$16),2,IF(Tasks!$M$16=4,3,1))) | O18: =IF(OR(Tasks!$M$16=0,Tasks!$E$16>=O$7+7,Tasks!$F$16<O$7),0,IF(O$7+3.5<Tasks!$E$16+(Tasks!$F$16-Tasks!$E$16+1)*N(Tasks!$G$16),2,IF(Tasks!$M$16=4,3,1))) | ... AG18: =IF(OR(Tasks!$M$16=0,Tasks!$E$16>=AG$7+7,Tasks!$F$16<AG$7),0,IF(AG$7+3.5<Tasks!$E$16+(Tasks!$F$16-Tasks!$E$16+1)*N(Tasks!$G$16),2,IF(Tasks!$M$16=4,3,1)))
B19: =IF(Tasks!$C$17="","",Tasks!$A$17) | C19: =IF(Tasks!$C$17="","",Tasks!$C$17) | D19: =IF(Tasks!$C$17="","",Tasks!$D$17&"") | E19: =IF(N(Tasks!$E$17)=0,"",Tasks!$E$17) | F19: =IF(N(Tasks!$F$17)=0,"",Tasks!$F$17) | G19: =IF(Tasks!$C$17="","",N(Tasks!$G$17)) | H19: =IF(OR(Tasks!$M$17=0,Tasks!$E$17>=H$7+7,Tasks!$F$17<H$7),0,IF(H$7+3.5<Tasks!$E$17+(Tasks!$F$17-Tasks!$E$17+1)*N(Tasks!$G$17),2,IF(Tasks!$M$17=4,3,1))) | I19: =IF(OR(Tasks!$M$17=0,Tasks!$E$17>=I$7+7,Tasks!$F$17<I$7),0,IF(I$7+3.5<Tasks!$E$17+(Tasks!$F$17-Tasks!$E$17+1)*N(Tasks!$G$17),2,IF(Tasks!$M$17=4,3,1))) | J19: =IF(OR(Tasks!$M$17=0,Tasks!$E$17>=J$7+7,Tasks!$F$17<J$7),0,IF(J$7+3.5<Tasks!$E$17+(Tasks!$F$17-Tasks!$E$17+1)*N(Tasks!$G$17),2,IF(Tasks!$M$17=4,3,1))) | K19: =IF(OR(Tasks!$M$17=0,Tasks!$E$17>=K$7+7,Tasks!$F$17<K$7),0,IF(K$7+3.5<Tasks!$E$17+(Tasks!$F$17-Tasks!$E$17+1)*N(Tasks!$G$17),2,IF(Tasks!$M$17=4,3,1))) | L19: =IF(OR(Tasks!$M$17=0,Tasks!$E$17>=L$7+7,Tasks!$F$17<L$7),0,IF(L$7+3.5<Tasks!$E$17+(Tasks!$F$17-Tasks!$E$17+1)*N(Tasks!$G$17),2,IF(Tasks!$M$17=4,3,1))) | M19: =IF(OR(Tasks!$M$17=0,Tasks!$E$17>=M$7+7,Tasks!$F$17<M$7),0,IF(M$7+3.5<Tasks!$E$17+(Tasks!$F$17-Tasks!$E$17+1)*N(Tasks!$G$17),2,IF(Tasks!$M$17=4,3,1))) | N19: =IF(OR(Tasks!$M$17=0,Tasks!$E$17>=N$7+7,Tasks!$F$17<N$7),0,IF(N$7+3.5<Tasks!$E$17+(Tasks!$F$17-Tasks!$E$17+1)*N(Tasks!$G$17),2,IF(Tasks!$M$17=4,3,1))) | O19: =IF(OR(Tasks!$M$17=0,Tasks!$E$17>=O$7+7,Tasks!$F$17<O$7),0,IF(O$7+3.5<Tasks!$E$17+(Tasks!$F$17-Tasks!$E$17+1)*N(Tasks!$G$17),2,IF(Tasks!$M$17=4,3,1))) | ... AG19: =IF(OR(Tasks!$M$17=0,Tasks!$E$17>=AG$7+7,Tasks!$F$17<AG$7),0,IF(AG$7+3.5<Tasks!$E$17+(Tasks!$F$17-Tasks!$E$17+1)*N(Tasks!$G$17),2,IF(Tasks!$M$17=4,3,1)))
B20: =IF(Tasks!$C$18="","",Tasks!$A$18) | C20: =IF(Tasks!$C$18="","",Tasks!$C$18) | D20: =IF(Tasks!$C$18="","",Tasks!$D$18&"") | E20: =IF(N(Tasks!$E$18)=0,"",Tasks!$E$18) | F20: =IF(N(Tasks!$F$18)=0,"",Tasks!$F$18) | G20: =IF(Tasks!$C$18="","",N(Tasks!$G$18)) | H20: =IF(OR(Tasks!$M$18=0,Tasks!$E$18>=H$7+7,Tasks!$F$18<H$7),0,IF(H$7+3.5<Tasks!$E$18+(Tasks!$F$18-Tasks!$E$18+1)*N(Tasks!$G$18),2,IF(Tasks!$M$18=4,3,1))) | I20: =IF(OR(Tasks!$M$18=0,Tasks!$E$18>=I$7+7,Tasks!$F$18<I$7),0,IF(I$7+3.5<Tasks!$E$18+(Tasks!$F$18-Tasks!$E$18+1)*N(Tasks!$G$18),2,IF(Tasks!$M$18=4,3,1))) | J20: =IF(OR(Tasks!$M$18=0,Tasks!$E$18>=J$7+7,Tasks!$F$18<J$7),0,IF(J$7+3.5<Tasks!$E$18+(Tasks!$F$18-Tasks!$E$18+1)*N(Tasks!$G$18),2,IF(Tasks!$M$18=4,3,1))) | K20: =IF(OR(Tasks!$M$18=0,Tasks!$E$18>=K$7+7,Tasks!$F$18<K$7),0,IF(K$7+3.5<Tasks!$E$18+(Tasks!$F$18-Tasks!$E$18+1)*N(Tasks!$G$18),2,IF(Tasks!$M$18=4,3,1))) | L20: =IF(OR(Tasks!$M$18=0,Tasks!$E$18>=L$7+7,Tasks!$F$18<L$7),0,IF(L$7+3.5<Tasks!$E$18+(Tasks!$F$18-Tasks!$E$18+1)*N(Tasks!$G$18),2,IF(Tasks!$M$18=4,3,1))) | M20: =IF(OR(Tasks!$M$18=0,Tasks!$E$18>=M$7+7,Tasks!$F$18<M$7),0,IF(M$7+3.5<Tasks!$E$18+(Tasks!$F$18-Tasks!$E$18+1)*N(Tasks!$G$18),2,IF(Tasks!$M$18=4,3,1))) | N20: =IF(OR(Tasks!$M$18=0,Tasks!$E$18>=N$7+7,Tasks!$F$18<N$7),0,IF(N$7+3.5<Tasks!$E$18+(Tasks!$F$18-Tasks!$E$18+1)*N(Tasks!$G$18),2,IF(Tasks!$M$18=4,3,1))) | O20: =IF(OR(Tasks!$M$18=0,Tasks!$E$18>=O$7+7,Tasks!$F$18<O$7),0,IF(O$7+3.5<Tasks!$E$18+(Tasks!$F$18-Tasks!$E$18+1)*N(Tasks!$G$18),2,IF(Tasks!$M$18=4,3,1))) | ... AG20: =IF(OR(Tasks!$M$18=0,Tasks!$E$18>=AG$7+7,Tasks!$F$18<AG$7),0,IF(AG$7+3.5<Tasks!$E$18+(Tasks!$F$18-Tasks!$E$18+1)*N(Tasks!$G$18),2,IF(Tasks!$M$18=4,3,1)))
B21: =IF(Tasks!$C$19="","",Tasks!$A$19) | C21: =IF(Tasks!$C$19="","",Tasks!$C$19) | D21: =IF(Tasks!$C$19="","",Tasks!$D$19&"") | E21: =IF(N(Tasks!$E$19)=0,"",Tasks!$E$19) | F21: =IF(N(Tasks!$F$19)=0,"",Tasks!$F$19) | G21: =IF(Tasks!$C$19="","",N(Tasks!$G$19)) | H21: =IF(OR(Tasks!$M$19=0,Tasks!$E$19>=H$7+7,Tasks!$F$19<H$7),0,IF(H$7+3.5<Tasks!$E$19+(Tasks!$F$19-Tasks!$E$19+1)*N(Tasks!$G$19),2,IF(Tasks!$M$19=4,3,1))) | I21: =IF(OR(Tasks!$M$19=0,Tasks!$E$19>=I$7+7,Tasks!$F$19<I$7),0,IF(I$7+3.5<Tasks!$E$19+(Tasks!$F$19-Tasks!$E$19+1)*N(Tasks!$G$19),2,IF(Tasks!$M$19=4,3,1))) | J21: =IF(OR(Tasks!$M$19=0,Tasks!$E$19>=J$7+7,Tasks!$F$19<J$7),0,IF(J$7+3.5<Tasks!$E$19+(Tasks!$F$19-Tasks!$E$19+1)*N(Tasks!$G$19),2,IF(Tasks!$M$19=4,3,1))) | K21: =IF(OR(Tasks!$M$19=0,Tasks!$E$19>=K$7+7,Tasks!$F$19<K$7),0,IF(K$7+3.5<Tasks!$E$19+(Tasks!$F$19-Tasks!$E$19+1)*N(Tasks!$G$19),2,IF(Tasks!$M$19=4,3,1))) | L21: =IF(OR(Tasks!$M$19=0,Tasks!$E$19>=L$7+7,Tasks!$F$19<L$7),0,IF(L$7+3.5<Tasks!$E$19+(Tasks!$F$19-Tasks!$E$19+1)*N(Tasks!$G$19),2,IF(Tasks!$M$19=4,3,1))) | M21: =IF(OR(Tasks!$M$19=0,Tasks!$E$19>=M$7+7,Tasks!$F$19<M$7),0,IF(M$7+3.5<Tasks!$E$19+(Tasks!$F$19-Tasks!$E$19+1)*N(Tasks!$G$19),2,IF(Tasks!$M$19=4,3,1))) | N21: =IF(OR(Tasks!$M$19=0,Tasks!$E$19>=N$7+7,Tasks!$F$19<N$7),0,IF(N$7+3.5<Tasks!$E$19+(Tasks!$F$19-Tasks!$E$19+1)*N(Tasks!$G$19),2,IF(Tasks!$M$19=4,3,1))) | O21: =IF(OR(Tasks!$M$19=0,Tasks!$E$19>=O$7+7,Tasks!$F$19<O$7),0,IF(O$7+3.5<Tasks!$E$19+(Tasks!$F$19-Tasks!$E$19+1)*N(Tasks!$G$19),2,IF(Tasks!$M$19=4,3,1))) | ... AG21: =IF(OR(Tasks!$M$19=0,Tasks!$E$19>=AG$7+7,Tasks!$F$19<AG$7),0,IF(AG$7+3.5<Tasks!$E$19+(Tasks!$F$19-Tasks!$E$19+1)*N(Tasks!$G$19),2,IF(Tasks!$M$19=4,3,1)))
B22: =IF(Tasks!$C$20="","",Tasks!$A$20) | C22: =IF(Tasks!$C$20="","",Tasks!$C$20) | D22: =IF(Tasks!$C$20="","",Tasks!$D$20&"") | E22: =IF(N(Tasks!$E$20)=0,"",Tasks!$E$20) | F22: =IF(N(Tasks!$F$20)=0,"",Tasks!$F$20) | G22: =IF(Tasks!$C$20="","",N(Tasks!$G$20)) | H22: =IF(OR(Tasks!$M$20=0,Tasks!$E$20>=H$7+7,Tasks!$F$20<H$7),0,IF(H$7+3.5<Tasks!$E$20+(Tasks!$F$20-Tasks!$E$20+1)*N(Tasks!$G$20),2,IF(Tasks!$M$20=4,3,1))) | I22: =IF(OR(Tasks!$M$20=0,Tasks!$E$20>=I$7+7,Tasks!$F$20<I$7),0,IF(I$7+3.5<Tasks!$E$20+(Tasks!$F$20-Tasks!$E$20+1)*N(Tasks!$G$20),2,IF(Tasks!$M$20=4,3,1))) | J22: =IF(OR(Tasks!$M$20=0,Tasks!$E$20>=J$7+7,Tasks!$F$20<J$7),0,IF(J$7+3.5<Tasks!$E$20+(Tasks!$F$20-Tasks!$E$20+1)*N(Tasks!$G$20),2,IF(Tasks!$M$20=4,3,1))) | K22: =IF(OR(Tasks!$M$20=0,Tasks!$E$20>=K$7+7,Tasks!$F$20<K$7),0,IF(K$7+3.5<Tasks!$E$20+(Tasks!$F$20-Tasks!$E$20+1)*N(Tasks!$G$20),2,IF(Tasks!$M$20=4,3,1))) | L22: =IF(OR(Tasks!$M$20=0,Tasks!$E$20>=L$7+7,Tasks!$F$20<L$7),0,IF(L$7+3.5<Tasks!$E$20+(Tasks!$F$20-Tasks!$E$20+1)*N(Tasks!$G$20),2,IF(Tasks!$M$20=4,3,1))) | M22: =IF(OR(Tasks!$M$20=0,Tasks!$E$20>=M$7+7,Tasks!$F$20<M$7),0,IF(M$7+3.5<Tasks!$E$20+(Tasks!$F$20-Tasks!$E$20+1)*N(Tasks!$G$20),2,IF(Tasks!$M$20=4,3,1))) | N22: =IF(OR(Tasks!$M$20=0,Tasks!$E$20>=N$7+7,Tasks!$F$20<N$7),0,IF(N$7+3.5<Tasks!$E$20+(Tasks!$F$20-Tasks!$E$20+1)*N(Tasks!$G$20),2,IF(Tasks!$M$20=4,3,1))) | O22: =IF(OR(Tasks!$M$20=0,Tasks!$E$20>=O$7+7,Tasks!$F$20<O$7),0,IF(O$7+3.5<Tasks!$E$20+(Tasks!$F$20-Tasks!$E$20+1)*N(Tasks!$G$20),2,IF(Tasks!$M$20=4,3,1))) | ... AG22: =IF(OR(Tasks!$M$20=0,Tasks!$E$20>=AG$7+7,Tasks!$F$20<AG$7),0,IF(AG$7+3.5<Tasks!$E$20+(Tasks!$F$20-Tasks!$E$20+1)*N(Tasks!$G$20),2,IF(Tasks!$M$20=4,3,1)))
B23: =IF(Tasks!$C$21="","",Tasks!$A$21) | C23: =IF(Tasks!$C$21="","",Tasks!$C$21) | D23: =IF(Tasks!$C$21="","",Tasks!$D$21&"") | E23: =IF(N(Tasks!$E$21)=0,"",Tasks!$E$21) | F23: =IF(N(Tasks!$F$21)=0,"",Tasks!$F$21) | G23: =IF(Tasks!$C$21="","",N(Tasks!$G$21)) | H23: =IF(OR(Tasks!$M$21=0,Tasks!$E$21>=H$7+7,Tasks!$F$21<H$7),0,IF(H$7+3.5<Tasks!$E$21+(Tasks!$F$21-Tasks!$E$21+1)*N(Tasks!$G$21),2,IF(Tasks!$M$21=4,3,1))) | I23: =IF(OR(Tasks!$M$21=0,Tasks!$E$21>=I$7+7,Tasks!$F$21<I$7),0,IF(I$7+3.5<Tasks!$E$21+(Tasks!$F$21-Tasks!$E$21+1)*N(Tasks!$G$21),2,IF(Tasks!$M$21=4,3,1))) | J23: =IF(OR(Tasks!$M$21=0,Tasks!$E$21>=J$7+7,Tasks!$F$21<J$7),0,IF(J$7+3.5<Tasks!$E$21+(Tasks!$F$21-Tasks!$E$21+1)*N(Tasks!$G$21),2,IF(Tasks!$M$21=4,3,1))) | K23: =IF(OR(Tasks!$M$21=0,Tasks!$E$21>=K$7+7,Tasks!$F$21<K$7),0,IF(K$7+3.5<Tasks!$E$21+(Tasks!$F$21-Tasks!$E$21+1)*N(Tasks!$G$21),2,IF(Tasks!$M$21=4,3,1))) | L23: =IF(OR(Tasks!$M$21=0,Tasks!$E$21>=L$7+7,Tasks!$F$21<L$7),0,IF(L$7+3.5<Tasks!$E$21+(Tasks!$F$21-Tasks!$E$21+1)*N(Tasks!$G$21),2,IF(Tasks!$M$21=4,3,1))) | M23: =IF(OR(Tasks!$M$21=0,Tasks!$E$21>=M$7+7,Tasks!$F$21<M$7),0,IF(M$7+3.5<Tasks!$E$21+(Tasks!$F$21-Tasks!$E$21+1)*N(Tasks!$G$21),2,IF(Tasks!$M$21=4,3,1))) | N23: =IF(OR(Tasks!$M$21=0,Tasks!$E$21>=N$7+7,Tasks!$F$21<N$7),0,IF(N$7+3.5<Tasks!$E$21+(Tasks!$F$21-Tasks!$E$21+1)*N(Tasks!$G$21),2,IF(Tasks!$M$21=4,3,1))) | O23: =IF(OR(Tasks!$M$21=0,Tasks!$E$21>=O$7+7,Tasks!$F$21<O$7),0,IF(O$7+3.5<Tasks!$E$21+(Tasks!$F$21-Tasks!$E$21+1)*N(Tasks!$G$21),2,IF(Tasks!$M$21=4,3,1))) | ... AG23: =IF(OR(Tasks!$M$21=0,Tasks!$E$21>=AG$7+7,Tasks!$F$21<AG$7),0,IF(AG$7+3.5<Tasks!$E$21+(Tasks!$F$21-Tasks!$E$21+1)*N(Tasks!$G$21),2,IF(Tasks!$M$21=4,3,1)))
B24: =IF(Tasks!$C$22="","",Tasks!$A$22) | C24: =IF(Tasks!$C$22="","",Tasks!$C$22) | D24: =IF(Tasks!$C$22="","",Tasks!$D$22&"") | E24: =IF(N(Tasks!$E$22)=0,"",Tasks!$E$22) | F24: =IF(N(Tasks!$F$22)=0,"",Tasks!$F$22) | G24: =IF(Tasks!$C$22="","",N(Tasks!$G$22)) | H24: =IF(OR(Tasks!$M$22=0,Tasks!$E$22>=H$7+7,Tasks!$F$22<H$7),0,IF(H$7+3.5<Tasks!$E$22+(Tasks!$F$22-Tasks!$E$22+1)*N(Tasks!$G$22),2,IF(Tasks!$M$22=4,3,1))) | I24: =IF(OR(Tasks!$M$22=0,Tasks!$E$22>=I$7+7,Tasks!$F$22<I$7),0,IF(I$7+3.5<Tasks!$E$22+(Tasks!$F$22-Tasks!$E$22+1)*N(Tasks!$G$22),2,IF(Tasks!$M$22=4,3,1))) | J24: =IF(OR(Tasks!$M$22=0,Tasks!$E$22>=J$7+7,Tasks!$F$22<J$7),0,IF(J$7+3.5<Tasks!$E$22+(Tasks!$F$22-Tasks!$E$22+1)*N(Tasks!$G$22),2,IF(Tasks!$M$22=4,3,1))) | K24: =IF(OR(Tasks!$M$22=0,Tasks!$E$22>=K$7+7,Tasks!$F$22<K$7),0,IF(K$7+3.5<Tasks!$E$22+(Tasks!$F$22-Tasks!$E$22+1)*N(Tasks!$G$22),2,IF(Tasks!$M$22=4,3,1))) | L24: =IF(OR(Tasks!$M$22=0,Tasks!$E$22>=L$7+7,Tasks!$F$22<L$7),0,IF(L$7+3.5<Tasks!$E$22+(Tasks!$F$22-Tasks!$E$22+1)*N(Tasks!$G$22),2,IF(Tasks!$M$22=4,3,1))) | M24: =IF(OR(Tasks!$M$22=0,Tasks!$E$22>=M$7+7,Tasks!$F$22<M$7),0,IF(M$7+3.5<Tasks!$E$22+(Tasks!$F$22-Tasks!$E$22+1)*N(Tasks!$G$22),2,IF(Tasks!$M$22=4,3,1))) | N24: =IF(OR(Tasks!$M$22=0,Tasks!$E$22>=N$7+7,Tasks!$F$22<N$7),0,IF(N$7+3.5<Tasks!$E$22+(Tasks!$F$22-Tasks!$E$22+1)*N(Tasks!$G$22),2,IF(Tasks!$M$22=4,3,1))) | O24: =IF(OR(Tasks!$M$22=0,Tasks!$E$22>=O$7+7,Tasks!$F$22<O$7),0,IF(O$7+3.5<Tasks!$E$22+(Tasks!$F$22-Tasks!$E$22+1)*N(Tasks!$G$22),2,IF(Tasks!$M$22=4,3,1))) | ... AG24: =IF(OR(Tasks!$M$22=0,Tasks!$E$22>=AG$7+7,Tasks!$F$22<AG$7),0,IF(AG$7+3.5<Tasks!$E$22+(Tasks!$F$22-Tasks!$E$22+1)*N(Tasks!$G$22),2,IF(Tasks!$M$22=4,3,1)))
B25: =IF(Tasks!$C$23="","",Tasks!$A$23) | C25: =IF(Tasks!$C$23="","",Tasks!$C$23) | D25: =IF(Tasks!$C$23="","",Tasks!$D$23&"") | E25: =IF(N(Tasks!$E$23)=0,"",Tasks!$E$23) | F25: =IF(N(Tasks!$F$23)=0,"",Tasks!$F$23) | G25: =IF(Tasks!$C$23="","",N(Tasks!$G$23)) | H25: =IF(OR(Tasks!$M$23=0,Tasks!$E$23>=H$7+7,Tasks!$F$23<H$7),0,IF(H$7+3.5<Tasks!$E$23+(Tasks!$F$23-Tasks!$E$23+1)*N(Tasks!$G$23),2,IF(Tasks!$M$23=4,3,1))) | I25: =IF(OR(Tasks!$M$23=0,Tasks!$E$23>=I$7+7,Tasks!$F$23<I$7),0,IF(I$7+3.5<Tasks!$E$23+(Tasks!$F$23-Tasks!$E$23+1)*N(Tasks!$G$23),2,IF(Tasks!$M$23=4,3,1))) | J25: =IF(OR(Tasks!$M$23=0,Tasks!$E$23>=J$7+7,Tasks!$F$23<J$7),0,IF(J$7+3.5<Tasks!$E$23+(Tasks!$F$23-Tasks!$E$23+1)*N(Tasks!$G$23),2,IF(Tasks!$M$23=4,3,1))) | K25: =IF(OR(Tasks!$M$23=0,Tasks!$E$23>=K$7+7,Tasks!$F$23<K$7),0,IF(K$7+3.5<Tasks!$E$23+(Tasks!$F$23-Tasks!$E$23+1)*N(Tasks!$G$23),2,IF(Tasks!$M$23=4,3,1))) | L25: =IF(OR(Tasks!$M$23=0,Tasks!$E$23>=L$7+7,Tasks!$F$23<L$7),0,IF(L$7+3.5<Tasks!$E$23+(Tasks!$F$23-Tasks!$E$23+1)*N(Tasks!$G$23),2,IF(Tasks!$M$23=4,3,1))) | M25: =IF(OR(Tasks!$M$23=0,Tasks!$E$23>=M$7+7,Tasks!$F$23<M$7),0,IF(M$7+3.5<Tasks!$E$23+(Tasks!$F$23-Tasks!$E$23+1)*N(Tasks!$G$23),2,IF(Tasks!$M$23=4,3,1))) | N25: =IF(OR(Tasks!$M$23=0,Tasks!$E$23>=N$7+7,Tasks!$F$23<N$7),0,IF(N$7+3.5<Tasks!$E$23+(Tasks!$F$23-Tasks!$E$23+1)*N(Tasks!$G$23),2,IF(Tasks!$M$23=4,3,1))) | O25: =IF(OR(Tasks!$M$23=0,Tasks!$E$23>=O$7+7,Tasks!$F$23<O$7),0,IF(O$7+3.5<Tasks!$E$23+(Tasks!$F$23-Tasks!$E$23+1)*N(Tasks!$G$23),2,IF(Tasks!$M$23=4,3,1))) | ... AG25: =IF(OR(Tasks!$M$23=0,Tasks!$E$23>=AG$7+7,Tasks!$F$23<AG$7),0,IF(AG$7+3.5<Tasks!$E$23+(Tasks!$F$23-Tasks!$E$23+1)*N(Tasks!$G$23),2,IF(Tasks!$M$23=4,3,1)))
B26: =IF(Tasks!$C$24="","",Tasks!$A$24) | C26: =IF(Tasks!$C$24="","",Tasks!$C$24) | D26: =IF(Tasks!$C$24="","",Tasks!$D$24&"") | E26: =IF(N(Tasks!$E$24)=0,"",Tasks!$E$24) | F26: =IF(N(Tasks!$F$24)=0,"",Tasks!$F$24) | G26: =IF(Tasks!$C$24="","",N(Tasks!$G$24)) | H26: =IF(OR(Tasks!$M$24=0,Tasks!$E$24>=H$7+7,Tasks!$F$24<H$7),0,IF(H$7+3.5<Tasks!$E$24+(Tasks!$F$24-Tasks!$E$24+1)*N(Tasks!$G$24),2,IF(Tasks!$M$24=4,3,1))) | I26: =IF(OR(Tasks!$M$24=0,Tasks!$E$24>=I$7+7,Tasks!$F$24<I$7),0,IF(I$7+3.5<Tasks!$E$24+(Tasks!$F$24-Tasks!$E$24+1)*N(Tasks!$G$24),2,IF(Tasks!$M$24=4,3,1))) | J26: =IF(OR(Tasks!$M$24=0,Tasks!$E$24>=J$7+7,Tasks!$F$24<J$7),0,IF(J$7+3.5<Tasks!$E$24+(Tasks!$F$24-Tasks!$E$24+1)*N(Tasks!$G$24),2,IF(Tasks!$M$24=4,3,1))) | K26: =IF(OR(Tasks!$M$24=0,Tasks!$E$24>=K$7+7,Tasks!$F$24<K$7),0,IF(K$7+3.5<Tasks!$E$24+(Tasks!$F$24-Tasks!$E$24+1)*N(Tasks!$G$24),2,IF(Tasks!$M$24=4,3,1))) | L26: =IF(OR(Tasks!$M$24=0,Tasks!$E$24>=L$7+7,Tasks!$F$24<L$7),0,IF(L$7+3.5<Tasks!$E$24+(Tasks!$F$24-Tasks!$E$24+1)*N(Tasks!$G$24),2,IF(Tasks!$M$24=4,3,1))) | M26: =IF(OR(Tasks!$M$24=0,Tasks!$E$24>=M$7+7,Tasks!$F$24<M$7),0,IF(M$7+3.5<Tasks!$E$24+(Tasks!$F$24-Tasks!$E$24+1)*N(Tasks!$G$24),2,IF(Tasks!$M$24=4,3,1))) | N26: =IF(OR(Tasks!$M$24=0,Tasks!$E$24>=N$7+7,Tasks!$F$24<N$7),0,IF(N$7+3.5<Tasks!$E$24+(Tasks!$F$24-Tasks!$E$24+1)*N(Tasks!$G$24),2,IF(Tasks!$M$24=4,3,1))) | O26: =IF(OR(Tasks!$M$24=0,Tasks!$E$24>=O$7+7,Tasks!$F$24<O$7),0,IF(O$7+3.5<Tasks!$E$24+(Tasks!$F$24-Tasks!$E$24+1)*N(Tasks!$G$24),2,IF(Tasks!$M$24=4,3,1))) | ... AG26: =IF(OR(Tasks!$M$24=0,Tasks!$E$24>=AG$7+7,Tasks!$F$24<AG$7),0,IF(AG$7+3.5<Tasks!$E$24+(Tasks!$F$24-Tasks!$E$24+1)*N(Tasks!$G$24),2,IF(Tasks!$M$24=4,3,1)))
B27: =IF(Tasks!$C$25="","",Tasks!$A$25) | C27: =IF(Tasks!$C$25="","",Tasks!$C$25) | D27: =IF(Tasks!$C$25="","",Tasks!$D$25&"") | E27: =IF(N(Tasks!$E$25)=0,"",Tasks!$E$25) | F27: =IF(N(Tasks!$F$25)=0,"",Tasks!$F$25) | G27: =IF(Tasks!$C$25="","",N(Tasks!$G$25)) | H27: =IF(OR(Tasks!$M$25=0,Tasks!$E$25>=H$7+7,Tasks!$F$25<H$7),0,IF(H$7+3.5<Tasks!$E$25+(Tasks!$F$25-Tasks!$E$25+1)*N(Tasks!$G$25),2,IF(Tasks!$M$25=4,3,1))) | I27: =IF(OR(Tasks!$M$25=0,Tasks!$E$25>=I$7+7,Tasks!$F$25<I$7),0,IF(I$7+3.5<Tasks!$E$25+(Tasks!$F$25-Tasks!$E$25+1)*N(Tasks!$G$25),2,IF(Tasks!$M$25=4,3,1))) | J27: =IF(OR(Tasks!$M$25=0,Tasks!$E$25>=J$7+7,Tasks!$F$25<J$7),0,IF(J$7+3.5<Tasks!$E$25+(Tasks!$F$25-Tasks!$E$25+1)*N(Tasks!$G$25),2,IF(Tasks!$M$25=4,3,1))) | K27: =IF(OR(Tasks!$M$25=0,Tasks!$E$25>=K$7+7,Tasks!$F$25<K$7),0,IF(K$7+3.5<Tasks!$E$25+(Tasks!$F$25-Tasks!$E$25+1)*N(Tasks!$G$25),2,IF(Tasks!$M$25=4,3,1))) | L27: =IF(OR(Tasks!$M$25=0,Tasks!$E$25>=L$7+7,Tasks!$F$25<L$7),0,IF(L$7+3.5<Tasks!$E$25+(Tasks!$F$25-Tasks!$E$25+1)*N(Tasks!$G$25),2,IF(Tasks!$M$25=4,3,1))) | M27: =IF(OR(Tasks!$M$25=0,Tasks!$E$25>=M$7+7,Tasks!$F$25<M$7),0,IF(M$7+3.5<Tasks!$E$25+(Tasks!$F$25-Tasks!$E$25+1)*N(Tasks!$G$25),2,IF(Tasks!$M$25=4,3,1))) | N27: =IF(OR(Tasks!$M$25=0,Tasks!$E$25>=N$7+7,Tasks!$F$25<N$7),0,IF(N$7+3.5<Tasks!$E$25+(Tasks!$F$25-Tasks!$E$25+1)*N(Tasks!$G$25),2,IF(Tasks!$M$25=4,3,1))) | O27: =IF(OR(Tasks!$M$25=0,Tasks!$E$25>=O$7+7,Tasks!$F$25<O$7),0,IF(O$7+3.5<Tasks!$E$25+(Tasks!$F$25-Tasks!$E$25+1)*N(Tasks!$G$25),2,IF(Tasks!$M$25=4,3,1))) | ... AG27: =IF(OR(Tasks!$M$25=0,Tasks!$E$25>=AG$7+7,Tasks!$F$25<AG$7),0,IF(AG$7+3.5<Tasks!$E$25+(Tasks!$F$25-Tasks!$E$25+1)*N(Tasks!$G$25),2,IF(Tasks!$M$25=4,3,1)))
B28: =IF(Tasks!$C$26="","",Tasks!$A$26) | C28: =IF(Tasks!$C$26="","",Tasks!$C$26) | D28: =IF(Tasks!$C$26="","",Tasks!$D$26&"") | E28: =IF(N(Tasks!$E$26)=0,"",Tasks!$E$26) | F28: =IF(N(Tasks!$F$26)=0,"",Tasks!$F$26) | G28: =IF(Tasks!$C$26="","",N(Tasks!$G$26)) | H28: =IF(OR(Tasks!$M$26=0,Tasks!$E$26>=H$7+7,Tasks!$F$26<H$7),0,IF(H$7+3.5<Tasks!$E$26+(Tasks!$F$26-Tasks!$E$26+1)*N(Tasks!$G$26),2,IF(Tasks!$M$26=4,3,1))) | I28: =IF(OR(Tasks!$M$26=0,Tasks!$E$26>=I$7+7,Tasks!$F$26<I$7),0,IF(I$7+3.5<Tasks!$E$26+(Tasks!$F$26-Tasks!$E$26+1)*N(Tasks!$G$26),2,IF(Tasks!$M$26=4,3,1))) | J28: =IF(OR(Tasks!$M$26=0,Tasks!$E$26>=J$7+7,Tasks!$F$26<J$7),0,IF(J$7+3.5<Tasks!$E$26+(Tasks!$F$26-Tasks!$E$26+1)*N(Tasks!$G$26),2,IF(Tasks!$M$26=4,3,1))) | K28: =IF(OR(Tasks!$M$26=0,Tasks!$E$26>=K$7+7,Tasks!$F$26<K$7),0,IF(K$7+3.5<Tasks!$E$26+(Tasks!$F$26-Tasks!$E$26+1)*N(Tasks!$G$26),2,IF(Tasks!$M$26=4,3,1))) | L28: =IF(OR(Tasks!$M$26=0,Tasks!$E$26>=L$7+7,Tasks!$F$26<L$7),0,IF(L$7+3.5<Tasks!$E$26+(Tasks!$F$26-Tasks!$E$26+1)*N(Tasks!$G$26),2,IF(Tasks!$M$26=4,3,1))) | M28: =IF(OR(Tasks!$M$26=0,Tasks!$E$26>=M$7+7,Tasks!$F$26<M$7),0,IF(M$7+3.5<Tasks!$E$26+(Tasks!$F$26-Tasks!$E$26+1)*N(Tasks!$G$26),2,IF(Tasks!$M$26=4,3,1))) | N28: =IF(OR(Tasks!$M$26=0,Tasks!$E$26>=N$7+7,Tasks!$F$26<N$7),0,IF(N$7+3.5<Tasks!$E$26+(Tasks!$F$26-Tasks!$E$26+1)*N(Tasks!$G$26),2,IF(Tasks!$M$26=4,3,1))) | O28: =IF(OR(Tasks!$M$26=0,Tasks!$E$26>=O$7+7,Tasks!$F$26<O$7),0,IF(O$7+3.5<Tasks!$E$26+(Tasks!$F$26-Tasks!$E$26+1)*N(Tasks!$G$26),2,IF(Tasks!$M$26=4,3,1))) | ... AG28: =IF(OR(Tasks!$M$26=0,Tasks!$E$26>=AG$7+7,Tasks!$F$26<AG$7),0,IF(AG$7+3.5<Tasks!$E$26+(Tasks!$F$26-Tasks!$E$26+1)*N(Tasks!$G$26),2,IF(Tasks!$M$26=4,3,1)))
B29: =IF(Tasks!$C$27="","",Tasks!$A$27) | C29: =IF(Tasks!$C$27="","",Tasks!$C$27) | D29: =IF(Tasks!$C$27="","",Tasks!$D$27&"") | E29: =IF(N(Tasks!$E$27)=0,"",Tasks!$E$27) | F29: =IF(N(Tasks!$F$27)=0,"",Tasks!$F$27) | G29: =IF(Tasks!$C$27="","",N(Tasks!$G$27)) | H29: =IF(OR(Tasks!$M$27=0,Tasks!$E$27>=H$7+7,Tasks!$F$27<H$7),0,IF(H$7+3.5<Tasks!$E$27+(Tasks!$F$27-Tasks!$E$27+1)*N(Tasks!$G$27),2,IF(Tasks!$M$27=4,3,1))) | I29: =IF(OR(Tasks!$M$27=0,Tasks!$E$27>=I$7+7,Tasks!$F$27<I$7),0,IF(I$7+3.5<Tasks!$E$27+(Tasks!$F$27-Tasks!$E$27+1)*N(Tasks!$G$27),2,IF(Tasks!$M$27=4,3,1))) | J29: =IF(OR(Tasks!$M$27=0,Tasks!$E$27>=J$7+7,Tasks!$F$27<J$7),0,IF(J$7+3.5<Tasks!$E$27+(Tasks!$F$27-Tasks!$E$27+1)*N(Tasks!$G$27),2,IF(Tasks!$M$27=4,3,1))) | K29: =IF(OR(Tasks!$M$27=0,Tasks!$E$27>=K$7+7,Tasks!$F$27<K$7),0,IF(K$7+3.5<Tasks!$E$27+(Tasks!$F$27-Tasks!$E$27+1)*N(Tasks!$G$27),2,IF(Tasks!$M$27=4,3,1))) | L29: =IF(OR(Tasks!$M$27=0,Tasks!$E$27>=L$7+7,Tasks!$F$27<L$7),0,IF(L$7+3.5<Tasks!$E$27+(Tasks!$F$27-Tasks!$E$27+1)*N(Tasks!$G$27),2,IF(Tasks!$M$27=4,3,1))) | M29: =IF(OR(Tasks!$M$27=0,Tasks!$E$27>=M$7+7,Tasks!$F$27<M$7),0,IF(M$7+3.5<Tasks!$E$27+(Tasks!$F$27-Tasks!$E$27+1)*N(Tasks!$G$27),2,IF(Tasks!$M$27=4,3,1))) | N29: =IF(OR(Tasks!$M$27=0,Tasks!$E$27>=N$7+7,Tasks!$F$27<N$7),0,IF(N$7+3.5<Tasks!$E$27+(Tasks!$F$27-Tasks!$E$27+1)*N(Tasks!$G$27),2,IF(Tasks!$M$27=4,3,1))) | O29: =IF(OR(Tasks!$M$27=0,Tasks!$E$27>=O$7+7,Tasks!$F$27<O$7),0,IF(O$7+3.5<Tasks!$E$27+(Tasks!$F$27-Tasks!$E$27+1)*N(Tasks!$G$27),2,IF(Tasks!$M$27=4,3,1))) | ... AG29: =IF(OR(Tasks!$M$27=0,Tasks!$E$27>=AG$7+7,Tasks!$F$27<AG$7),0,IF(AG$7+3.5<Tasks!$E$27+(Tasks!$F$27-Tasks!$E$27+1)*N(Tasks!$G$27),2,IF(Tasks!$M$27=4,3,1)))
B30: =IF(Tasks!$C$28="","",Tasks!$A$28) | C30: =IF(Tasks!$C$28="","",Tasks!$C$28) | D30: =IF(Tasks!$C$28="","",Tasks!$D$28&"") | E30: =IF(N(Tasks!$E$28)=0,"",Tasks!$E$28) | F30: =IF(N(Tasks!$F$28)=0,"",Tasks!$F$28) | G30: =IF(Tasks!$C$28="","",N(Tasks!$G$28)) | H30: =IF(OR(Tasks!$M$28=0,Tasks!$E$28>=H$7+7,Tasks!$F$28<H$7),0,IF(H$7+3.5<Tasks!$E$28+(Tasks!$F$28-Tasks!$E$28+1)*N(Tasks!$G$28),2,IF(Tasks!$M$28=4,3,1))) | I30: =IF(OR(Tasks!$M$28=0,Tasks!$E$28>=I$7+7,Tasks!$F$28<I$7),0,IF(I$7+3.5<Tasks!$E$28+(Tasks!$F$28-Tasks!$E$28+1)*N(Tasks!$G$28),2,IF(Tasks!$M$28=4,3,1))) | J30: =IF(OR(Tasks!$M$28=0,Tasks!$E$28>=J$7+7,Tasks!$F$28<J$7),0,IF(J$7+3.5<Tasks!$E$28+(Tasks!$F$28-Tasks!$E$28+1)*N(Tasks!$G$28),2,IF(Tasks!$M$28=4,3,1))) | K30: =IF(OR(Tasks!$M$28=0,Tasks!$E$28>=K$7+7,Tasks!$F$28<K$7),0,IF(K$7+3.5<Tasks!$E$28+(Tasks!$F$28-Tasks!$E$28+1)*N(Tasks!$G$28),2,IF(Tasks!$M$28=4,3,1))) | L30: =IF(OR(Tasks!$M$28=0,Tasks!$E$28>=L$7+7,Tasks!$F$28<L$7),0,IF(L$7+3.5<Tasks!$E$28+(Tasks!$F$28-Tasks!$E$28+1)*N(Tasks!$G$28),2,IF(Tasks!$M$28=4,3,1))) | M30: =IF(OR(Tasks!$M$28=0,Tasks!$E$28>=M$7+7,Tasks!$F$28<M$7),0,IF(M$7+3.5<Tasks!$E$28+(Tasks!$F$28-Tasks!$E$28+1)*N(Tasks!$G$28),2,IF(Tasks!$M$28=4,3,1))) | N30: =IF(OR(Tasks!$M$28=0,Tasks!$E$28>=N$7+7,Tasks!$F$28<N$7),0,IF(N$7+3.5<Tasks!$E$28+(Tasks!$F$28-Tasks!$E$28+1)*N(Tasks!$G$28),2,IF(Tasks!$M$28=4,3,1))) | O30: =IF(OR(Tasks!$M$28=0,Tasks!$E$28>=O$7+7,Tasks!$F$28<O$7),0,IF(O$7+3.5<Tasks!$E$28+(Tasks!$F$28-Tasks!$E$28+1)*N(Tasks!$G$28),2,IF(Tasks!$M$28=4,3,1))) | ... AG30: =IF(OR(Tasks!$M$28=0,Tasks!$E$28>=AG$7+7,Tasks!$F$28<AG$7),0,IF(AG$7+3.5<Tasks!$E$28+(Tasks!$F$28-Tasks!$E$28+1)*N(Tasks!$G$28),2,IF(Tasks!$M$28=4,3,1)))
B31: =IF(Tasks!$C$29="","",Tasks!$A$29) | C31: =IF(Tasks!$C$29="","",Tasks!$C$29) | D31: =IF(Tasks!$C$29="","",Tasks!$D$29&"") | E31: =IF(N(Tasks!$E$29)=0,"",Tasks!$E$29) | F31: =IF(N(Tasks!$F$29)=0,"",Tasks!$F$29) | G31: =IF(Tasks!$C$29="","",N(Tasks!$G$29)) | H31: =IF(OR(Tasks!$M$29=0,Tasks!$E$29>=H$7+7,Tasks!$F$29<H$7),0,IF(H$7+3.5<Tasks!$E$29+(Tasks!$F$29-Tasks!$E$29+1)*N(Tasks!$G$29),2,IF(Tasks!$M$29=4,3,1))) | I31: =IF(OR(Tasks!$M$29=0,Tasks!$E$29>=I$7+7,Tasks!$F$29<I$7),0,IF(I$7+3.5<Tasks!$E$29+(Tasks!$F$29-Tasks!$E$29+1)*N(Tasks!$G$29),2,IF(Tasks!$M$29=4,3,1))) | J31: =IF(OR(Tasks!$M$29=0,Tasks!$E$29>=J$7+7,Tasks!$F$29<J$7),0,IF(J$7+3.5<Tasks!$E$29+(Tasks!$F$29-Tasks!$E$29+1)*N(Tasks!$G$29),2,IF(Tasks!$M$29=4,3,1))) | K31: =IF(OR(Tasks!$M$29=0,Tasks!$E$29>=K$7+7,Tasks!$F$29<K$7),0,IF(K$7+3.5<Tasks!$E$29+(Tasks!$F$29-Tasks!$E$29+1)*N(Tasks!$G$29),2,IF(Tasks!$M$29=4,3,1))) | L31: =IF(OR(Tasks!$M$29=0,Tasks!$E$29>=L$7+7,Tasks!$F$29<L$7),0,IF(L$7+3.5<Tasks!$E$29+(Tasks!$F$29-Tasks!$E$29+1)*N(Tasks!$G$29),2,IF(Tasks!$M$29=4,3,1))) | M31: =IF(OR(Tasks!$M$29=0,Tasks!$E$29>=M$7+7,Tasks!$F$29<M$7),0,IF(M$7+3.5<Tasks!$E$29+(Tasks!$F$29-Tasks!$E$29+1)*N(Tasks!$G$29),2,IF(Tasks!$M$29=4,3,1))) | N31: =IF(OR(Tasks!$M$29=0,Tasks!$E$29>=N$7+7,Tasks!$F$29<N$7),0,IF(N$7+3.5<Tasks!$E$29+(Tasks!$F$29-Tasks!$E$29+1)*N(Tasks!$G$29),2,IF(Tasks!$M$29=4,3,1))) | O31: =IF(OR(Tasks!$M$29=0,Tasks!$E$29>=O$7+7,Tasks!$F$29<O$7),0,IF(O$7+3.5<Tasks!$E$29+(Tasks!$F$29-Tasks!$E$29+1)*N(Tasks!$G$29),2,IF(Tasks!$M$29=4,3,1))) | ... AG31: =IF(OR(Tasks!$M$29=0,Tasks!$E$29>=AG$7+7,Tasks!$F$29<AG$7),0,IF(AG$7+3.5<Tasks!$E$29+(Tasks!$F$29-Tasks!$E$29+1)*N(Tasks!$G$29),2,IF(Tasks!$M$29=4,3,1)))
B32: =IF(Tasks!$C$30="","",Tasks!$A$30) | C32: =IF(Tasks!$C$30="","",Tasks!$C$30) | D32: =IF(Tasks!$C$30="","",Tasks!$D$30&"") | E32: =IF(N(Tasks!$E$30)=0,"",Tasks!$E$30) | F32: =IF(N(Tasks!$F$30)=0,"",Tasks!$F$30) | G32: =IF(Tasks!$C$30="","",N(Tasks!$G$30)) | H32: =IF(OR(Tasks!$M$30=0,Tasks!$E$30>=H$7+7,Tasks!$F$30<H$7),0,IF(H$7+3.5<Tasks!$E$30+(Tasks!$F$30-Tasks!$E$30+1)*N(Tasks!$G$30),2,IF(Tasks!$M$30=4,3,1))) | I32: =IF(OR(Tasks!$M$30=0,Tasks!$E$30>=I$7+7,Tasks!$F$30<I$7),0,IF(I$7+3.5<Tasks!$E$30+(Tasks!$F$30-Tasks!$E$30+1)*N(Tasks!$G$30),2,IF(Tasks!$M$30=4,3,1))) | J32: =IF(OR(Tasks!$M$30=0,Tasks!$E$30>=J$7+7,Tasks!$F$30<J$7),0,IF(J$7+3.5<Tasks!$E$30+(Tasks!$F$30-Tasks!$E$30+1)*N(Tasks!$G$30),2,IF(Tasks!$M$30=4,3,1))) | K32: =IF(OR(Tasks!$M$30=0,Tasks!$E$30>=K$7+7,Tasks!$F$30<K$7),0,IF(K$7+3.5<Tasks!$E$30+(Tasks!$F$30-Tasks!$E$30+1)*N(Tasks!$G$30),2,IF(Tasks!$M$30=4,3,1))) | L32: =IF(OR(Tasks!$M$30=0,Tasks!$E$30>=L$7+7,Tasks!$F$30<L$7),0,IF(L$7+3.5<Tasks!$E$30+(Tasks!$F$30-Tasks!$E$30+1)*N(Tasks!$G$30),2,IF(Tasks!$M$30=4,3,1))) | M32: =IF(OR(Tasks!$M$30=0,Tasks!$E$30>=M$7+7,Tasks!$F$30<M$7),0,IF(M$7+3.5<Tasks!$E$30+(Tasks!$F$30-Tasks!$E$30+1)*N(Tasks!$G$30),2,IF(Tasks!$M$30=4,3,1))) | N32: =IF(OR(Tasks!$M$30=0,Tasks!$E$30>=N$7+7,Tasks!$F$30<N$7),0,IF(N$7+3.5<Tasks!$E$30+(Tasks!$F$30-Tasks!$E$30+1)*N(Tasks!$G$30),2,IF(Tasks!$M$30=4,3,1))) | O32: =IF(OR(Tasks!$M$30=0,Tasks!$E$30>=O$7+7,Tasks!$F$30<O$7),0,IF(O$7+3.5<Tasks!$E$30+(Tasks!$F$30-Tasks!$E$30+1)*N(Tasks!$G$30),2,IF(Tasks!$M$30=4,3,1))) | ... AG32: =IF(OR(Tasks!$M$30=0,Tasks!$E$30>=AG$7+7,Tasks!$F$30<AG$7),0,IF(AG$7+3.5<Tasks!$E$30+(Tasks!$F$30-Tasks!$E$30+1)*N(Tasks!$G$30),2,IF(Tasks!$M$30=4,3,1)))
B33: =IF(Tasks!$C$31="","",Tasks!$A$31) | C33: =IF(Tasks!$C$31="","",Tasks!$C$31) | D33: =IF(Tasks!$C$31="","",Tasks!$D$31&"") | E33: =IF(N(Tasks!$E$31)=0,"",Tasks!$E$31) | F33: =IF(N(Tasks!$F$31)=0,"",Tasks!$F$31) | G33: =IF(Tasks!$C$31="","",N(Tasks!$G$31)) | H33: =IF(OR(Tasks!$M$31=0,Tasks!$E$31>=H$7+7,Tasks!$F$31<H$7),0,IF(H$7+3.5<Tasks!$E$31+(Tasks!$F$31-Tasks!$E$31+1)*N(Tasks!$G$31),2,IF(Tasks!$M$31=4,3,1))) | I33: =IF(OR(Tasks!$M$31=0,Tasks!$E$31>=I$7+7,Tasks!$F$31<I$7),0,IF(I$7+3.5<Tasks!$E$31+(Tasks!$F$31-Tasks!$E$31+1)*N(Tasks!$G$31),2,IF(Tasks!$M$31=4,3,1))) | J33: =IF(OR(Tasks!$M$31=0,Tasks!$E$31>=J$7+7,Tasks!$F$31<J$7),0,IF(J$7+3.5<Tasks!$E$31+(Tasks!$F$31-Tasks!$E$31+1)*N(Tasks!$G$31),2,IF(Tasks!$M$31=4,3,1))) | K33: =IF(OR(Tasks!$M$31=0,Tasks!$E$31>=K$7+7,Tasks!$F$31<K$7),0,IF(K$7+3.5<Tasks!$E$31+(Tasks!$F$31-Tasks!$E$31+1)*N(Tasks!$G$31),2,IF(Tasks!$M$31=4,3,1))) | L33: =IF(OR(Tasks!$M$31=0,Tasks!$E$31>=L$7+7,Tasks!$F$31<L$7),0,IF(L$7+3.5<Tasks!$E$31+(Tasks!$F$31-Tasks!$E$31+1)*N(Tasks!$G$31),2,IF(Tasks!$M$31=4,3,1))) | M33: =IF(OR(Tasks!$M$31=0,Tasks!$E$31>=M$7+7,Tasks!$F$31<M$7),0,IF(M$7+3.5<Tasks!$E$31+(Tasks!$F$31-Tasks!$E$31+1)*N(Tasks!$G$31),2,IF(Tasks!$M$31=4,3,1))) | N33: =IF(OR(Tasks!$M$31=0,Tasks!$E$31>=N$7+7,Tasks!$F$31<N$7),0,IF(N$7+3.5<Tasks!$E$31+(Tasks!$F$31-Tasks!$E$31+1)*N(Tasks!$G$31),2,IF(Tasks!$M$31=4,3,1))) | O33: =IF(OR(Tasks!$M$31=0,Tasks!$E$31>=O$7+7,Tasks!$F$31<O$7),0,IF(O$7+3.5<Tasks!$E$31+(Tasks!$F$31-Tasks!$E$31+1)*N(Tasks!$G$31),2,IF(Tasks!$M$31=4,3,1))) | ... AG33: =IF(OR(Tasks!$M$31=0,Tasks!$E$31>=AG$7+7,Tasks!$F$31<AG$7),0,IF(AG$7+3.5<Tasks!$E$31+(Tasks!$F$31-Tasks!$E$31+1)*N(Tasks!$G$31),2,IF(Tasks!$M$31=4,3,1)))
B34: =IF(Tasks!$C$32="","",Tasks!$A$32) | C34: =IF(Tasks!$C$32="","",Tasks!$C$32) | D34: =IF(Tasks!$C$32="","",Tasks!$D$32&"") | E34: =IF(N(Tasks!$E$32)=0,"",Tasks!$E$32) | F34: =IF(N(Tasks!$F$32)=0,"",Tasks!$F$32) | G34: =IF(Tasks!$C$32="","",N(Tasks!$G$32)) | H34: =IF(OR(Tasks!$M$32=0,Tasks!$E$32>=H$7+7,Tasks!$F$32<H$7),0,IF(H$7+3.5<Tasks!$E$32+(Tasks!$F$32-Tasks!$E$32+1)*N(Tasks!$G$32),2,IF(Tasks!$M$32=4,3,1))) | I34: =IF(OR(Tasks!$M$32=0,Tasks!$E$32>=I$7+7,Tasks!$F$32<I$7),0,IF(I$7+3.5<Tasks!$E$32+(Tasks!$F$32-Tasks!$E$32+1)*N(Tasks!$G$32),2,IF(Tasks!$M$32=4,3,1))) | J34: =IF(OR(Tasks!$M$32=0,Tasks!$E$32>=J$7+7,Tasks!$F$32<J$7),0,IF(J$7+3.5<Tasks!$E$32+(Tasks!$F$32-Tasks!$E$32+1)*N(Tasks!$G$32),2,IF(Tasks!$M$32=4,3,1))) | K34: =IF(OR(Tasks!$M$32=0,Tasks!$E$32>=K$7+7,Tasks!$F$32<K$7),0,IF(K$7+3.5<Tasks!$E$32+(Tasks!$F$32-Tasks!$E$32+1)*N(Tasks!$G$32),2,IF(Tasks!$M$32=4,3,1))) | L34: =IF(OR(Tasks!$M$32=0,Tasks!$E$32>=L$7+7,Tasks!$F$32<L$7),0,IF(L$7+3.5<Tasks!$E$32+(Tasks!$F$32-Tasks!$E$32+1)*N(Tasks!$G$32),2,IF(Tasks!$M$32=4,3,1))) | M34: =IF(OR(Tasks!$M$32=0,Tasks!$E$32>=M$7+7,Tasks!$F$32<M$7),0,IF(M$7+3.5<Tasks!$E$32+(Tasks!$F$32-Tasks!$E$32+1)*N(Tasks!$G$32),2,IF(Tasks!$M$32=4,3,1))) | N34: =IF(OR(Tasks!$M$32=0,Tasks!$E$32>=N$7+7,Tasks!$F$32<N$7),0,IF(N$7+3.5<Tasks!$E$32+(Tasks!$F$32-Tasks!$E$32+1)*N(Tasks!$G$32),2,IF(Tasks!$M$32=4,3,1))) | O34: =IF(OR(Tasks!$M$32=0,Tasks!$E$32>=O$7+7,Tasks!$F$32<O$7),0,IF(O$7+3.5<Tasks!$E$32+(Tasks!$F$32-Tasks!$E$32+1)*N(Tasks!$G$32),2,IF(Tasks!$M$32=4,3,1))) | ... AG34: =IF(OR(Tasks!$M$32=0,Tasks!$E$32>=AG$7+7,Tasks!$F$32<AG$7),0,IF(AG$7+3.5<Tasks!$E$32+(Tasks!$F$32-Tasks!$E$32+1)*N(Tasks!$G$32),2,IF(Tasks!$M$32=4,3,1)))
B35: =IF(Tasks!$C$33="","",Tasks!$A$33) | C35: =IF(Tasks!$C$33="","",Tasks!$C$33) | D35: =IF(Tasks!$C$33="","",Tasks!$D$33&"") | E35: =IF(N(Tasks!$E$33)=0,"",Tasks!$E$33) | F35: =IF(N(Tasks!$F$33)=0,"",Tasks!$F$33) | G35: =IF(Tasks!$C$33="","",N(Tasks!$G$33)) | H35: =IF(OR(Tasks!$M$33=0,Tasks!$E$33>=H$7+7,Tasks!$F$33<H$7),0,IF(H$7+3.5<Tasks!$E$33+(Tasks!$F$33-Tasks!$E$33+1)*N(Tasks!$G$33),2,IF(Tasks!$M$33=4,3,1))) | I35: =IF(OR(Tasks!$M$33=0,Tasks!$E$33>=I$7+7,Tasks!$F$33<I$7),0,IF(I$7+3.5<Tasks!$E$33+(Tasks!$F$33-Tasks!$E$33+1)*N(Tasks!$G$33),2,IF(Tasks!$M$33=4,3,1))) | J35: =IF(OR(Tasks!$M$33=0,Tasks!$E$33>=J$7+7,Tasks!$F$33<J$7),0,IF(J$7+3.5<Tasks!$E$33+(Tasks!$F$33-Tasks!$E$33+1)*N(Tasks!$G$33),2,IF(Tasks!$M$33=4,3,1))) | K35: =IF(OR(Tasks!$M$33=0,Tasks!$E$33>=K$7+7,Tasks!$F$33<K$7),0,IF(K$7+3.5<Tasks!$E$33+(Tasks!$F$33-Tasks!$E$33+1)*N(Tasks!$G$33),2,IF(Tasks!$M$33=4,3,1))) | L35: =IF(OR(Tasks!$M$33=0,Tasks!$E$33>=L$7+7,Tasks!$F$33<L$7),0,IF(L$7+3.5<Tasks!$E$33+(Tasks!$F$33-Tasks!$E$33+1)*N(Tasks!$G$33),2,IF(Tasks!$M$33=4,3,1))) | M35: =IF(OR(Tasks!$M$33=0,Tasks!$E$33>=M$7+7,Tasks!$F$33<M$7),0,IF(M$7+3.5<Tasks!$E$33+(Tasks!$F$33-Tasks!$E$33+1)*N(Tasks!$G$33),2,IF(Tasks!$M$33=4,3,1))) | N35: =IF(OR(Tasks!$M$33=0,Tasks!$E$33>=N$7+7,Tasks!$F$33<N$7),0,IF(N$7+3.5<Tasks!$E$33+(Tasks!$F$33-Tasks!$E$33+1)*N(Tasks!$G$33),2,IF(Tasks!$M$33=4,3,1))) | O35: =IF(OR(Tasks!$M$33=0,Tasks!$E$33>=O$7+7,Tasks!$F$33<O$7),0,IF(O$7+3.5<Tasks!$E$33+(Tasks!$F$33-Tasks!$E$33+1)*N(Tasks!$G$33),2,IF(Tasks!$M$33=4,3,1))) | ... AG35: =IF(OR(Tasks!$M$33=0,Tasks!$E$33>=AG$7+7,Tasks!$F$33<AG$7),0,IF(AG$7+3.5<Tasks!$E$33+(Tasks!$F$33-Tasks!$E$33+1)*N(Tasks!$G$33),2,IF(Tasks!$M$33=4,3,1)))
B36: =IF(Tasks!$C$34="","",Tasks!$A$34) | C36: =IF(Tasks!$C$34="","",Tasks!$C$34) | D36: =IF(Tasks!$C$34="","",Tasks!$D$34&"") | E36: =IF(N(Tasks!$E$34)=0,"",Tasks!$E$34) | F36: =IF(N(Tasks!$F$34)=0,"",Tasks!$F$34) | G36: =IF(Tasks!$C$34="","",N(Tasks!$G$34)) | H36: =IF(OR(Tasks!$M$34=0,Tasks!$E$34>=H$7+7,Tasks!$F$34<H$7),0,IF(H$7+3.5<Tasks!$E$34+(Tasks!$F$34-Tasks!$E$34+1)*N(Tasks!$G$34),2,IF(Tasks!$M$34=4,3,1))) | I36: =IF(OR(Tasks!$M$34=0,Tasks!$E$34>=I$7+7,Tasks!$F$34<I$7),0,IF(I$7+3.5<Tasks!$E$34+(Tasks!$F$34-Tasks!$E$34+1)*N(Tasks!$G$34),2,IF(Tasks!$M$34=4,3,1))) | J36: =IF(OR(Tasks!$M$34=0,Tasks!$E$34>=J$7+7,Tasks!$F$34<J$7),0,IF(J$7+3.5<Tasks!$E$34+(Tasks!$F$34-Tasks!$E$34+1)*N(Tasks!$G$34),2,IF(Tasks!$M$34=4,3,1))) | K36: =IF(OR(Tasks!$M$34=0,Tasks!$E$34>=K$7+7,Tasks!$F$34<K$7),0,IF(K$7+3.5<Tasks!$E$34+(Tasks!$F$34-Tasks!$E$34+1)*N(Tasks!$G$34),2,IF(Tasks!$M$34=4,3,1))) | L36: =IF(OR(Tasks!$M$34=0,Tasks!$E$34>=L$7+7,Tasks!$F$34<L$7),0,IF(L$7+3.5<Tasks!$E$34+(Tasks!$F$34-Tasks!$E$34+1)*N(Tasks!$G$34),2,IF(Tasks!$M$34=4,3,1))) | M36: =IF(OR(Tasks!$M$34=0,Tasks!$E$34>=M$7+7,Tasks!$F$34<M$7),0,IF(M$7+3.5<Tasks!$E$34+(Tasks!$F$34-Tasks!$E$34+1)*N(Tasks!$G$34),2,IF(Tasks!$M$34=4,3,1))) | N36: =IF(OR(Tasks!$M$34=0,Tasks!$E$34>=N$7+7,Tasks!$F$34<N$7),0,IF(N$7+3.5<Tasks!$E$34+(Tasks!$F$34-Tasks!$E$34+1)*N(Tasks!$G$34),2,IF(Tasks!$M$34=4,3,1))) | O36: =IF(OR(Tasks!$M$34=0,Tasks!$E$34>=O$7+7,Tasks!$F$34<O$7),0,IF(O$7+3.5<Tasks!$E$34+(Tasks!$F$34-Tasks!$E$34+1)*N(Tasks!$G$34),2,IF(Tasks!$M$34=4,3,1))) | ... AG36: =IF(OR(Tasks!$M$34=0,Tasks!$E$34>=AG$7+7,Tasks!$F$34<AG$7),0,IF(AG$7+3.5<Tasks!$E$34+(Tasks!$F$34-Tasks!$E$34+1)*N(Tasks!$G$34),2,IF(Tasks!$M$34=4,3,1)))
B37: =IF(Tasks!$C$35="","",Tasks!$A$35) | C37: =IF(Tasks!$C$35="","",Tasks!$C$35) | D37: =IF(Tasks!$C$35="","",Tasks!$D$35&"") | E37: =IF(N(Tasks!$E$35)=0,"",Tasks!$E$35) | F37: =IF(N(Tasks!$F$35)=0,"",Tasks!$F$35) | G37: =IF(Tasks!$C$35="","",N(Tasks!$G$35)) | H37: =IF(OR(Tasks!$M$35=0,Tasks!$E$35>=H$7+7,Tasks!$F$35<H$7),0,IF(H$7+3.5<Tasks!$E$35+(Tasks!$F$35-Tasks!$E$35+1)*N(Tasks!$G$35),2,IF(Tasks!$M$35=4,3,1))) | I37: =IF(OR(Tasks!$M$35=0,Tasks!$E$35>=I$7+7,Tasks!$F$35<I$7),0,IF(I$7+3.5<Tasks!$E$35+(Tasks!$F$35-Tasks!$E$35+1)*N(Tasks!$G$35),2,IF(Tasks!$M$35=4,3,1))) | J37: =IF(OR(Tasks!$M$35=0,Tasks!$E$35>=J$7+7,Tasks!$F$35<J$7),0,IF(J$7+3.5<Tasks!$E$35+(Tasks!$F$35-Tasks!$E$35+1)*N(Tasks!$G$35),2,IF(Tasks!$M$35=4,3,1))) | K37: =IF(OR(Tasks!$M$35=0,Tasks!$E$35>=K$7+7,Tasks!$F$35<K$7),0,IF(K$7+3.5<Tasks!$E$35+(Tasks!$F$35-Tasks!$E$35+1)*N(Tasks!$G$35),2,IF(Tasks!$M$35=4,3,1))) | L37: =IF(OR(Tasks!$M$35=0,Tasks!$E$35>=L$7+7,Tasks!$F$35<L$7),0,IF(L$7+3.5<Tasks!$E$35+(Tasks!$F$35-Tasks!$E$35+1)*N(Tasks!$G$35),2,IF(Tasks!$M$35=4,3,1))) | M37: =IF(OR(Tasks!$M$35=0,Tasks!$E$35>=M$7+7,Tasks!$F$35<M$7),0,IF(M$7+3.5<Tasks!$E$35+(Tasks!$F$35-Tasks!$E$35+1)*N(Tasks!$G$35),2,IF(Tasks!$M$35=4,3,1))) | N37: =IF(OR(Tasks!$M$35=0,Tasks!$E$35>=N$7+7,Tasks!$F$35<N$7),0,IF(N$7+3.5<Tasks!$E$35+(Tasks!$F$35-Tasks!$E$35+1)*N(Tasks!$G$35),2,IF(Tasks!$M$35=4,3,1))) | O37: =IF(OR(Tasks!$M$35=0,Tasks!$E$35>=O$7+7,Tasks!$F$35<O$7),0,IF(O$7+3.5<Tasks!$E$35+(Tasks!$F$35-Tasks!$E$35+1)*N(Tasks!$G$35),2,IF(Tasks!$M$35=4,3,1))) | ... AG37: =IF(OR(Tasks!$M$35=0,Tasks!$E$35>=AG$7+7,Tasks!$F$35<AG$7),0,IF(AG$7+3.5<Tasks!$E$35+(Tasks!$F$35-Tasks!$E$35+1)*N(Tasks!$G$35),2,IF(Tasks!$M$35=4,3,1)))
B38: =IF(Tasks!$C$36="","",Tasks!$A$36) | C38: =IF(Tasks!$C$36="","",Tasks!$C$36) | D38: =IF(Tasks!$C$36="","",Tasks!$D$36&"") | E38: =IF(N(Tasks!$E$36)=0,"",Tasks!$E$36) | F38: =IF(N(Tasks!$F$36)=0,"",Tasks!$F$36) | G38: =IF(Tasks!$C$36="","",N(Tasks!$G$36)) | H38: =IF(OR(Tasks!$M$36=0,Tasks!$E$36>=H$7+7,Tasks!$F$36<H$7),0,IF(H$7+3.5<Tasks!$E$36+(Tasks!$F$36-Tasks!$E$36+1)*N(Tasks!$G$36),2,IF(Tasks!$M$36=4,3,1))) | I38: =IF(OR(Tasks!$M$36=0,Tasks!$E$36>=I$7+7,Tasks!$F$36<I$7),0,IF(I$7+3.5<Tasks!$E$36+(Tasks!$F$36-Tasks!$E$36+1)*N(Tasks!$G$36),2,IF(Tasks!$M$36=4,3,1))) | J38: =IF(OR(Tasks!$M$36=0,Tasks!$E$36>=J$7+7,Tasks!$F$36<J$7),0,IF(J$7+3.5<Tasks!$E$36+(Tasks!$F$36-Tasks!$E$36+1)*N(Tasks!$G$36),2,IF(Tasks!$M$36=4,3,1))) | K38: =IF(OR(Tasks!$M$36=0,Tasks!$E$36>=K$7+7,Tasks!$F$36<K$7),0,IF(K$7+3.5<Tasks!$E$36+(Tasks!$F$36-Tasks!$E$36+1)*N(Tasks!$G$36),2,IF(Tasks!$M$36=4,3,1))) | L38: =IF(OR(Tasks!$M$36=0,Tasks!$E$36>=L$7+7,Tasks!$F$36<L$7),0,IF(L$7+3.5<Tasks!$E$36+(Tasks!$F$36-Tasks!$E$36+1)*N(Tasks!$G$36),2,IF(Tasks!$M$36=4,3,1))) | M38: =IF(OR(Tasks!$M$36=0,Tasks!$E$36>=M$7+7,Tasks!$F$36<M$7),0,IF(M$7+3.5<Tasks!$E$36+(Tasks!$F$36-Tasks!$E$36+1)*N(Tasks!$G$36),2,IF(Tasks!$M$36=4,3,1))) | N38: =IF(OR(Tasks!$M$36=0,Tasks!$E$36>=N$7+7,Tasks!$F$36<N$7),0,IF(N$7+3.5<Tasks!$E$36+(Tasks!$F$36-Tasks!$E$36+1)*N(Tasks!$G$36),2,IF(Tasks!$M$36=4,3,1))) | O38: =IF(OR(Tasks!$M$36=0,Tasks!$E$36>=O$7+7,Tasks!$F$36<O$7),0,IF(O$7+3.5<Tasks!$E$36+(Tasks!$F$36-Tasks!$E$36+1)*N(Tasks!$G$36),2,IF(Tasks!$M$36=4,3,1))) | ... AG38: =IF(OR(Tasks!$M$36=0,Tasks!$E$36>=AG$7+7,Tasks!$F$36<AG$7),0,IF(AG$7+3.5<Tasks!$E$36+(Tasks!$F$36-Tasks!$E$36+1)*N(Tasks!$G$36),2,IF(Tasks!$M$36=4,3,1)))
B39: =IF(Tasks!$C$37="","",Tasks!$A$37) | C39: =IF(Tasks!$C$37="","",Tasks!$C$37) | D39: =IF(Tasks!$C$37="","",Tasks!$D$37&"") | E39: =IF(N(Tasks!$E$37)=0,"",Tasks!$E$37) | F39: =IF(N(Tasks!$F$37)=0,"",Tasks!$F$37) | G39: =IF(Tasks!$C$37="","",N(Tasks!$G$37)) | H39: =IF(OR(Tasks!$M$37=0,Tasks!$E$37>=H$7+7,Tasks!$F$37<H$7),0,IF(H$7+3.5<Tasks!$E$37+(Tasks!$F$37-Tasks!$E$37+1)*N(Tasks!$G$37),2,IF(Tasks!$M$37=4,3,1))) | I39: =IF(OR(Tasks!$M$37=0,Tasks!$E$37>=I$7+7,Tasks!$F$37<I$7),0,IF(I$7+3.5<Tasks!$E$37+(Tasks!$F$37-Tasks!$E$37+1)*N(Tasks!$G$37),2,IF(Tasks!$M$37=4,3,1))) | J39: =IF(OR(Tasks!$M$37=0,Tasks!$E$37>=J$7+7,Tasks!$F$37<J$7),0,IF(J$7+3.5<Tasks!$E$37+(Tasks!$F$37-Tasks!$E$37+1)*N(Tasks!$G$37),2,IF(Tasks!$M$37=4,3,1))) | K39: =IF(OR(Tasks!$M$37=0,Tasks!$E$37>=K$7+7,Tasks!$F$37<K$7),0,IF(K$7+3.5<Tasks!$E$37+(Tasks!$F$37-Tasks!$E$37+1)*N(Tasks!$G$37),2,IF(Tasks!$M$37=4,3,1))) | L39: =IF(OR(Tasks!$M$37=0,Tasks!$E$37>=L$7+7,Tasks!$F$37<L$7),0,IF(L$7+3.5<Tasks!$E$37+(Tasks!$F$37-Tasks!$E$37+1)*N(Tasks!$G$37),2,IF(Tasks!$M$37=4,3,1))) | M39: =IF(OR(Tasks!$M$37=0,Tasks!$E$37>=M$7+7,Tasks!$F$37<M$7),0,IF(M$7+3.5<Tasks!$E$37+(Tasks!$F$37-Tasks!$E$37+1)*N(Tasks!$G$37),2,IF(Tasks!$M$37=4,3,1))) | N39: =IF(OR(Tasks!$M$37=0,Tasks!$E$37>=N$7+7,Tasks!$F$37<N$7),0,IF(N$7+3.5<Tasks!$E$37+(Tasks!$F$37-Tasks!$E$37+1)*N(Tasks!$G$37),2,IF(Tasks!$M$37=4,3,1))) | O39: =IF(OR(Tasks!$M$37=0,Tasks!$E$37>=O$7+7,Tasks!$F$37<O$7),0,IF(O$7+3.5<Tasks!$E$37+(Tasks!$F$37-Tasks!$E$37+1)*N(Tasks!$G$37),2,IF(Tasks!$M$37=4,3,1))) | ... AG39: =IF(OR(Tasks!$M$37=0,Tasks!$E$37>=AG$7+7,Tasks!$F$37<AG$7),0,IF(AG$7+3.5<Tasks!$E$37+(Tasks!$F$37-Tasks!$E$37+1)*N(Tasks!$G$37),2,IF(Tasks!$M$37=4,3,1)))
B40: =IF(Tasks!$C$38="","",Tasks!$A$38) | C40: =IF(Tasks!$C$38="","",Tasks!$C$38) | D40: =IF(Tasks!$C$38="","",Tasks!$D$38&"") | E40: =IF(N(Tasks!$E$38)=0,"",Tasks!$E$38) | F40: =IF(N(Tasks!$F$38)=0,"",Tasks!$F$38) | G40: =IF(Tasks!$C$38="","",N(Tasks!$G$38)) | H40: =IF(OR(Tasks!$M$38=0,Tasks!$E$38>=H$7+7,Tasks!$F$38<H$7),0,IF(H$7+3.5<Tasks!$E$38+(Tasks!$F$38-Tasks!$E$38+1)*N(Tasks!$G$38),2,IF(Tasks!$M$38=4,3,1))) | I40: =IF(OR(Tasks!$M$38=0,Tasks!$E$38>=I$7+7,Tasks!$F$38<I$7),0,IF(I$7+3.5<Tasks!$E$38+(Tasks!$F$38-Tasks!$E$38+1)*N(Tasks!$G$38),2,IF(Tasks!$M$38=4,3,1))) | J40: =IF(OR(Tasks!$M$38=0,Tasks!$E$38>=J$7+7,Tasks!$F$38<J$7),0,IF(J$7+3.5<Tasks!$E$38+(Tasks!$F$38-Tasks!$E$38+1)*N(Tasks!$G$38),2,IF(Tasks!$M$38=4,3,1))) | K40: =IF(OR(Tasks!$M$38=0,Tasks!$E$38>=K$7+7,Tasks!$F$38<K$7),0,IF(K$7+3.5<Tasks!$E$38+(Tasks!$F$38-Tasks!$E$38+1)*N(Tasks!$G$38),2,IF(Tasks!$M$38=4,3,1))) | L40: =IF(OR(Tasks!$M$38=0,Tasks!$E$38>=L$7+7,Tasks!$F$38<L$7),0,IF(L$7+3.5<Tasks!$E$38+(Tasks!$F$38-Tasks!$E$38+1)*N(Tasks!$G$38),2,IF(Tasks!$M$38=4,3,1))) | M40: =IF(OR(Tasks!$M$38=0,Tasks!$E$38>=M$7+7,Tasks!$F$38<M$7),0,IF(M$7+3.5<Tasks!$E$38+(Tasks!$F$38-Tasks!$E$38+1)*N(Tasks!$G$38),2,IF(Tasks!$M$38=4,3,1))) | N40: =IF(OR(Tasks!$M$38=0,Tasks!$E$38>=N$7+7,Tasks!$F$38<N$7),0,IF(N$7+3.5<Tasks!$E$38+(Tasks!$F$38-Tasks!$E$38+1)*N(Tasks!$G$38),2,IF(Tasks!$M$38=4,3,1))) | O40: =IF(OR(Tasks!$M$38=0,Tasks!$E$38>=O$7+7,Tasks!$F$38<O$7),0,IF(O$7+3.5<Tasks!$E$38+(Tasks!$F$38-Tasks!$E$38+1)*N(Tasks!$G$38),2,IF(Tasks!$M$38=4,3,1))) | ... AG40: =IF(OR(Tasks!$M$38=0,Tasks!$E$38>=AG$7+7,Tasks!$F$38<AG$7),0,IF(AG$7+3.5<Tasks!$E$38+(Tasks!$F$38-Tasks!$E$38+1)*N(Tasks!$G$38),2,IF(Tasks!$M$38=4,3,1)))
B41: =IF(Tasks!$C$39="","",Tasks!$A$39) | C41: =IF(Tasks!$C$39="","",Tasks!$C$39) | D41: =IF(Tasks!$C$39="","",Tasks!$D$39&"") | E41: =IF(N(Tasks!$E$39)=0,"",Tasks!$E$39) | F41: =IF(N(Tasks!$F$39)=0,"",Tasks!$F$39) | G41: =IF(Tasks!$C$39="","",N(Tasks!$G$39)) | H41: =IF(OR(Tasks!$M$39=0,Tasks!$E$39>=H$7+7,Tasks!$F$39<H$7),0,IF(H$7+3.5<Tasks!$E$39+(Tasks!$F$39-Tasks!$E$39+1)*N(Tasks!$G$39),2,IF(Tasks!$M$39=4,3,1))) | I41: =IF(OR(Tasks!$M$39=0,Tasks!$E$39>=I$7+7,Tasks!$F$39<I$7),0,IF(I$7+3.5<Tasks!$E$39+(Tasks!$F$39-Tasks!$E$39+1)*N(Tasks!$G$39),2,IF(Tasks!$M$39=4,3,1))) | J41: =IF(OR(Tasks!$M$39=0,Tasks!$E$39>=J$7+7,Tasks!$F$39<J$7),0,IF(J$7+3.5<Tasks!$E$39+(Tasks!$F$39-Tasks!$E$39+1)*N(Tasks!$G$39),2,IF(Tasks!$M$39=4,3,1))) | K41: =IF(OR(Tasks!$M$39=0,Tasks!$E$39>=K$7+7,Tasks!$F$39<K$7),0,IF(K$7+3.5<Tasks!$E$39+(Tasks!$F$39-Tasks!$E$39+1)*N(Tasks!$G$39),2,IF(Tasks!$M$39=4,3,1))) | L41: =IF(OR(Tasks!$M$39=0,Tasks!$E$39>=L$7+7,Tasks!$F$39<L$7),0,IF(L$7+3.5<Tasks!$E$39+(Tasks!$F$39-Tasks!$E$39+1)*N(Tasks!$G$39),2,IF(Tasks!$M$39=4,3,1))) | M41: =IF(OR(Tasks!$M$39=0,Tasks!$E$39>=M$7+7,Tasks!$F$39<M$7),0,IF(M$7+3.5<Tasks!$E$39+(Tasks!$F$39-Tasks!$E$39+1)*N(Tasks!$G$39),2,IF(Tasks!$M$39=4,3,1))) | N41: =IF(OR(Tasks!$M$39=0,Tasks!$E$39>=N$7+7,Tasks!$F$39<N$7),0,IF(N$7+3.5<Tasks!$E$39+(Tasks!$F$39-Tasks!$E$39+1)*N(Tasks!$G$39),2,IF(Tasks!$M$39=4,3,1))) | O41: =IF(OR(Tasks!$M$39=0,Tasks!$E$39>=O$7+7,Tasks!$F$39<O$7),0,IF(O$7+3.5<Tasks!$E$39+(Tasks!$F$39-Tasks!$E$39+1)*N(Tasks!$G$39),2,IF(Tasks!$M$39=4,3,1))) | ... AG41: =IF(OR(Tasks!$M$39=0,Tasks!$E$39>=AG$7+7,Tasks!$F$39<AG$7),0,IF(AG$7+3.5<Tasks!$E$39+(Tasks!$F$39-Tasks!$E$39+1)*N(Tasks!$G$39),2,IF(Tasks!$M$39=4,3,1)))
B42: =IF(Tasks!$C$40="","",Tasks!$A$40) | C42: =IF(Tasks!$C$40="","",Tasks!$C$40) | D42: =IF(Tasks!$C$40="","",Tasks!$D$40&"") | E42: =IF(N(Tasks!$E$40)=0,"",Tasks!$E$40) | F42: =IF(N(Tasks!$F$40)=0,"",Tasks!$F$40) | G42: =IF(Tasks!$C$40="","",N(Tasks!$G$40)) | H42: =IF(OR(Tasks!$M$40=0,Tasks!$E$40>=H$7+7,Tasks!$F$40<H$7),0,IF(H$7+3.5<Tasks!$E$40+(Tasks!$F$40-Tasks!$E$40+1)*N(Tasks!$G$40),2,IF(Tasks!$M$40=4,3,1))) | I42: =IF(OR(Tasks!$M$40=0,Tasks!$E$40>=I$7+7,Tasks!$F$40<I$7),0,IF(I$7+3.5<Tasks!$E$40+(Tasks!$F$40-Tasks!$E$40+1)*N(Tasks!$G$40),2,IF(Tasks!$M$40=4,3,1))) | J42: =IF(OR(Tasks!$M$40=0,Tasks!$E$40>=J$7+7,Tasks!$F$40<J$7),0,IF(J$7+3.5<Tasks!$E$40+(Tasks!$F$40-Tasks!$E$40+1)*N(Tasks!$G$40),2,IF(Tasks!$M$40=4,3,1))) | K42: =IF(OR(Tasks!$M$40=0,Tasks!$E$40>=K$7+7,Tasks!$F$40<K$7),0,IF(K$7+3.5<Tasks!$E$40+(Tasks!$F$40-Tasks!$E$40+1)*N(Tasks!$G$40),2,IF(Tasks!$M$40=4,3,1))) | L42: =IF(OR(Tasks!$M$40=0,Tasks!$E$40>=L$7+7,Tasks!$F$40<L$7),0,IF(L$7+3.5<Tasks!$E$40+(Tasks!$F$40-Tasks!$E$40+1)*N(Tasks!$G$40),2,IF(Tasks!$M$40=4,3,1))) | M42: =IF(OR(Tasks!$M$40=0,Tasks!$E$40>=M$7+7,Tasks!$F$40<M$7),0,IF(M$7+3.5<Tasks!$E$40+(Tasks!$F$40-Tasks!$E$40+1)*N(Tasks!$G$40),2,IF(Tasks!$M$40=4,3,1))) | N42: =IF(OR(Tasks!$M$40=0,Tasks!$E$40>=N$7+7,Tasks!$F$40<N$7),0,IF(N$7+3.5<Tasks!$E$40+(Tasks!$F$40-Tasks!$E$40+1)*N(Tasks!$G$40),2,IF(Tasks!$M$40=4,3,1))) | O42: =IF(OR(Tasks!$M$40=0,Tasks!$E$40>=O$7+7,Tasks!$F$40<O$7),0,IF(O$7+3.5<Tasks!$E$40+(Tasks!$F$40-Tasks!$E$40+1)*N(Tasks!$G$40),2,IF(Tasks!$M$40=4,3,1))) | ... AG42: =IF(OR(Tasks!$M$40=0,Tasks!$E$40>=AG$7+7,Tasks!$F$40<AG$7),0,IF(AG$7+3.5<Tasks!$E$40+(Tasks!$F$40-Tasks!$E$40+1)*N(Tasks!$G$40),2,IF(Tasks!$M$40=4,3,1)))
B43: =IF(Tasks!$C$41="","",Tasks!$A$41) | C43: =IF(Tasks!$C$41="","",Tasks!$C$41) | D43: =IF(Tasks!$C$41="","",Tasks!$D$41&"") | E43: =IF(N(Tasks!$E$41)=0,"",Tasks!$E$41) | F43: =IF(N(Tasks!$F$41)=0,"",Tasks!$F$41) | G43: =IF(Tasks!$C$41="","",N(Tasks!$G$41)) | H43: =IF(OR(Tasks!$M$41=0,Tasks!$E$41>=H$7+7,Tasks!$F$41<H$7),0,IF(H$7+3.5<Tasks!$E$41+(Tasks!$F$41-Tasks!$E$41+1)*N(Tasks!$G$41),2,IF(Tasks!$M$41=4,3,1))) | I43: =IF(OR(Tasks!$M$41=0,Tasks!$E$41>=I$7+7,Tasks!$F$41<I$7),0,IF(I$7+3.5<Tasks!$E$41+(Tasks!$F$41-Tasks!$E$41+1)*N(Tasks!$G$41),2,IF(Tasks!$M$41=4,3,1))) | J43: =IF(OR(Tasks!$M$41=0,Tasks!$E$41>=J$7+7,Tasks!$F$41<J$7),0,IF(J$7+3.5<Tasks!$E$41+(Tasks!$F$41-Tasks!$E$41+1)*N(Tasks!$G$41),2,IF(Tasks!$M$41=4,3,1))) | K43: =IF(OR(Tasks!$M$41=0,Tasks!$E$41>=K$7+7,Tasks!$F$41<K$7),0,IF(K$7+3.5<Tasks!$E$41+(Tasks!$F$41-Tasks!$E$41+1)*N(Tasks!$G$41),2,IF(Tasks!$M$41=4,3,1))) | L43: =IF(OR(Tasks!$M$41=0,Tasks!$E$41>=L$7+7,Tasks!$F$41<L$7),0,IF(L$7+3.5<Tasks!$E$41+(Tasks!$F$41-Tasks!$E$41+1)*N(Tasks!$G$41),2,IF(Tasks!$M$41=4,3,1))) | M43: =IF(OR(Tasks!$M$41=0,Tasks!$E$41>=M$7+7,Tasks!$F$41<M$7),0,IF(M$7+3.5<Tasks!$E$41+(Tasks!$F$41-Tasks!$E$41+1)*N(Tasks!$G$41),2,IF(Tasks!$M$41=4,3,1))) | N43: =IF(OR(Tasks!$M$41=0,Tasks!$E$41>=N$7+7,Tasks!$F$41<N$7),0,IF(N$7+3.5<Tasks!$E$41+(Tasks!$F$41-Tasks!$E$41+1)*N(Tasks!$G$41),2,IF(Tasks!$M$41=4,3,1))) | O43: =IF(OR(Tasks!$M$41=0,Tasks!$E$41>=O$7+7,Tasks!$F$41<O$7),0,IF(O$7+3.5<Tasks!$E$41+(Tasks!$F$41-Tasks!$E$41+1)*N(Tasks!$G$41),2,IF(Tasks!$M$41=4,3,1))) | ... AG43: =IF(OR(Tasks!$M$41=0,Tasks!$E$41>=AG$7+7,Tasks!$F$41<AG$7),0,IF(AG$7+3.5<Tasks!$E$41+(Tasks!$F$41-Tasks!$E$41+1)*N(Tasks!$G$41),2,IF(Tasks!$M$41=4,3,1)))
B44: =IF(Tasks!$C$42="","",Tasks!$A$42) | C44: =IF(Tasks!$C$42="","",Tasks!$C$42) | D44: =IF(Tasks!$C$42="","",Tasks!$D$42&"") | E44: =IF(N(Tasks!$E$42)=0,"",Tasks!$E$42) | F44: =IF(N(Tasks!$F$42)=0,"",Tasks!$F$42) | G44: =IF(Tasks!$C$42="","",N(Tasks!$G$42)) | H44: =IF(OR(Tasks!$M$42=0,Tasks!$E$42>=H$7+7,Tasks!$F$42<H$7),0,IF(H$7+3.5<Tasks!$E$42+(Tasks!$F$42-Tasks!$E$42+1)*N(Tasks!$G$42),2,IF(Tasks!$M$42=4,3,1))) | I44: =IF(OR(Tasks!$M$42=0,Tasks!$E$42>=I$7+7,Tasks!$F$42<I$7),0,IF(I$7+3.5<Tasks!$E$42+(Tasks!$F$42-Tasks!$E$42+1)*N(Tasks!$G$42),2,IF(Tasks!$M$42=4,3,1))) | J44: =IF(OR(Tasks!$M$42=0,Tasks!$E$42>=J$7+7,Tasks!$F$42<J$7),0,IF(J$7+3.5<Tasks!$E$42+(Tasks!$F$42-Tasks!$E$42+1)*N(Tasks!$G$42),2,IF(Tasks!$M$42=4,3,1))) | K44: =IF(OR(Tasks!$M$42=0,Tasks!$E$42>=K$7+7,Tasks!$F$42<K$7),0,IF(K$7+3.5<Tasks!$E$42+(Tasks!$F$42-Tasks!$E$42+1)*N(Tasks!$G$42),2,IF(Tasks!$M$42=4,3,1))) | L44: =IF(OR(Tasks!$M$42=0,Tasks!$E$42>=L$7+7,Tasks!$F$42<L$7),0,IF(L$7+3.5<Tasks!$E$42+(Tasks!$F$42-Tasks!$E$42+1)*N(Tasks!$G$42),2,IF(Tasks!$M$42=4,3,1))) | M44: =IF(OR(Tasks!$M$42=0,Tasks!$E$42>=M$7+7,Tasks!$F$42<M$7),0,IF(M$7+3.5<Tasks!$E$42+(Tasks!$F$42-Tasks!$E$42+1)*N(Tasks!$G$42),2,IF(Tasks!$M$42=4,3,1))) | N44: =IF(OR(Tasks!$M$42=0,Tasks!$E$42>=N$7+7,Tasks!$F$42<N$7),0,IF(N$7+3.5<Tasks!$E$42+(Tasks!$F$42-Tasks!$E$42+1)*N(Tasks!$G$42),2,IF(Tasks!$M$42=4,3,1))) | O44: =IF(OR(Tasks!$M$42=0,Tasks!$E$42>=O$7+7,Tasks!$F$42<O$7),0,IF(O$7+3.5<Tasks!$E$42+(Tasks!$F$42-Tasks!$E$42+1)*N(Tasks!$G$42),2,IF(Tasks!$M$42=4,3,1))) | ... AG44: =IF(OR(Tasks!$M$42=0,Tasks!$E$42>=AG$7+7,Tasks!$F$42<AG$7),0,IF(AG$7+3.5<Tasks!$E$42+(Tasks!$F$42-Tasks!$E$42+1)*N(Tasks!$G$42),2,IF(Tasks!$M$42=4,3,1)))
B45: =IF(Tasks!$C$43="","",Tasks!$A$43) | C45: =IF(Tasks!$C$43="","",Tasks!$C$43) | D45: =IF(Tasks!$C$43="","",Tasks!$D$43&"") | E45: =IF(N(Tasks!$E$43)=0,"",Tasks!$E$43) | F45: =IF(N(Tasks!$F$43)=0,"",Tasks!$F$43) | G45: =IF(Tasks!$C$43="","",N(Tasks!$G$43)) | H45: =IF(OR(Tasks!$M$43=0,Tasks!$E$43>=H$7+7,Tasks!$F$43<H$7),0,IF(H$7+3.5<Tasks!$E$43+(Tasks!$F$43-Tasks!$E$43+1)*N(Tasks!$G$43),2,IF(Tasks!$M$43=4,3,1))) | I45: =IF(OR(Tasks!$M$43=0,Tasks!$E$43>=I$7+7,Tasks!$F$43<I$7),0,IF(I$7+3.5<Tasks!$E$43+(Tasks!$F$43-Tasks!$E$43+1)*N(Tasks!$G$43),2,IF(Tasks!$M$43=4,3,1))) | J45: =IF(OR(Tasks!$M$43=0,Tasks!$E$43>=J$7+7,Tasks!$F$43<J$7),0,IF(J$7+3.5<Tasks!$E$43+(Tasks!$F$43-Tasks!$E$43+1)*N(Tasks!$G$43),2,IF(Tasks!$M$43=4,3,1))) | K45: =IF(OR(Tasks!$M$43=0,Tasks!$E$43>=K$7+7,Tasks!$F$43<K$7),0,IF(K$7+3.5<Tasks!$E$43+(Tasks!$F$43-Tasks!$E$43+1)*N(Tasks!$G$43),2,IF(Tasks!$M$43=4,3,1))) | L45: =IF(OR(Tasks!$M$43=0,Tasks!$E$43>=L$7+7,Tasks!$F$43<L$7),0,IF(L$7+3.5<Tasks!$E$43+(Tasks!$F$43-Tasks!$E$43+1)*N(Tasks!$G$43),2,IF(Tasks!$M$43=4,3,1))) | M45: =IF(OR(Tasks!$M$43=0,Tasks!$E$43>=M$7+7,Tasks!$F$43<M$7),0,IF(M$7+3.5<Tasks!$E$43+(Tasks!$F$43-Tasks!$E$43+1)*N(Tasks!$G$43),2,IF(Tasks!$M$43=4,3,1))) | N45: =IF(OR(Tasks!$M$43=0,Tasks!$E$43>=N$7+7,Tasks!$F$43<N$7),0,IF(N$7+3.5<Tasks!$E$43+(Tasks!$F$43-Tasks!$E$43+1)*N(Tasks!$G$43),2,IF(Tasks!$M$43=4,3,1))) | O45: =IF(OR(Tasks!$M$43=0,Tasks!$E$43>=O$7+7,Tasks!$F$43<O$7),0,IF(O$7+3.5<Tasks!$E$43+(Tasks!$F$43-Tasks!$E$43+1)*N(Tasks!$G$43),2,IF(Tasks!$M$43=4,3,1))) | ... AG45: =IF(OR(Tasks!$M$43=0,Tasks!$E$43>=AG$7+7,Tasks!$F$43<AG$7),0,IF(AG$7+3.5<Tasks!$E$43+(Tasks!$F$43-Tasks!$E$43+1)*N(Tasks!$G$43),2,IF(Tasks!$M$43=4,3,1)))
B46: =IF(Tasks!$C$44="","",Tasks!$A$44) | C46: =IF(Tasks!$C$44="","",Tasks!$C$44) | D46: =IF(Tasks!$C$44="","",Tasks!$D$44&"") | E46: =IF(N(Tasks!$E$44)=0,"",Tasks!$E$44) | F46: =IF(N(Tasks!$F$44)=0,"",Tasks!$F$44) | G46: =IF(Tasks!$C$44="","",N(Tasks!$G$44)) | H46: =IF(OR(Tasks!$M$44=0,Tasks!$E$44>=H$7+7,Tasks!$F$44<H$7),0,IF(H$7+3.5<Tasks!$E$44+(Tasks!$F$44-Tasks!$E$44+1)*N(Tasks!$G$44),2,IF(Tasks!$M$44=4,3,1))) | I46: =IF(OR(Tasks!$M$44=0,Tasks!$E$44>=I$7+7,Tasks!$F$44<I$7),0,IF(I$7+3.5<Tasks!$E$44+(Tasks!$F$44-Tasks!$E$44+1)*N(Tasks!$G$44),2,IF(Tasks!$M$44=4,3,1))) | J46: =IF(OR(Tasks!$M$44=0,Tasks!$E$44>=J$7+7,Tasks!$F$44<J$7),0,IF(J$7+3.5<Tasks!$E$44+(Tasks!$F$44-Tasks!$E$44+1)*N(Tasks!$G$44),2,IF(Tasks!$M$44=4,3,1))) | K46: =IF(OR(Tasks!$M$44=0,Tasks!$E$44>=K$7+7,Tasks!$F$44<K$7),0,IF(K$7+3.5<Tasks!$E$44+(Tasks!$F$44-Tasks!$E$44+1)*N(Tasks!$G$44),2,IF(Tasks!$M$44=4,3,1))) | L46: =IF(OR(Tasks!$M$44=0,Tasks!$E$44>=L$7+7,Tasks!$F$44<L$7),0,IF(L$7+3.5<Tasks!$E$44+(Tasks!$F$44-Tasks!$E$44+1)*N(Tasks!$G$44),2,IF(Tasks!$M$44=4,3,1))) | M46: =IF(OR(Tasks!$M$44=0,Tasks!$E$44>=M$7+7,Tasks!$F$44<M$7),0,IF(M$7+3.5<Tasks!$E$44+(Tasks!$F$44-Tasks!$E$44+1)*N(Tasks!$G$44),2,IF(Tasks!$M$44=4,3,1))) | N46: =IF(OR(Tasks!$M$44=0,Tasks!$E$44>=N$7+7,Tasks!$F$44<N$7),0,IF(N$7+3.5<Tasks!$E$44+(Tasks!$F$44-Tasks!$E$44+1)*N(Tasks!$G$44),2,IF(Tasks!$M$44=4,3,1))) | O46: =IF(OR(Tasks!$M$44=0,Tasks!$E$44>=O$7+7,Tasks!$F$44<O$7),0,IF(O$7+3.5<Tasks!$E$44+(Tasks!$F$44-Tasks!$E$44+1)*N(Tasks!$G$44),2,IF(Tasks!$M$44=4,3,1))) | ... AG46: =IF(OR(Tasks!$M$44=0,Tasks!$E$44>=AG$7+7,Tasks!$F$44<AG$7),0,IF(AG$7+3.5<Tasks!$E$44+(Tasks!$F$44-Tasks!$E$44+1)*N(Tasks!$G$44),2,IF(Tasks!$M$44=4,3,1)))
B47: =IF(Tasks!$C$45="","",Tasks!$A$45) | C47: =IF(Tasks!$C$45="","",Tasks!$C$45) | D47: =IF(Tasks!$C$45="","",Tasks!$D$45&"") | E47: =IF(N(Tasks!$E$45)=0,"",Tasks!$E$45) | F47: =IF(N(Tasks!$F$45)=0,"",Tasks!$F$45) | G47: =IF(Tasks!$C$45="","",N(Tasks!$G$45)) | H47: =IF(OR(Tasks!$M$45=0,Tasks!$E$45>=H$7+7,Tasks!$F$45<H$7),0,IF(H$7+3.5<Tasks!$E$45+(Tasks!$F$45-Tasks!$E$45+1)*N(Tasks!$G$45),2,IF(Tasks!$M$45=4,3,1))) | I47: =IF(OR(Tasks!$M$45=0,Tasks!$E$45>=I$7+7,Tasks!$F$45<I$7),0,IF(I$7+3.5<Tasks!$E$45+(Tasks!$F$45-Tasks!$E$45+1)*N(Tasks!$G$45),2,IF(Tasks!$M$45=4,3,1))) | J47: =IF(OR(Tasks!$M$45=0,Tasks!$E$45>=J$7+7,Tasks!$F$45<J$7),0,IF(J$7+3.5<Tasks!$E$45+(Tasks!$F$45-Tasks!$E$45+1)*N(Tasks!$G$45),2,IF(Tasks!$M$45=4,3,1))) | K47: =IF(OR(Tasks!$M$45=0,Tasks!$E$45>=K$7+7,Tasks!$F$45<K$7),0,IF(K$7+3.5<Tasks!$E$45+(Tasks!$F$45-Tasks!$E$45+1)*N(Tasks!$G$45),2,IF(Tasks!$M$45=4,3,1))) | L47: =IF(OR(Tasks!$M$45=0,Tasks!$E$45>=L$7+7,Tasks!$F$45<L$7),0,IF(L$7+3.5<Tasks!$E$45+(Tasks!$F$45-Tasks!$E$45+1)*N(Tasks!$G$45),2,IF(Tasks!$M$45=4,3,1))) | M47: =IF(OR(Tasks!$M$45=0,Tasks!$E$45>=M$7+7,Tasks!$F$45<M$7),0,IF(M$7+3.5<Tasks!$E$45+(Tasks!$F$45-Tasks!$E$45+1)*N(Tasks!$G$45),2,IF(Tasks!$M$45=4,3,1))) | N47: =IF(OR(Tasks!$M$45=0,Tasks!$E$45>=N$7+7,Tasks!$F$45<N$7),0,IF(N$7+3.5<Tasks!$E$45+(Tasks!$F$45-Tasks!$E$45+1)*N(Tasks!$G$45),2,IF(Tasks!$M$45=4,3,1))) | O47: =IF(OR(Tasks!$M$45=0,Tasks!$E$45>=O$7+7,Tasks!$F$45<O$7),0,IF(O$7+3.5<Tasks!$E$45+(Tasks!$F$45-Tasks!$E$45+1)*N(Tasks!$G$45),2,IF(Tasks!$M$45=4,3,1))) | ... AG47: =IF(OR(Tasks!$M$45=0,Tasks!$E$45>=AG$7+7,Tasks!$F$45<AG$7),0,IF(AG$7+3.5<Tasks!$E$45+(Tasks!$F$45-Tasks!$E$45+1)*N(Tasks!$G$45),2,IF(Tasks!$M$45=4,3,1)))
B48: =IF(Tasks!$C$46="","",Tasks!$A$46) | C48: =IF(Tasks!$C$46="","",Tasks!$C$46) | D48: =IF(Tasks!$C$46="","",Tasks!$D$46&"") | E48: =IF(N(Tasks!$E$46)=0,"",Tasks!$E$46) | F48: =IF(N(Tasks!$F$46)=0,"",Tasks!$F$46) | G48: =IF(Tasks!$C$46="","",N(Tasks!$G$46)) | H48: =IF(OR(Tasks!$M$46=0,Tasks!$E$46>=H$7+7,Tasks!$F$46<H$7),0,IF(H$7+3.5<Tasks!$E$46+(Tasks!$F$46-Tasks!$E$46+1)*N(Tasks!$G$46),2,IF(Tasks!$M$46=4,3,1))) | I48: =IF(OR(Tasks!$M$46=0,Tasks!$E$46>=I$7+7,Tasks!$F$46<I$7),0,IF(I$7+3.5<Tasks!$E$46+(Tasks!$F$46-Tasks!$E$46+1)*N(Tasks!$G$46),2,IF(Tasks!$M$46=4,3,1))) | J48: =IF(OR(Tasks!$M$46=0,Tasks!$E$46>=J$7+7,Tasks!$F$46<J$7),0,IF(J$7+3.5<Tasks!$E$46+(Tasks!$F$46-Tasks!$E$46+1)*N(Tasks!$G$46),2,IF(Tasks!$M$46=4,3,1))) | K48: =IF(OR(Tasks!$M$46=0,Tasks!$E$46>=K$7+7,Tasks!$F$46<K$7),0,IF(K$7+3.5<Tasks!$E$46+(Tasks!$F$46-Tasks!$E$46+1)*N(Tasks!$G$46),2,IF(Tasks!$M$46=4,3,1))) | L48: =IF(OR(Tasks!$M$46=0,Tasks!$E$46>=L$7+7,Tasks!$F$46<L$7),0,IF(L$7+3.5<Tasks!$E$46+(Tasks!$F$46-Tasks!$E$46+1)*N(Tasks!$G$46),2,IF(Tasks!$M$46=4,3,1))) | M48: =IF(OR(Tasks!$M$46=0,Tasks!$E$46>=M$7+7,Tasks!$F$46<M$7),0,IF(M$7+3.5<Tasks!$E$46+(Tasks!$F$46-Tasks!$E$46+1)*N(Tasks!$G$46),2,IF(Tasks!$M$46=4,3,1))) | N48: =IF(OR(Tasks!$M$46=0,Tasks!$E$46>=N$7+7,Tasks!$F$46<N$7),0,IF(N$7+3.5<Tasks!$E$46+(Tasks!$F$46-Tasks!$E$46+1)*N(Tasks!$G$46),2,IF(Tasks!$M$46=4,3,1))) | O48: =IF(OR(Tasks!$M$46=0,Tasks!$E$46>=O$7+7,Tasks!$F$46<O$7),0,IF(O$7+3.5<Tasks!$E$46+(Tasks!$F$46-Tasks!$E$46+1)*N(Tasks!$G$46),2,IF(Tasks!$M$46=4,3,1))) | ... AG48: =IF(OR(Tasks!$M$46=0,Tasks!$E$46>=AG$7+7,Tasks!$F$46<AG$7),0,IF(AG$7+3.5<Tasks!$E$46+(Tasks!$F$46-Tasks!$E$46+1)*N(Tasks!$G$46),2,IF(Tasks!$M$46=4,3,1)))
B49: =IF(Tasks!$C$47="","",Tasks!$A$47) | C49: =IF(Tasks!$C$47="","",Tasks!$C$47) | D49: =IF(Tasks!$C$47="","",Tasks!$D$47&"") | E49: =IF(N(Tasks!$E$47)=0,"",Tasks!$E$47) | F49: =IF(N(Tasks!$F$47)=0,"",Tasks!$F$47) | G49: =IF(Tasks!$C$47="","",N(Tasks!$G$47)) | H49: =IF(OR(Tasks!$M$47=0,Tasks!$E$47>=H$7+7,Tasks!$F$47<H$7),0,IF(H$7+3.5<Tasks!$E$47+(Tasks!$F$47-Tasks!$E$47+1)*N(Tasks!$G$47),2,IF(Tasks!$M$47=4,3,1))) | I49: =IF(OR(Tasks!$M$47=0,Tasks!$E$47>=I$7+7,Tasks!$F$47<I$7),0,IF(I$7+3.5<Tasks!$E$47+(Tasks!$F$47-Tasks!$E$47+1)*N(Tasks!$G$47),2,IF(Tasks!$M$47=4,3,1))) | J49: =IF(OR(Tasks!$M$47=0,Tasks!$E$47>=J$7+7,Tasks!$F$47<J$7),0,IF(J$7+3.5<Tasks!$E$47+(Tasks!$F$47-Tasks!$E$47+1)*N(Tasks!$G$47),2,IF(Tasks!$M$47=4,3,1))) | K49: =IF(OR(Tasks!$M$47=0,Tasks!$E$47>=K$7+7,Tasks!$F$47<K$7),0,IF(K$7+3.5<Tasks!$E$47+(Tasks!$F$47-Tasks!$E$47+1)*N(Tasks!$G$47),2,IF(Tasks!$M$47=4,3,1))) | L49: =IF(OR(Tasks!$M$47=0,Tasks!$E$47>=L$7+7,Tasks!$F$47<L$7),0,IF(L$7+3.5<Tasks!$E$47+(Tasks!$F$47-Tasks!$E$47+1)*N(Tasks!$G$47),2,IF(Tasks!$M$47=4,3,1))) | M49: =IF(OR(Tasks!$M$47=0,Tasks!$E$47>=M$7+7,Tasks!$F$47<M$7),0,IF(M$7+3.5<Tasks!$E$47+(Tasks!$F$47-Tasks!$E$47+1)*N(Tasks!$G$47),2,IF(Tasks!$M$47=4,3,1))) | N49: =IF(OR(Tasks!$M$47=0,Tasks!$E$47>=N$7+7,Tasks!$F$47<N$7),0,IF(N$7+3.5<Tasks!$E$47+(Tasks!$F$47-Tasks!$E$47+1)*N(Tasks!$G$47),2,IF(Tasks!$M$47=4,3,1))) | O49: =IF(OR(Tasks!$M$47=0,Tasks!$E$47>=O$7+7,Tasks!$F$47<O$7),0,IF(O$7+3.5<Tasks!$E$47+(Tasks!$F$47-Tasks!$E$47+1)*N(Tasks!$G$47),2,IF(Tasks!$M$47=4,3,1))) | ... AG49: =IF(OR(Tasks!$M$47=0,Tasks!$E$47>=AG$7+7,Tasks!$F$47<AG$7),0,IF(AG$7+3.5<Tasks!$E$47+(Tasks!$F$47-Tasks!$E$47+1)*N(Tasks!$G$47),2,IF(Tasks!$M$47=4,3,1)))
B50: =IF(Tasks!$C$48="","",Tasks!$A$48) | C50: =IF(Tasks!$C$48="","",Tasks!$C$48) | D50: =IF(Tasks!$C$48="","",Tasks!$D$48&"") | E50: =IF(N(Tasks!$E$48)=0,"",Tasks!$E$48) | F50: =IF(N(Tasks!$F$48)=0,"",Tasks!$F$48) | G50: =IF(Tasks!$C$48="","",N(Tasks!$G$48)) | H50: =IF(OR(Tasks!$M$48=0,Tasks!$E$48>=H$7+7,Tasks!$F$48<H$7),0,IF(H$7+3.5<Tasks!$E$48+(Tasks!$F$48-Tasks!$E$48+1)*N(Tasks!$G$48),2,IF(Tasks!$M$48=4,3,1))) | I50: =IF(OR(Tasks!$M$48=0,Tasks!$E$48>=I$7+7,Tasks!$F$48<I$7),0,IF(I$7+3.5<Tasks!$E$48+(Tasks!$F$48-Tasks!$E$48+1)*N(Tasks!$G$48),2,IF(Tasks!$M$48=4,3,1))) | J50: =IF(OR(Tasks!$M$48=0,Tasks!$E$48>=J$7+7,Tasks!$F$48<J$7),0,IF(J$7+3.5<Tasks!$E$48+(Tasks!$F$48-Tasks!$E$48+1)*N(Tasks!$G$48),2,IF(Tasks!$M$48=4,3,1))) | K50: =IF(OR(Tasks!$M$48=0,Tasks!$E$48>=K$7+7,Tasks!$F$48<K$7),0,IF(K$7+3.5<Tasks!$E$48+(Tasks!$F$48-Tasks!$E$48+1)*N(Tasks!$G$48),2,IF(Tasks!$M$48=4,3,1))) | L50: =IF(OR(Tasks!$M$48=0,Tasks!$E$48>=L$7+7,Tasks!$F$48<L$7),0,IF(L$7+3.5<Tasks!$E$48+(Tasks!$F$48-Tasks!$E$48+1)*N(Tasks!$G$48),2,IF(Tasks!$M$48=4,3,1))) | M50: =IF(OR(Tasks!$M$48=0,Tasks!$E$48>=M$7+7,Tasks!$F$48<M$7),0,IF(M$7+3.5<Tasks!$E$48+(Tasks!$F$48-Tasks!$E$48+1)*N(Tasks!$G$48),2,IF(Tasks!$M$48=4,3,1))) | N50: =IF(OR(Tasks!$M$48=0,Tasks!$E$48>=N$7+7,Tasks!$F$48<N$7),0,IF(N$7+3.5<Tasks!$E$48+(Tasks!$F$48-Tasks!$E$48+1)*N(Tasks!$G$48),2,IF(Tasks!$M$48=4,3,1))) | O50: =IF(OR(Tasks!$M$48=0,Tasks!$E$48>=O$7+7,Tasks!$F$48<O$7),0,IF(O$7+3.5<Tasks!$E$48+(Tasks!$F$48-Tasks!$E$48+1)*N(Tasks!$G$48),2,IF(Tasks!$M$48=4,3,1))) | ... AG50: =IF(OR(Tasks!$M$48=0,Tasks!$E$48>=AG$7+7,Tasks!$F$48<AG$7),0,IF(AG$7+3.5<Tasks!$E$48+(Tasks!$F$48-Tasks!$E$48+1)*N(Tasks!$G$48),2,IF(Tasks!$M$48=4,3,1)))
B51: =IF(Tasks!$C$49="","",Tasks!$A$49) | C51: =IF(Tasks!$C$49="","",Tasks!$C$49) | D51: =IF(Tasks!$C$49="","",Tasks!$D$49&"") | E51: =IF(N(Tasks!$E$49)=0,"",Tasks!$E$49) | F51: =IF(N(Tasks!$F$49)=0,"",Tasks!$F$49) | G51: =IF(Tasks!$C$49="","",N(Tasks!$G$49)) | H51: =IF(OR(Tasks!$M$49=0,Tasks!$E$49>=H$7+7,Tasks!$F$49<H$7),0,IF(H$7+3.5<Tasks!$E$49+(Tasks!$F$49-Tasks!$E$49+1)*N(Tasks!$G$49),2,IF(Tasks!$M$49=4,3,1))) | I51: =IF(OR(Tasks!$M$49=0,Tasks!$E$49>=I$7+7,Tasks!$F$49<I$7),0,IF(I$7+3.5<Tasks!$E$49+(Tasks!$F$49-Tasks!$E$49+1)*N(Tasks!$G$49),2,IF(Tasks!$M$49=4,3,1))) | J51: =IF(OR(Tasks!$M$49=0,Tasks!$E$49>=J$7+7,Tasks!$F$49<J$7),0,IF(J$7+3.5<Tasks!$E$49+(Tasks!$F$49-Tasks!$E$49+1)*N(Tasks!$G$49),2,IF(Tasks!$M$49=4,3,1))) | K51: =IF(OR(Tasks!$M$49=0,Tasks!$E$49>=K$7+7,Tasks!$F$49<K$7),0,IF(K$7+3.5<Tasks!$E$49+(Tasks!$F$49-Tasks!$E$49+1)*N(Tasks!$G$49),2,IF(Tasks!$M$49=4,3,1))) | L51: =IF(OR(Tasks!$M$49=0,Tasks!$E$49>=L$7+7,Tasks!$F$49<L$7),0,IF(L$7+3.5<Tasks!$E$49+(Tasks!$F$49-Tasks!$E$49+1)*N(Tasks!$G$49),2,IF(Tasks!$M$49=4,3,1))) | M51: =IF(OR(Tasks!$M$49=0,Tasks!$E$49>=M$7+7,Tasks!$F$49<M$7),0,IF(M$7+3.5<Tasks!$E$49+(Tasks!$F$49-Tasks!$E$49+1)*N(Tasks!$G$49),2,IF(Tasks!$M$49=4,3,1))) | N51: =IF(OR(Tasks!$M$49=0,Tasks!$E$49>=N$7+7,Tasks!$F$49<N$7),0,IF(N$7+3.5<Tasks!$E$49+(Tasks!$F$49-Tasks!$E$49+1)*N(Tasks!$G$49),2,IF(Tasks!$M$49=4,3,1))) | O51: =IF(OR(Tasks!$M$49=0,Tasks!$E$49>=O$7+7,Tasks!$F$49<O$7),0,IF(O$7+3.5<Tasks!$E$49+(Tasks!$F$49-Tasks!$E$49+1)*N(Tasks!$G$49),2,IF(Tasks!$M$49=4,3,1))) | ... AG51: =IF(OR(Tasks!$M$49=0,Tasks!$E$49>=AG$7+7,Tasks!$F$49<AG$7),0,IF(AG$7+3.5<Tasks!$E$49+(Tasks!$F$49-Tasks!$E$49+1)*N(Tasks!$G$49),2,IF(Tasks!$M$49=4,3,1)))
B52: =IF(Tasks!$C$50="","",Tasks!$A$50) | C52: =IF(Tasks!$C$50="","",Tasks!$C$50) | D52: =IF(Tasks!$C$50="","",Tasks!$D$50&"") | E52: =IF(N(Tasks!$E$50)=0,"",Tasks!$E$50) | F52: =IF(N(Tasks!$F$50)=0,"",Tasks!$F$50) | G52: =IF(Tasks!$C$50="","",N(Tasks!$G$50)) | H52: =IF(OR(Tasks!$M$50=0,Tasks!$E$50>=H$7+7,Tasks!$F$50<H$7),0,IF(H$7+3.5<Tasks!$E$50+(Tasks!$F$50-Tasks!$E$50+1)*N(Tasks!$G$50),2,IF(Tasks!$M$50=4,3,1))) | I52: =IF(OR(Tasks!$M$50=0,Tasks!$E$50>=I$7+7,Tasks!$F$50<I$7),0,IF(I$7+3.5<Tasks!$E$50+(Tasks!$F$50-Tasks!$E$50+1)*N(Tasks!$G$50),2,IF(Tasks!$M$50=4,3,1))) | J52: =IF(OR(Tasks!$M$50=0,Tasks!$E$50>=J$7+7,Tasks!$F$50<J$7),0,IF(J$7+3.5<Tasks!$E$50+(Tasks!$F$50-Tasks!$E$50+1)*N(Tasks!$G$50),2,IF(Tasks!$M$50=4,3,1))) | K52: =IF(OR(Tasks!$M$50=0,Tasks!$E$50>=K$7+7,Tasks!$F$50<K$7),0,IF(K$7+3.5<Tasks!$E$50+(Tasks!$F$50-Tasks!$E$50+1)*N(Tasks!$G$50),2,IF(Tasks!$M$50=4,3,1))) | L52: =IF(OR(Tasks!$M$50=0,Tasks!$E$50>=L$7+7,Tasks!$F$50<L$7),0,IF(L$7+3.5<Tasks!$E$50+(Tasks!$F$50-Tasks!$E$50+1)*N(Tasks!$G$50),2,IF(Tasks!$M$50=4,3,1))) | M52: =IF(OR(Tasks!$M$50=0,Tasks!$E$50>=M$7+7,Tasks!$F$50<M$7),0,IF(M$7+3.5<Tasks!$E$50+(Tasks!$F$50-Tasks!$E$50+1)*N(Tasks!$G$50),2,IF(Tasks!$M$50=4,3,1))) | N52: =IF(OR(Tasks!$M$50=0,Tasks!$E$50>=N$7+7,Tasks!$F$50<N$7),0,IF(N$7+3.5<Tasks!$E$50+(Tasks!$F$50-Tasks!$E$50+1)*N(Tasks!$G$50),2,IF(Tasks!$M$50=4,3,1))) | O52: =IF(OR(Tasks!$M$50=0,Tasks!$E$50>=O$7+7,Tasks!$F$50<O$7),0,IF(O$7+3.5<Tasks!$E$50+(Tasks!$F$50-Tasks!$E$50+1)*N(Tasks!$G$50),2,IF(Tasks!$M$50=4,3,1))) | ... AG52: =IF(OR(Tasks!$M$50=0,Tasks!$E$50>=AG$7+7,Tasks!$F$50<AG$7),0,IF(AG$7+3.5<Tasks!$E$50+(Tasks!$F$50-Tasks!$E$50+1)*N(Tasks!$G$50),2,IF(Tasks!$M$50=4,3,1)))
B53: =IF(Tasks!$C$51="","",Tasks!$A$51) | C53: =IF(Tasks!$C$51="","",Tasks!$C$51) | D53: =IF(Tasks!$C$51="","",Tasks!$D$51&"") | E53: =IF(N(Tasks!$E$51)=0,"",Tasks!$E$51) | F53: =IF(N(Tasks!$F$51)=0,"",Tasks!$F$51) | G53: =IF(Tasks!$C$51="","",N(Tasks!$G$51)) | H53: =IF(OR(Tasks!$M$51=0,Tasks!$E$51>=H$7+7,Tasks!$F$51<H$7),0,IF(H$7+3.5<Tasks!$E$51+(Tasks!$F$51-Tasks!$E$51+1)*N(Tasks!$G$51),2,IF(Tasks!$M$51=4,3,1))) | I53: =IF(OR(Tasks!$M$51=0,Tasks!$E$51>=I$7+7,Tasks!$F$51<I$7),0,IF(I$7+3.5<Tasks!$E$51+(Tasks!$F$51-Tasks!$E$51+1)*N(Tasks!$G$51),2,IF(Tasks!$M$51=4,3,1))) | J53: =IF(OR(Tasks!$M$51=0,Tasks!$E$51>=J$7+7,Tasks!$F$51<J$7),0,IF(J$7+3.5<Tasks!$E$51+(Tasks!$F$51-Tasks!$E$51+1)*N(Tasks!$G$51),2,IF(Tasks!$M$51=4,3,1))) | K53: =IF(OR(Tasks!$M$51=0,Tasks!$E$51>=K$7+7,Tasks!$F$51<K$7),0,IF(K$7+3.5<Tasks!$E$51+(Tasks!$F$51-Tasks!$E$51+1)*N(Tasks!$G$51),2,IF(Tasks!$M$51=4,3,1))) | L53: =IF(OR(Tasks!$M$51=0,Tasks!$E$51>=L$7+7,Tasks!$F$51<L$7),0,IF(L$7+3.5<Tasks!$E$51+(Tasks!$F$51-Tasks!$E$51+1)*N(Tasks!$G$51),2,IF(Tasks!$M$51=4,3,1))) | M53: =IF(OR(Tasks!$M$51=0,Tasks!$E$51>=M$7+7,Tasks!$F$51<M$7),0,IF(M$7+3.5<Tasks!$E$51+(Tasks!$F$51-Tasks!$E$51+1)*N(Tasks!$G$51),2,IF(Tasks!$M$51=4,3,1))) | N53: =IF(OR(Tasks!$M$51=0,Tasks!$E$51>=N$7+7,Tasks!$F$51<N$7),0,IF(N$7+3.5<Tasks!$E$51+(Tasks!$F$51-Tasks!$E$51+1)*N(Tasks!$G$51),2,IF(Tasks!$M$51=4,3,1))) | O53: =IF(OR(Tasks!$M$51=0,Tasks!$E$51>=O$7+7,Tasks!$F$51<O$7),0,IF(O$7+3.5<Tasks!$E$51+(Tasks!$F$51-Tasks!$E$51+1)*N(Tasks!$G$51),2,IF(Tasks!$M$51=4,3,1))) | ... AG53: =IF(OR(Tasks!$M$51=0,Tasks!$E$51>=AG$7+7,Tasks!$F$51<AG$7),0,IF(AG$7+3.5<Tasks!$E$51+(Tasks!$F$51-Tasks!$E$51+1)*N(Tasks!$G$51),2,IF(Tasks!$M$51=4,3,1)))
B54: =IF(Tasks!$C$52="","",Tasks!$A$52) | C54: =IF(Tasks!$C$52="","",Tasks!$C$52) | D54: =IF(Tasks!$C$52="","",Tasks!$D$52&"") | E54: =IF(N(Tasks!$E$52)=0,"",Tasks!$E$52) | F54: =IF(N(Tasks!$F$52)=0,"",Tasks!$F$52) | G54: =IF(Tasks!$C$52="","",N(Tasks!$G$52)) | H54: =IF(OR(Tasks!$M$52=0,Tasks!$E$52>=H$7+7,Tasks!$F$52<H$7),0,IF(H$7+3.5<Tasks!$E$52+(Tasks!$F$52-Tasks!$E$52+1)*N(Tasks!$G$52),2,IF(Tasks!$M$52=4,3,1))) | I54: =IF(OR(Tasks!$M$52=0,Tasks!$E$52>=I$7+7,Tasks!$F$52<I$7),0,IF(I$7+3.5<Tasks!$E$52+(Tasks!$F$52-Tasks!$E$52+1)*N(Tasks!$G$52),2,IF(Tasks!$M$52=4,3,1))) | J54: =IF(OR(Tasks!$M$52=0,Tasks!$E$52>=J$7+7,Tasks!$F$52<J$7),0,IF(J$7+3.5<Tasks!$E$52+(Tasks!$F$52-Tasks!$E$52+1)*N(Tasks!$G$52),2,IF(Tasks!$M$52=4,3,1))) | K54: =IF(OR(Tasks!$M$52=0,Tasks!$E$52>=K$7+7,Tasks!$F$52<K$7),0,IF(K$7+3.5<Tasks!$E$52+(Tasks!$F$52-Tasks!$E$52+1)*N(Tasks!$G$52),2,IF(Tasks!$M$52=4,3,1))) | L54: =IF(OR(Tasks!$M$52=0,Tasks!$E$52>=L$7+7,Tasks!$F$52<L$7),0,IF(L$7+3.5<Tasks!$E$52+(Tasks!$F$52-Tasks!$E$52+1)*N(Tasks!$G$52),2,IF(Tasks!$M$52=4,3,1))) | M54: =IF(OR(Tasks!$M$52=0,Tasks!$E$52>=M$7+7,Tasks!$F$52<M$7),0,IF(M$7+3.5<Tasks!$E$52+(Tasks!$F$52-Tasks!$E$52+1)*N(Tasks!$G$52),2,IF(Tasks!$M$52=4,3,1))) | N54: =IF(OR(Tasks!$M$52=0,Tasks!$E$52>=N$7+7,Tasks!$F$52<N$7),0,IF(N$7+3.5<Tasks!$E$52+(Tasks!$F$52-Tasks!$E$52+1)*N(Tasks!$G$52),2,IF(Tasks!$M$52=4,3,1))) | O54: =IF(OR(Tasks!$M$52=0,Tasks!$E$52>=O$7+7,Tasks!$F$52<O$7),0,IF(O$7+3.5<Tasks!$E$52+(Tasks!$F$52-Tasks!$E$52+1)*N(Tasks!$G$52),2,IF(Tasks!$M$52=4,3,1))) | ... AG54: =IF(OR(Tasks!$M$52=0,Tasks!$E$52>=AG$7+7,Tasks!$F$52<AG$7),0,IF(AG$7+3.5<Tasks!$E$52+(Tasks!$F$52-Tasks!$E$52+1)*N(Tasks!$G$52),2,IF(Tasks!$M$52=4,3,1)))
B55: =IF(Tasks!$C$53="","",Tasks!$A$53) | C55: =IF(Tasks!$C$53="","",Tasks!$C$53) | D55: =IF(Tasks!$C$53="","",Tasks!$D$53&"") | E55: =IF(N(Tasks!$E$53)=0,"",Tasks!$E$53) | F55: =IF(N(Tasks!$F$53)=0,"",Tasks!$F$53) | G55: =IF(Tasks!$C$53="","",N(Tasks!$G$53)) | H55: =IF(OR(Tasks!$M$53=0,Tasks!$E$53>=H$7+7,Tasks!$F$53<H$7),0,IF(H$7+3.5<Tasks!$E$53+(Tasks!$F$53-Tasks!$E$53+1)*N(Tasks!$G$53),2,IF(Tasks!$M$53=4,3,1))) | I55: =IF(OR(Tasks!$M$53=0,Tasks!$E$53>=I$7+7,Tasks!$F$53<I$7),0,IF(I$7+3.5<Tasks!$E$53+(Tasks!$F$53-Tasks!$E$53+1)*N(Tasks!$G$53),2,IF(Tasks!$M$53=4,3,1))) | J55: =IF(OR(Tasks!$M$53=0,Tasks!$E$53>=J$7+7,Tasks!$F$53<J$7),0,IF(J$7+3.5<Tasks!$E$53+(Tasks!$F$53-Tasks!$E$53+1)*N(Tasks!$G$53),2,IF(Tasks!$M$53=4,3,1))) | K55: =IF(OR(Tasks!$M$53=0,Tasks!$E$53>=K$7+7,Tasks!$F$53<K$7),0,IF(K$7+3.5<Tasks!$E$53+(Tasks!$F$53-Tasks!$E$53+1)*N(Tasks!$G$53),2,IF(Tasks!$M$53=4,3,1))) | L55: =IF(OR(Tasks!$M$53=0,Tasks!$E$53>=L$7+7,Tasks!$F$53<L$7),0,IF(L$7+3.5<Tasks!$E$53+(Tasks!$F$53-Tasks!$E$53+1)*N(Tasks!$G$53),2,IF(Tasks!$M$53=4,3,1))) | M55: =IF(OR(Tasks!$M$53=0,Tasks!$E$53>=M$7+7,Tasks!$F$53<M$7),0,IF(M$7+3.5<Tasks!$E$53+(Tasks!$F$53-Tasks!$E$53+1)*N(Tasks!$G$53),2,IF(Tasks!$M$53=4,3,1))) | N55: =IF(OR(Tasks!$M$53=0,Tasks!$E$53>=N$7+7,Tasks!$F$53<N$7),0,IF(N$7+3.5<Tasks!$E$53+(Tasks!$F$53-Tasks!$E$53+1)*N(Tasks!$G$53),2,IF(Tasks!$M$53=4,3,1))) | O55: =IF(OR(Tasks!$M$53=0,Tasks!$E$53>=O$7+7,Tasks!$F$53<O$7),0,IF(O$7+3.5<Tasks!$E$53+(Tasks!$F$53-Tasks!$E$53+1)*N(Tasks!$G$53),2,IF(Tasks!$M$53=4,3,1))) | ... AG55: =IF(OR(Tasks!$M$53=0,Tasks!$E$53>=AG$7+7,Tasks!$F$53<AG$7),0,IF(AG$7+3.5<Tasks!$E$53+(Tasks!$F$53-Tasks!$E$53+1)*N(Tasks!$G$53),2,IF(Tasks!$M$53=4,3,1)))
B56: =IF(Tasks!$C$54="","",Tasks!$A$54) | C56: =IF(Tasks!$C$54="","",Tasks!$C$54) | D56: =IF(Tasks!$C$54="","",Tasks!$D$54&"") | E56: =IF(N(Tasks!$E$54)=0,"",Tasks!$E$54) | F56: =IF(N(Tasks!$F$54)=0,"",Tasks!$F$54) | G56: =IF(Tasks!$C$54="","",N(Tasks!$G$54)) | H56: =IF(OR(Tasks!$M$54=0,Tasks!$E$54>=H$7+7,Tasks!$F$54<H$7),0,IF(H$7+3.5<Tasks!$E$54+(Tasks!$F$54-Tasks!$E$54+1)*N(Tasks!$G$54),2,IF(Tasks!$M$54=4,3,1))) | I56: =IF(OR(Tasks!$M$54=0,Tasks!$E$54>=I$7+7,Tasks!$F$54<I$7),0,IF(I$7+3.5<Tasks!$E$54+(Tasks!$F$54-Tasks!$E$54+1)*N(Tasks!$G$54),2,IF(Tasks!$M$54=4,3,1))) | J56: =IF(OR(Tasks!$M$54=0,Tasks!$E$54>=J$7+7,Tasks!$F$54<J$7),0,IF(J$7+3.5<Tasks!$E$54+(Tasks!$F$54-Tasks!$E$54+1)*N(Tasks!$G$54),2,IF(Tasks!$M$54=4,3,1))) | K56: =IF(OR(Tasks!$M$54=0,Tasks!$E$54>=K$7+7,Tasks!$F$54<K$7),0,IF(K$7+3.5<Tasks!$E$54+(Tasks!$F$54-Tasks!$E$54+1)*N(Tasks!$G$54),2,IF(Tasks!$M$54=4,3,1))) | L56: =IF(OR(Tasks!$M$54=0,Tasks!$E$54>=L$7+7,Tasks!$F$54<L$7),0,IF(L$7+3.5<Tasks!$E$54+(Tasks!$F$54-Tasks!$E$54+1)*N(Tasks!$G$54),2,IF(Tasks!$M$54=4,3,1))) | M56: =IF(OR(Tasks!$M$54=0,Tasks!$E$54>=M$7+7,Tasks!$F$54<M$7),0,IF(M$7+3.5<Tasks!$E$54+(Tasks!$F$54-Tasks!$E$54+1)*N(Tasks!$G$54),2,IF(Tasks!$M$54=4,3,1))) | N56: =IF(OR(Tasks!$M$54=0,Tasks!$E$54>=N$7+7,Tasks!$F$54<N$7),0,IF(N$7+3.5<Tasks!$E$54+(Tasks!$F$54-Tasks!$E$54+1)*N(Tasks!$G$54),2,IF(Tasks!$M$54=4,3,1))) | O56: =IF(OR(Tasks!$M$54=0,Tasks!$E$54>=O$7+7,Tasks!$F$54<O$7),0,IF(O$7+3.5<Tasks!$E$54+(Tasks!$F$54-Tasks!$E$54+1)*N(Tasks!$G$54),2,IF(Tasks!$M$54=4,3,1))) | ... AG56: =IF(OR(Tasks!$M$54=0,Tasks!$E$54>=AG$7+7,Tasks!$F$54<AG$7),0,IF(AG$7+3.5<Tasks!$E$54+(Tasks!$F$54-Tasks!$E$54+1)*N(Tasks!$G$54),2,IF(Tasks!$M$54=4,3,1)))
B57: =IF(Tasks!$C$55="","",Tasks!$A$55) | C57: =IF(Tasks!$C$55="","",Tasks!$C$55) | D57: =IF(Tasks!$C$55="","",Tasks!$D$55&"") | E57: =IF(N(Tasks!$E$55)=0,"",Tasks!$E$55) | F57: =IF(N(Tasks!$F$55)=0,"",Tasks!$F$55) | G57: =IF(Tasks!$C$55="","",N(Tasks!$G$55)) | H57: =IF(OR(Tasks!$M$55=0,Tasks!$E$55>=H$7+7,Tasks!$F$55<H$7),0,IF(H$7+3.5<Tasks!$E$55+(Tasks!$F$55-Tasks!$E$55+1)*N(Tasks!$G$55),2,IF(Tasks!$M$55=4,3,1))) | I57: =IF(OR(Tasks!$M$55=0,Tasks!$E$55>=I$7+7,Tasks!$F$55<I$7),0,IF(I$7+3.5<Tasks!$E$55+(Tasks!$F$55-Tasks!$E$55+1)*N(Tasks!$G$55),2,IF(Tasks!$M$55=4,3,1))) | J57: =IF(OR(Tasks!$M$55=0,Tasks!$E$55>=J$7+7,Tasks!$F$55<J$7),0,IF(J$7+3.5<Tasks!$E$55+(Tasks!$F$55-Tasks!$E$55+1)*N(Tasks!$G$55),2,IF(Tasks!$M$55=4,3,1))) | K57: =IF(OR(Tasks!$M$55=0,Tasks!$E$55>=K$7+7,Tasks!$F$55<K$7),0,IF(K$7+3.5<Tasks!$E$55+(Tasks!$F$55-Tasks!$E$55+1)*N(Tasks!$G$55),2,IF(Tasks!$M$55=4,3,1))) | L57: =IF(OR(Tasks!$M$55=0,Tasks!$E$55>=L$7+7,Tasks!$F$55<L$7),0,IF(L$7+3.5<Tasks!$E$55+(Tasks!$F$55-Tasks!$E$55+1)*N(Tasks!$G$55),2,IF(Tasks!$M$55=4,3,1))) | M57: =IF(OR(Tasks!$M$55=0,Tasks!$E$55>=M$7+7,Tasks!$F$55<M$7),0,IF(M$7+3.5<Tasks!$E$55+(Tasks!$F$55-Tasks!$E$55+1)*N(Tasks!$G$55),2,IF(Tasks!$M$55=4,3,1))) | N57: =IF(OR(Tasks!$M$55=0,Tasks!$E$55>=N$7+7,Tasks!$F$55<N$7),0,IF(N$7+3.5<Tasks!$E$55+(Tasks!$F$55-Tasks!$E$55+1)*N(Tasks!$G$55),2,IF(Tasks!$M$55=4,3,1))) | O57: =IF(OR(Tasks!$M$55=0,Tasks!$E$55>=O$7+7,Tasks!$F$55<O$7),0,IF(O$7+3.5<Tasks!$E$55+(Tasks!$F$55-Tasks!$E$55+1)*N(Tasks!$G$55),2,IF(Tasks!$M$55=4,3,1))) | ... AG57: =IF(OR(Tasks!$M$55=0,Tasks!$E$55>=AG$7+7,Tasks!$F$55<AG$7),0,IF(AG$7+3.5<Tasks!$E$55+(Tasks!$F$55-Tasks!$E$55+1)*N(Tasks!$G$55),2,IF(Tasks!$M$55=4,3,1)))
B58: =IF(Tasks!$C$56="","",Tasks!$A$56) | C58: =IF(Tasks!$C$56="","",Tasks!$C$56) | D58: =IF(Tasks!$C$56="","",Tasks!$D$56&"") | E58: =IF(N(Tasks!$E$56)=0,"",Tasks!$E$56) | F58: =IF(N(Tasks!$F$56)=0,"",Tasks!$F$56) | G58: =IF(Tasks!$C$56="","",N(Tasks!$G$56)) | H58: =IF(OR(Tasks!$M$56=0,Tasks!$E$56>=H$7+7,Tasks!$F$56<H$7),0,IF(H$7+3.5<Tasks!$E$56+(Tasks!$F$56-Tasks!$E$56+1)*N(Tasks!$G$56),2,IF(Tasks!$M$56=4,3,1))) | I58: =IF(OR(Tasks!$M$56=0,Tasks!$E$56>=I$7+7,Tasks!$F$56<I$7),0,IF(I$7+3.5<Tasks!$E$56+(Tasks!$F$56-Tasks!$E$56+1)*N(Tasks!$G$56),2,IF(Tasks!$M$56=4,3,1))) | J58: =IF(OR(Tasks!$M$56=0,Tasks!$E$56>=J$7+7,Tasks!$F$56<J$7),0,IF(J$7+3.5<Tasks!$E$56+(Tasks!$F$56-Tasks!$E$56+1)*N(Tasks!$G$56),2,IF(Tasks!$M$56=4,3,1))) | K58: =IF(OR(Tasks!$M$56=0,Tasks!$E$56>=K$7+7,Tasks!$F$56<K$7),0,IF(K$7+3.5<Tasks!$E$56+(Tasks!$F$56-Tasks!$E$56+1)*N(Tasks!$G$56),2,IF(Tasks!$M$56=4,3,1))) | L58: =IF(OR(Tasks!$M$56=0,Tasks!$E$56>=L$7+7,Tasks!$F$56<L$7),0,IF(L$7+3.5<Tasks!$E$56+(Tasks!$F$56-Tasks!$E$56+1)*N(Tasks!$G$56),2,IF(Tasks!$M$56=4,3,1))) | M58: =IF(OR(Tasks!$M$56=0,Tasks!$E$56>=M$7+7,Tasks!$F$56<M$7),0,IF(M$7+3.5<Tasks!$E$56+(Tasks!$F$56-Tasks!$E$56+1)*N(Tasks!$G$56),2,IF(Tasks!$M$56=4,3,1))) | N58: =IF(OR(Tasks!$M$56=0,Tasks!$E$56>=N$7+7,Tasks!$F$56<N$7),0,IF(N$7+3.5<Tasks!$E$56+(Tasks!$F$56-Tasks!$E$56+1)*N(Tasks!$G$56),2,IF(Tasks!$M$56=4,3,1))) | O58: =IF(OR(Tasks!$M$56=0,Tasks!$E$56>=O$7+7,Tasks!$F$56<O$7),0,IF(O$7+3.5<Tasks!$E$56+(Tasks!$F$56-Tasks!$E$56+1)*N(Tasks!$G$56),2,IF(Tasks!$M$56=4,3,1))) | ... AG58: =IF(OR(Tasks!$M$56=0,Tasks!$E$56>=AG$7+7,Tasks!$F$56<AG$7),0,IF(AG$7+3.5<Tasks!$E$56+(Tasks!$F$56-Tasks!$E$56+1)*N(Tasks!$G$56),2,IF(Tasks!$M$56=4,3,1)))
B59: =IF(Tasks!$C$57="","",Tasks!$A$57) | C59: =IF(Tasks!$C$57="","",Tasks!$C$57) | D59: =IF(Tasks!$C$57="","",Tasks!$D$57&"") | E59: =IF(N(Tasks!$E$57)=0,"",Tasks!$E$57) | F59: =IF(N(Tasks!$F$57)=0,"",Tasks!$F$57) | G59: =IF(Tasks!$C$57="","",N(Tasks!$G$57)) | H59: =IF(OR(Tasks!$M$57=0,Tasks!$E$57>=H$7+7,Tasks!$F$57<H$7),0,IF(H$7+3.5<Tasks!$E$57+(Tasks!$F$57-Tasks!$E$57+1)*N(Tasks!$G$57),2,IF(Tasks!$M$57=4,3,1))) | I59: =IF(OR(Tasks!$M$57=0,Tasks!$E$57>=I$7+7,Tasks!$F$57<I$7),0,IF(I$7+3.5<Tasks!$E$57+(Tasks!$F$57-Tasks!$E$57+1)*N(Tasks!$G$57),2,IF(Tasks!$M$57=4,3,1))) | J59: =IF(OR(Tasks!$M$57=0,Tasks!$E$57>=J$7+7,Tasks!$F$57<J$7),0,IF(J$7+3.5<Tasks!$E$57+(Tasks!$F$57-Tasks!$E$57+1)*N(Tasks!$G$57),2,IF(Tasks!$M$57=4,3,1))) | K59: =IF(OR(Tasks!$M$57=0,Tasks!$E$57>=K$7+7,Tasks!$F$57<K$7),0,IF(K$7+3.5<Tasks!$E$57+(Tasks!$F$57-Tasks!$E$57+1)*N(Tasks!$G$57),2,IF(Tasks!$M$57=4,3,1))) | L59: =IF(OR(Tasks!$M$57=0,Tasks!$E$57>=L$7+7,Tasks!$F$57<L$7),0,IF(L$7+3.5<Tasks!$E$57+(Tasks!$F$57-Tasks!$E$57+1)*N(Tasks!$G$57),2,IF(Tasks!$M$57=4,3,1))) | M59: =IF(OR(Tasks!$M$57=0,Tasks!$E$57>=M$7+7,Tasks!$F$57<M$7),0,IF(M$7+3.5<Tasks!$E$57+(Tasks!$F$57-Tasks!$E$57+1)*N(Tasks!$G$57),2,IF(Tasks!$M$57=4,3,1))) | N59: =IF(OR(Tasks!$M$57=0,Tasks!$E$57>=N$7+7,Tasks!$F$57<N$7),0,IF(N$7+3.5<Tasks!$E$57+(Tasks!$F$57-Tasks!$E$57+1)*N(Tasks!$G$57),2,IF(Tasks!$M$57=4,3,1))) | O59: =IF(OR(Tasks!$M$57=0,Tasks!$E$57>=O$7+7,Tasks!$F$57<O$7),0,IF(O$7+3.5<Tasks!$E$57+(Tasks!$F$57-Tasks!$E$57+1)*N(Tasks!$G$57),2,IF(Tasks!$M$57=4,3,1))) | ... AG59: =IF(OR(Tasks!$M$57=0,Tasks!$E$57>=AG$7+7,Tasks!$F$57<AG$7),0,IF(AG$7+3.5<Tasks!$E$57+(Tasks!$F$57-Tasks!$E$57+1)*N(Tasks!$G$57),2,IF(Tasks!$M$57=4,3,1)))
B60: =IF(Tasks!$C$58="","",Tasks!$A$58) | C60: =IF(Tasks!$C$58="","",Tasks!$C$58) | D60: =IF(Tasks!$C$58="","",Tasks!$D$58&"") | E60: =IF(N(Tasks!$E$58)=0,"",Tasks!$E$58) | F60: =IF(N(Tasks!$F$58)=0,"",Tasks!$F$58) | G60: =IF(Tasks!$C$58="","",N(Tasks!$G$58)) | H60: =IF(OR(Tasks!$M$58=0,Tasks!$E$58>=H$7+7,Tasks!$F$58<H$7),0,IF(H$7+3.5<Tasks!$E$58+(Tasks!$F$58-Tasks!$E$58+1)*N(Tasks!$G$58),2,IF(Tasks!$M$58=4,3,1))) | I60: =IF(OR(Tasks!$M$58=0,Tasks!$E$58>=I$7+7,Tasks!$F$58<I$7),0,IF(I$7+3.5<Tasks!$E$58+(Tasks!$F$58-Tasks!$E$58+1)*N(Tasks!$G$58),2,IF(Tasks!$M$58=4,3,1))) | J60: =IF(OR(Tasks!$M$58=0,Tasks!$E$58>=J$7+7,Tasks!$F$58<J$7),0,IF(J$7+3.5<Tasks!$E$58+(Tasks!$F$58-Tasks!$E$58+1)*N(Tasks!$G$58),2,IF(Tasks!$M$58=4,3,1))) | K60: =IF(OR(Tasks!$M$58=0,Tasks!$E$58>=K$7+7,Tasks!$F$58<K$7),0,IF(K$7+3.5<Tasks!$E$58+(Tasks!$F$58-Tasks!$E$58+1)*N(Tasks!$G$58),2,IF(Tasks!$M$58=4,3,1))) | L60: =IF(OR(Tasks!$M$58=0,Tasks!$E$58>=L$7+7,Tasks!$F$58<L$7),0,IF(L$7+3.5<Tasks!$E$58+(Tasks!$F$58-Tasks!$E$58+1)*N(Tasks!$G$58),2,IF(Tasks!$M$58=4,3,1))) | M60: =IF(OR(Tasks!$M$58=0,Tasks!$E$58>=M$7+7,Tasks!$F$58<M$7),0,IF(M$7+3.5<Tasks!$E$58+(Tasks!$F$58-Tasks!$E$58+1)*N(Tasks!$G$58),2,IF(Tasks!$M$58=4,3,1))) | N60: =IF(OR(Tasks!$M$58=0,Tasks!$E$58>=N$7+7,Tasks!$F$58<N$7),0,IF(N$7+3.5<Tasks!$E$58+(Tasks!$F$58-Tasks!$E$58+1)*N(Tasks!$G$58),2,IF(Tasks!$M$58=4,3,1))) | O60: =IF(OR(Tasks!$M$58=0,Tasks!$E$58>=O$7+7,Tasks!$F$58<O$7),0,IF(O$7+3.5<Tasks!$E$58+(Tasks!$F$58-Tasks!$E$58+1)*N(Tasks!$G$58),2,IF(Tasks!$M$58=4,3,1))) | ... AG60: =IF(OR(Tasks!$M$58=0,Tasks!$E$58>=AG$7+7,Tasks!$F$58<AG$7),0,IF(AG$7+3.5<Tasks!$E$58+(Tasks!$F$58-Tasks!$E$58+1)*N(Tasks!$G$58),2,IF(Tasks!$M$58=4,3,1)))
B61: =IF(Tasks!$C$59="","",Tasks!$A$59) | C61: =IF(Tasks!$C$59="","",Tasks!$C$59) | D61: =IF(Tasks!$C$59="","",Tasks!$D$59&"") | E61: =IF(N(Tasks!$E$59)=0,"",Tasks!$E$59) | F61: =IF(N(Tasks!$F$59)=0,"",Tasks!$F$59) | G61: =IF(Tasks!$C$59="","",N(Tasks!$G$59)) | H61: =IF(OR(Tasks!$M$59=0,Tasks!$E$59>=H$7+7,Tasks!$F$59<H$7),0,IF(H$7+3.5<Tasks!$E$59+(Tasks!$F$59-Tasks!$E$59+1)*N(Tasks!$G$59),2,IF(Tasks!$M$59=4,3,1))) | I61: =IF(OR(Tasks!$M$59=0,Tasks!$E$59>=I$7+7,Tasks!$F$59<I$7),0,IF(I$7+3.5<Tasks!$E$59+(Tasks!$F$59-Tasks!$E$59+1)*N(Tasks!$G$59),2,IF(Tasks!$M$59=4,3,1))) | J61: =IF(OR(Tasks!$M$59=0,Tasks!$E$59>=J$7+7,Tasks!$F$59<J$7),0,IF(J$7+3.5<Tasks!$E$59+(Tasks!$F$59-Tasks!$E$59+1)*N(Tasks!$G$59),2,IF(Tasks!$M$59=4,3,1))) | K61: =IF(OR(Tasks!$M$59=0,Tasks!$E$59>=K$7+7,Tasks!$F$59<K$7),0,IF(K$7+3.5<Tasks!$E$59+(Tasks!$F$59-Tasks!$E$59+1)*N(Tasks!$G$59),2,IF(Tasks!$M$59=4,3,1))) | L61: =IF(OR(Tasks!$M$59=0,Tasks!$E$59>=L$7+7,Tasks!$F$59<L$7),0,IF(L$7+3.5<Tasks!$E$59+(Tasks!$F$59-Tasks!$E$59+1)*N(Tasks!$G$59),2,IF(Tasks!$M$59=4,3,1))) | M61: =IF(OR(Tasks!$M$59=0,Tasks!$E$59>=M$7+7,Tasks!$F$59<M$7),0,IF(M$7+3.5<Tasks!$E$59+(Tasks!$F$59-Tasks!$E$59+1)*N(Tasks!$G$59),2,IF(Tasks!$M$59=4,3,1))) | N61: =IF(OR(Tasks!$M$59=0,Tasks!$E$59>=N$7+7,Tasks!$F$59<N$7),0,IF(N$7+3.5<Tasks!$E$59+(Tasks!$F$59-Tasks!$E$59+1)*N(Tasks!$G$59),2,IF(Tasks!$M$59=4,3,1))) | O61: =IF(OR(Tasks!$M$59=0,Tasks!$E$59>=O$7+7,Tasks!$F$59<O$7),0,IF(O$7+3.5<Tasks!$E$59+(Tasks!$F$59-Tasks!$E$59+1)*N(Tasks!$G$59),2,IF(Tasks!$M$59=4,3,1))) | ... AG61: =IF(OR(Tasks!$M$59=0,Tasks!$E$59>=AG$7+7,Tasks!$F$59<AG$7),0,IF(AG$7+3.5<Tasks!$E$59+(Tasks!$F$59-Tasks!$E$59+1)*N(Tasks!$G$59),2,IF(Tasks!$M$59=4,3,1)))
B62: =IF(Tasks!$C$60="","",Tasks!$A$60) | C62: =IF(Tasks!$C$60="","",Tasks!$C$60) | D62: =IF(Tasks!$C$60="","",Tasks!$D$60&"") | E62: =IF(N(Tasks!$E$60)=0,"",Tasks!$E$60) | F62: =IF(N(Tasks!$F$60)=0,"",Tasks!$F$60) | G62: =IF(Tasks!$C$60="","",N(Tasks!$G$60)) | H62: =IF(OR(Tasks!$M$60=0,Tasks!$E$60>=H$7+7,Tasks!$F$60<H$7),0,IF(H$7+3.5<Tasks!$E$60+(Tasks!$F$60-Tasks!$E$60+1)*N(Tasks!$G$60),2,IF(Tasks!$M$60=4,3,1))) | I62: =IF(OR(Tasks!$M$60=0,Tasks!$E$60>=I$7+7,Tasks!$F$60<I$7),0,IF(I$7+3.5<Tasks!$E$60+(Tasks!$F$60-Tasks!$E$60+1)*N(Tasks!$G$60),2,IF(Tasks!$M$60=4,3,1))) | J62: =IF(OR(Tasks!$M$60=0,Tasks!$E$60>=J$7+7,Tasks!$F$60<J$7),0,IF(J$7+3.5<Tasks!$E$60+(Tasks!$F$60-Tasks!$E$60+1)*N(Tasks!$G$60),2,IF(Tasks!$M$60=4,3,1))) | K62: =IF(OR(Tasks!$M$60=0,Tasks!$E$60>=K$7+7,Tasks!$F$60<K$7),0,IF(K$7+3.5<Tasks!$E$60+(Tasks!$F$60-Tasks!$E$60+1)*N(Tasks!$G$60),2,IF(Tasks!$M$60=4,3,1))) | L62: =IF(OR(Tasks!$M$60=0,Tasks!$E$60>=L$7+7,Tasks!$F$60<L$7),0,IF(L$7+3.5<Tasks!$E$60+(Tasks!$F$60-Tasks!$E$60+1)*N(Tasks!$G$60),2,IF(Tasks!$M$60=4,3,1))) | M62: =IF(OR(Tasks!$M$60=0,Tasks!$E$60>=M$7+7,Tasks!$F$60<M$7),0,IF(M$7+3.5<Tasks!$E$60+(Tasks!$F$60-Tasks!$E$60+1)*N(Tasks!$G$60),2,IF(Tasks!$M$60=4,3,1))) | N62: =IF(OR(Tasks!$M$60=0,Tasks!$E$60>=N$7+7,Tasks!$F$60<N$7),0,IF(N$7+3.5<Tasks!$E$60+(Tasks!$F$60-Tasks!$E$60+1)*N(Tasks!$G$60),2,IF(Tasks!$M$60=4,3,1))) | O62: =IF(OR(Tasks!$M$60=0,Tasks!$E$60>=O$7+7,Tasks!$F$60<O$7),0,IF(O$7+3.5<Tasks!$E$60+(Tasks!$F$60-Tasks!$E$60+1)*N(Tasks!$G$60),2,IF(Tasks!$M$60=4,3,1))) | ... AG62: =IF(OR(Tasks!$M$60=0,Tasks!$E$60>=AG$7+7,Tasks!$F$60<AG$7),0,IF(AG$7+3.5<Tasks!$E$60+(Tasks!$F$60-Tasks!$E$60+1)*N(Tasks!$G$60),2,IF(Tasks!$M$60=4,3,1)))
B63: =IF(Tasks!$C$61="","",Tasks!$A$61) | C63: =IF(Tasks!$C$61="","",Tasks!$C$61) | D63: =IF(Tasks!$C$61="","",Tasks!$D$61&"") | E63: =IF(N(Tasks!$E$61)=0,"",Tasks!$E$61) | F63: =IF(N(Tasks!$F$61)=0,"",Tasks!$F$61) | G63: =IF(Tasks!$C$61="","",N(Tasks!$G$61)) | H63: =IF(OR(Tasks!$M$61=0,Tasks!$E$61>=H$7+7,Tasks!$F$61<H$7),0,IF(H$7+3.5<Tasks!$E$61+(Tasks!$F$61-Tasks!$E$61+1)*N(Tasks!$G$61),2,IF(Tasks!$M$61=4,3,1))) | I63: =IF(OR(Tasks!$M$61=0,Tasks!$E$61>=I$7+7,Tasks!$F$61<I$7),0,IF(I$7+3.5<Tasks!$E$61+(Tasks!$F$61-Tasks!$E$61+1)*N(Tasks!$G$61),2,IF(Tasks!$M$61=4,3,1))) | J63: =IF(OR(Tasks!$M$61=0,Tasks!$E$61>=J$7+7,Tasks!$F$61<J$7),0,IF(J$7+3.5<Tasks!$E$61+(Tasks!$F$61-Tasks!$E$61+1)*N(Tasks!$G$61),2,IF(Tasks!$M$61=4,3,1))) | K63: =IF(OR(Tasks!$M$61=0,Tasks!$E$61>=K$7+7,Tasks!$F$61<K$7),0,IF(K$7+3.5<Tasks!$E$61+(Tasks!$F$61-Tasks!$E$61+1)*N(Tasks!$G$61),2,IF(Tasks!$M$61=4,3,1))) | L63: =IF(OR(Tasks!$M$61=0,Tasks!$E$61>=L$7+7,Tasks!$F$61<L$7),0,IF(L$7+3.5<Tasks!$E$61+(Tasks!$F$61-Tasks!$E$61+1)*N(Tasks!$G$61),2,IF(Tasks!$M$61=4,3,1))) | M63: =IF(OR(Tasks!$M$61=0,Tasks!$E$61>=M$7+7,Tasks!$F$61<M$7),0,IF(M$7+3.5<Tasks!$E$61+(Tasks!$F$61-Tasks!$E$61+1)*N(Tasks!$G$61),2,IF(Tasks!$M$61=4,3,1))) | N63: =IF(OR(Tasks!$M$61=0,Tasks!$E$61>=N$7+7,Tasks!$F$61<N$7),0,IF(N$7+3.5<Tasks!$E$61+(Tasks!$F$61-Tasks!$E$61+1)*N(Tasks!$G$61),2,IF(Tasks!$M$61=4,3,1))) | O63: =IF(OR(Tasks!$M$61=0,Tasks!$E$61>=O$7+7,Tasks!$F$61<O$7),0,IF(O$7+3.5<Tasks!$E$61+(Tasks!$F$61-Tasks!$E$61+1)*N(Tasks!$G$61),2,IF(Tasks!$M$61=4,3,1))) | ... AG63: =IF(OR(Tasks!$M$61=0,Tasks!$E$61>=AG$7+7,Tasks!$F$61<AG$7),0,IF(AG$7+3.5<Tasks!$E$61+(Tasks!$F$61-Tasks!$E$61+1)*N(Tasks!$G$61),2,IF(Tasks!$M$61=4,3,1)))
B64: =IF(Tasks!$C$62="","",Tasks!$A$62) | C64: =IF(Tasks!$C$62="","",Tasks!$C$62) | D64: =IF(Tasks!$C$62="","",Tasks!$D$62&"") | E64: =IF(N(Tasks!$E$62)=0,"",Tasks!$E$62) | F64: =IF(N(Tasks!$F$62)=0,"",Tasks!$F$62) | G64: =IF(Tasks!$C$62="","",N(Tasks!$G$62)) | H64: =IF(OR(Tasks!$M$62=0,Tasks!$E$62>=H$7+7,Tasks!$F$62<H$7),0,IF(H$7+3.5<Tasks!$E$62+(Tasks!$F$62-Tasks!$E$62+1)*N(Tasks!$G$62),2,IF(Tasks!$M$62=4,3,1))) | I64: =IF(OR(Tasks!$M$62=0,Tasks!$E$62>=I$7+7,Tasks!$F$62<I$7),0,IF(I$7+3.5<Tasks!$E$62+(Tasks!$F$62-Tasks!$E$62+1)*N(Tasks!$G$62),2,IF(Tasks!$M$62=4,3,1))) | J64: =IF(OR(Tasks!$M$62=0,Tasks!$E$62>=J$7+7,Tasks!$F$62<J$7),0,IF(J$7+3.5<Tasks!$E$62+(Tasks!$F$62-Tasks!$E$62+1)*N(Tasks!$G$62),2,IF(Tasks!$M$62=4,3,1))) | K64: =IF(OR(Tasks!$M$62=0,Tasks!$E$62>=K$7+7,Tasks!$F$62<K$7),0,IF(K$7+3.5<Tasks!$E$62+(Tasks!$F$62-Tasks!$E$62+1)*N(Tasks!$G$62),2,IF(Tasks!$M$62=4,3,1))) | L64: =IF(OR(Tasks!$M$62=0,Tasks!$E$62>=L$7+7,Tasks!$F$62<L$7),0,IF(L$7+3.5<Tasks!$E$62+(Tasks!$F$62-Tasks!$E$62+1)*N(Tasks!$G$62),2,IF(Tasks!$M$62=4,3,1))) | M64: =IF(OR(Tasks!$M$62=0,Tasks!$E$62>=M$7+7,Tasks!$F$62<M$7),0,IF(M$7+3.5<Tasks!$E$62+(Tasks!$F$62-Tasks!$E$62+1)*N(Tasks!$G$62),2,IF(Tasks!$M$62=4,3,1))) | N64: =IF(OR(Tasks!$M$62=0,Tasks!$E$62>=N$7+7,Tasks!$F$62<N$7),0,IF(N$7+3.5<Tasks!$E$62+(Tasks!$F$62-Tasks!$E$62+1)*N(Tasks!$G$62),2,IF(Tasks!$M$62=4,3,1))) | O64: =IF(OR(Tasks!$M$62=0,Tasks!$E$62>=O$7+7,Tasks!$F$62<O$7),0,IF(O$7+3.5<Tasks!$E$62+(Tasks!$F$62-Tasks!$E$62+1)*N(Tasks!$G$62),2,IF(Tasks!$M$62=4,3,1))) | ... AG64: =IF(OR(Tasks!$M$62=0,Tasks!$E$62>=AG$7+7,Tasks!$F$62<AG$7),0,IF(AG$7+3.5<Tasks!$E$62+(Tasks!$F$62-Tasks!$E$62+1)*N(Tasks!$G$62),2,IF(Tasks!$M$62=4,3,1)))
B65: =IF(Tasks!$C$63="","",Tasks!$A$63) | C65: =IF(Tasks!$C$63="","",Tasks!$C$63) | D65: =IF(Tasks!$C$63="","",Tasks!$D$63&"") | E65: =IF(N(Tasks!$E$63)=0,"",Tasks!$E$63) | F65: =IF(N(Tasks!$F$63)=0,"",Tasks!$F$63) | G65: =IF(Tasks!$C$63="","",N(Tasks!$G$63)) | H65: =IF(OR(Tasks!$M$63=0,Tasks!$E$63>=H$7+7,Tasks!$F$63<H$7),0,IF(H$7+3.5<Tasks!$E$63+(Tasks!$F$63-Tasks!$E$63+1)*N(Tasks!$G$63),2,IF(Tasks!$M$63=4,3,1))) | I65: =IF(OR(Tasks!$M$63=0,Tasks!$E$63>=I$7+7,Tasks!$F$63<I$7),0,IF(I$7+3.5<Tasks!$E$63+(Tasks!$F$63-Tasks!$E$63+1)*N(Tasks!$G$63),2,IF(Tasks!$M$63=4,3,1))) | J65: =IF(OR(Tasks!$M$63=0,Tasks!$E$63>=J$7+7,Tasks!$F$63<J$7),0,IF(J$7+3.5<Tasks!$E$63+(Tasks!$F$63-Tasks!$E$63+1)*N(Tasks!$G$63),2,IF(Tasks!$M$63=4,3,1))) | K65: =IF(OR(Tasks!$M$63=0,Tasks!$E$63>=K$7+7,Tasks!$F$63<K$7),0,IF(K$7+3.5<Tasks!$E$63+(Tasks!$F$63-Tasks!$E$63+1)*N(Tasks!$G$63),2,IF(Tasks!$M$63=4,3,1))) | L65: =IF(OR(Tasks!$M$63=0,Tasks!$E$63>=L$7+7,Tasks!$F$63<L$7),0,IF(L$7+3.5<Tasks!$E$63+(Tasks!$F$63-Tasks!$E$63+1)*N(Tasks!$G$63),2,IF(Tasks!$M$63=4,3,1))) | M65: =IF(OR(Tasks!$M$63=0,Tasks!$E$63>=M$7+7,Tasks!$F$63<M$7),0,IF(M$7+3.5<Tasks!$E$63+(Tasks!$F$63-Tasks!$E$63+1)*N(Tasks!$G$63),2,IF(Tasks!$M$63=4,3,1))) | N65: =IF(OR(Tasks!$M$63=0,Tasks!$E$63>=N$7+7,Tasks!$F$63<N$7),0,IF(N$7+3.5<Tasks!$E$63+(Tasks!$F$63-Tasks!$E$63+1)*N(Tasks!$G$63),2,IF(Tasks!$M$63=4,3,1))) | O65: =IF(OR(Tasks!$M$63=0,Tasks!$E$63>=O$7+7,Tasks!$F$63<O$7),0,IF(O$7+3.5<Tasks!$E$63+(Tasks!$F$63-Tasks!$E$63+1)*N(Tasks!$G$63),2,IF(Tasks!$M$63=4,3,1))) | ... AG65: =IF(OR(Tasks!$M$63=0,Tasks!$E$63>=AG$7+7,Tasks!$F$63<AG$7),0,IF(AG$7+3.5<Tasks!$E$63+(Tasks!$F$63-Tasks!$E$63+1)*N(Tasks!$G$63),2,IF(Tasks!$M$63=4,3,1)))
B66: =IF(Tasks!$C$64="","",Tasks!$A$64) | C66: =IF(Tasks!$C$64="","",Tasks!$C$64) | D66: =IF(Tasks!$C$64="","",Tasks!$D$64&"") | E66: =IF(N(Tasks!$E$64)=0,"",Tasks!$E$64) | F66: =IF(N(Tasks!$F$64)=0,"",Tasks!$F$64) | G66: =IF(Tasks!$C$64="","",N(Tasks!$G$64)) | H66: =IF(OR(Tasks!$M$64=0,Tasks!$E$64>=H$7+7,Tasks!$F$64<H$7),0,IF(H$7+3.5<Tasks!$E$64+(Tasks!$F$64-Tasks!$E$64+1)*N(Tasks!$G$64),2,IF(Tasks!$M$64=4,3,1))) | I66: =IF(OR(Tasks!$M$64=0,Tasks!$E$64>=I$7+7,Tasks!$F$64<I$7),0,IF(I$7+3.5<Tasks!$E$64+(Tasks!$F$64-Tasks!$E$64+1)*N(Tasks!$G$64),2,IF(Tasks!$M$64=4,3,1))) | J66: =IF(OR(Tasks!$M$64=0,Tasks!$E$64>=J$7+7,Tasks!$F$64<J$7),0,IF(J$7+3.5<Tasks!$E$64+(Tasks!$F$64-Tasks!$E$64+1)*N(Tasks!$G$64),2,IF(Tasks!$M$64=4,3,1))) | K66: =IF(OR(Tasks!$M$64=0,Tasks!$E$64>=K$7+7,Tasks!$F$64<K$7),0,IF(K$7+3.5<Tasks!$E$64+(Tasks!$F$64-Tasks!$E$64+1)*N(Tasks!$G$64),2,IF(Tasks!$M$64=4,3,1))) | L66: =IF(OR(Tasks!$M$64=0,Tasks!$E$64>=L$7+7,Tasks!$F$64<L$7),0,IF(L$7+3.5<Tasks!$E$64+(Tasks!$F$64-Tasks!$E$64+1)*N(Tasks!$G$64),2,IF(Tasks!$M$64=4,3,1))) | M66: =IF(OR(Tasks!$M$64=0,Tasks!$E$64>=M$7+7,Tasks!$F$64<M$7),0,IF(M$7+3.5<Tasks!$E$64+(Tasks!$F$64-Tasks!$E$64+1)*N(Tasks!$G$64),2,IF(Tasks!$M$64=4,3,1))) | N66: =IF(OR(Tasks!$M$64=0,Tasks!$E$64>=N$7+7,Tasks!$F$64<N$7),0,IF(N$7+3.5<Tasks!$E$64+(Tasks!$F$64-Tasks!$E$64+1)*N(Tasks!$G$64),2,IF(Tasks!$M$64=4,3,1))) | O66: =IF(OR(Tasks!$M$64=0,Tasks!$E$64>=O$7+7,Tasks!$F$64<O$7),0,IF(O$7+3.5<Tasks!$E$64+(Tasks!$F$64-Tasks!$E$64+1)*N(Tasks!$G$64),2,IF(Tasks!$M$64=4,3,1))) | ... AG66: =IF(OR(Tasks!$M$64=0,Tasks!$E$64>=AG$7+7,Tasks!$F$64<AG$7),0,IF(AG$7+3.5<Tasks!$E$64+(Tasks!$F$64-Tasks!$E$64+1)*N(Tasks!$G$64),2,IF(Tasks!$M$64=4,3,1)))
B67: =IF(Tasks!$C$65="","",Tasks!$A$65) | C67: =IF(Tasks!$C$65="","",Tasks!$C$65) | D67: =IF(Tasks!$C$65="","",Tasks!$D$65&"") | E67: =IF(N(Tasks!$E$65)=0,"",Tasks!$E$65) | F67: =IF(N(Tasks!$F$65)=0,"",Tasks!$F$65) | G67: =IF(Tasks!$C$65="","",N(Tasks!$G$65)) | H67: =IF(OR(Tasks!$M$65=0,Tasks!$E$65>=H$7+7,Tasks!$F$65<H$7),0,IF(H$7+3.5<Tasks!$E$65+(Tasks!$F$65-Tasks!$E$65+1)*N(Tasks!$G$65),2,IF(Tasks!$M$65=4,3,1))) | I67: =IF(OR(Tasks!$M$65=0,Tasks!$E$65>=I$7+7,Tasks!$F$65<I$7),0,IF(I$7+3.5<Tasks!$E$65+(Tasks!$F$65-Tasks!$E$65+1)*N(Tasks!$G$65),2,IF(Tasks!$M$65=4,3,1))) | J67: =IF(OR(Tasks!$M$65=0,Tasks!$E$65>=J$7+7,Tasks!$F$65<J$7),0,IF(J$7+3.5<Tasks!$E$65+(Tasks!$F$65-Tasks!$E$65+1)*N(Tasks!$G$65),2,IF(Tasks!$M$65=4,3,1))) | K67: =IF(OR(Tasks!$M$65=0,Tasks!$E$65>=K$7+7,Tasks!$F$65<K$7),0,IF(K$7+3.5<Tasks!$E$65+(Tasks!$F$65-Tasks!$E$65+1)*N(Tasks!$G$65),2,IF(Tasks!$M$65=4,3,1))) | L67: =IF(OR(Tasks!$M$65=0,Tasks!$E$65>=L$7+7,Tasks!$F$65<L$7),0,IF(L$7+3.5<Tasks!$E$65+(Tasks!$F$65-Tasks!$E$65+1)*N(Tasks!$G$65),2,IF(Tasks!$M$65=4,3,1))) | M67: =IF(OR(Tasks!$M$65=0,Tasks!$E$65>=M$7+7,Tasks!$F$65<M$7),0,IF(M$7+3.5<Tasks!$E$65+(Tasks!$F$65-Tasks!$E$65+1)*N(Tasks!$G$65),2,IF(Tasks!$M$65=4,3,1))) | N67: =IF(OR(Tasks!$M$65=0,Tasks!$E$65>=N$7+7,Tasks!$F$65<N$7),0,IF(N$7+3.5<Tasks!$E$65+(Tasks!$F$65-Tasks!$E$65+1)*N(Tasks!$G$65),2,IF(Tasks!$M$65=4,3,1))) | O67: =IF(OR(Tasks!$M$65=0,Tasks!$E$65>=O$7+7,Tasks!$F$65<O$7),0,IF(O$7+3.5<Tasks!$E$65+(Tasks!$F$65-Tasks!$E$65+1)*N(Tasks!$G$65),2,IF(Tasks!$M$65=4,3,1))) | ... AG67: =IF(OR(Tasks!$M$65=0,Tasks!$E$65>=AG$7+7,Tasks!$F$65<AG$7),0,IF(AG$7+3.5<Tasks!$E$65+(Tasks!$F$65-Tasks!$E$65+1)*N(Tasks!$G$65),2,IF(Tasks!$M$65=4,3,1)))
B68: =IF(Tasks!$C$66="","",Tasks!$A$66) | C68: =IF(Tasks!$C$66="","",Tasks!$C$66) | D68: =IF(Tasks!$C$66="","",Tasks!$D$66&"") | E68: =IF(N(Tasks!$E$66)=0,"",Tasks!$E$66) | F68: =IF(N(Tasks!$F$66)=0,"",Tasks!$F$66) | G68: =IF(Tasks!$C$66="","",N(Tasks!$G$66)) | H68: =IF(OR(Tasks!$M$66=0,Tasks!$E$66>=H$7+7,Tasks!$F$66<H$7),0,IF(H$7+3.5<Tasks!$E$66+(Tasks!$F$66-Tasks!$E$66+1)*N(Tasks!$G$66),2,IF(Tasks!$M$66=4,3,1))) | I68: =IF(OR(Tasks!$M$66=0,Tasks!$E$66>=I$7+7,Tasks!$F$66<I$7),0,IF(I$7+3.5<Tasks!$E$66+(Tasks!$F$66-Tasks!$E$66+1)*N(Tasks!$G$66),2,IF(Tasks!$M$66=4,3,1))) | J68: =IF(OR(Tasks!$M$66=0,Tasks!$E$66>=J$7+7,Tasks!$F$66<J$7),0,IF(J$7+3.5<Tasks!$E$66+(Tasks!$F$66-Tasks!$E$66+1)*N(Tasks!$G$66),2,IF(Tasks!$M$66=4,3,1))) | K68: =IF(OR(Tasks!$M$66=0,Tasks!$E$66>=K$7+7,Tasks!$F$66<K$7),0,IF(K$7+3.5<Tasks!$E$66+(Tasks!$F$66-Tasks!$E$66+1)*N(Tasks!$G$66),2,IF(Tasks!$M$66=4,3,1))) | L68: =IF(OR(Tasks!$M$66=0,Tasks!$E$66>=L$7+7,Tasks!$F$66<L$7),0,IF(L$7+3.5<Tasks!$E$66+(Tasks!$F$66-Tasks!$E$66+1)*N(Tasks!$G$66),2,IF(Tasks!$M$66=4,3,1))) | M68: =IF(OR(Tasks!$M$66=0,Tasks!$E$66>=M$7+7,Tasks!$F$66<M$7),0,IF(M$7+3.5<Tasks!$E$66+(Tasks!$F$66-Tasks!$E$66+1)*N(Tasks!$G$66),2,IF(Tasks!$M$66=4,3,1))) | N68: =IF(OR(Tasks!$M$66=0,Tasks!$E$66>=N$7+7,Tasks!$F$66<N$7),0,IF(N$7+3.5<Tasks!$E$66+(Tasks!$F$66-Tasks!$E$66+1)*N(Tasks!$G$66),2,IF(Tasks!$M$66=4,3,1))) | O68: =IF(OR(Tasks!$M$66=0,Tasks!$E$66>=O$7+7,Tasks!$F$66<O$7),0,IF(O$7+3.5<Tasks!$E$66+(Tasks!$F$66-Tasks!$E$66+1)*N(Tasks!$G$66),2,IF(Tasks!$M$66=4,3,1))) | ... AG68: =IF(OR(Tasks!$M$66=0,Tasks!$E$66>=AG$7+7,Tasks!$F$66<AG$7),0,IF(AG$7+3.5<Tasks!$E$66+(Tasks!$F$66-Tasks!$E$66+1)*N(Tasks!$G$66),2,IF(Tasks!$M$66=4,3,1)))
B69: =IF(Tasks!$C$67="","",Tasks!$A$67) | C69: =IF(Tasks!$C$67="","",Tasks!$C$67) | D69: =IF(Tasks!$C$67="","",Tasks!$D$67&"") | E69: =IF(N(Tasks!$E$67)=0,"",Tasks!$E$67) | F69: =IF(N(Tasks!$F$67)=0,"",Tasks!$F$67) | G69: =IF(Tasks!$C$67="","",N(Tasks!$G$67)) | H69: =IF(OR(Tasks!$M$67=0,Tasks!$E$67>=H$7+7,Tasks!$F$67<H$7),0,IF(H$7+3.5<Tasks!$E$67+(Tasks!$F$67-Tasks!$E$67+1)*N(Tasks!$G$67),2,IF(Tasks!$M$67=4,3,1))) | I69: =IF(OR(Tasks!$M$67=0,Tasks!$E$67>=I$7+7,Tasks!$F$67<I$7),0,IF(I$7+3.5<Tasks!$E$67+(Tasks!$F$67-Tasks!$E$67+1)*N(Tasks!$G$67),2,IF(Tasks!$M$67=4,3,1))) | J69: =IF(OR(Tasks!$M$67=0,Tasks!$E$67>=J$7+7,Tasks!$F$67<J$7),0,IF(J$7+3.5<Tasks!$E$67+(Tasks!$F$67-Tasks!$E$67+1)*N(Tasks!$G$67),2,IF(Tasks!$M$67=4,3,1))) | K69: =IF(OR(Tasks!$M$67=0,Tasks!$E$67>=K$7+7,Tasks!$F$67<K$7),0,IF(K$7+3.5<Tasks!$E$67+(Tasks!$F$67-Tasks!$E$67+1)*N(Tasks!$G$67),2,IF(Tasks!$M$67=4,3,1))) | L69: =IF(OR(Tasks!$M$67=0,Tasks!$E$67>=L$7+7,Tasks!$F$67<L$7),0,IF(L$7+3.5<Tasks!$E$67+(Tasks!$F$67-Tasks!$E$67+1)*N(Tasks!$G$67),2,IF(Tasks!$M$67=4,3,1))) | M69: =IF(OR(Tasks!$M$67=0,Tasks!$E$67>=M$7+7,Tasks!$F$67<M$7),0,IF(M$7+3.5<Tasks!$E$67+(Tasks!$F$67-Tasks!$E$67+1)*N(Tasks!$G$67),2,IF(Tasks!$M$67=4,3,1))) | N69: =IF(OR(Tasks!$M$67=0,Tasks!$E$67>=N$7+7,Tasks!$F$67<N$7),0,IF(N$7+3.5<Tasks!$E$67+(Tasks!$F$67-Tasks!$E$67+1)*N(Tasks!$G$67),2,IF(Tasks!$M$67=4,3,1))) | O69: =IF(OR(Tasks!$M$67=0,Tasks!$E$67>=O$7+7,Tasks!$F$67<O$7),0,IF(O$7+3.5<Tasks!$E$67+(Tasks!$F$67-Tasks!$E$67+1)*N(Tasks!$G$67),2,IF(Tasks!$M$67=4,3,1))) | ... AG69: =IF(OR(Tasks!$M$67=0,Tasks!$E$67>=AG$7+7,Tasks!$F$67<AG$7),0,IF(AG$7+3.5<Tasks!$E$67+(Tasks!$F$67-Tasks!$E$67+1)*N(Tasks!$G$67),2,IF(Tasks!$M$67=4,3,1)))
C71: =Lang!$B$85 | D71: =Lang!$B$86 | E71: =Lang!$B$87 | F71: =Lang!$B$84 | H71: =Lang!$B$88
B73: =Lang!$B$5

Sheet Tasks
A1: ="KEYONE / "&Lang!$B$89
A3: =Lang!$B$90
A5: =HYPERLINK("#'START'!A1",Lang!$B$2) | B5: =HYPERLINK("#'Dashboard'!A1",Lang!$B$3) | C5: =HYPERLINK("#'Gantt'!A1",Lang!$B$27) | D5: =HYPERLINK("#'Tasks'!A1",Lang!$B$28)
A7: =Lang!$B$91 | B7: =Lang!$B$92 | C7: =Lang!$B$93 | D7: =Lang!$B$94 | E7: =Lang!$B$95 | F7: =Lang!$B$96 | G7: =Lang!$B$97 | H7: =Lang!$B$98 | I7: =Lang!$B$99 | J7: =Lang!$B$102 | K7: =Lang!$B$100 | L7: =Lang!$B$101
A8: 1 | B8: Planning | C8: Kick-off & requirements | D8: Anna | E8: 46237 | F8: 46241 | G8: 1 | H8: 1500 | I8: 1400 | K8: =IF(AND(ISNUMBER($E8),ISNUMBER($F8)),MAX(1,$F8-$E8+1),0) | L8: =IF($M8=0,"",INDEX(Lang!$B$68:$B$71,$M8)) | M8: =IF(NOT(AND(ISNUMBER($E8),ISNUMBER($F8))),0,IF(N($G8)>=1,1,IF($F8<Calc!$B$2,4,IF(OR($E8<=Calc!$B$2,N($G8)>0),2,3)))) | N8: =IF(NOT(AND(ISNUMBER($E8),ISNUMBER($F8))),0,IF(Calc!$B$2<$E8,0,IF(Calc!$B$2>=$F8,1,(Calc!$B$2-$E8+1)/K8))) | O8: =K8*MIN(1,N($G8)) | P8: =K8*N8 | Q8: =IF($B8="",0,IFERROR(MATCH($B8,Settings!$D$14:$D$21,0),0)) | R8: =IF($M8=4,Calc!$B$2-$F8,0) | S8: =IF(AND($M8>1,$M8<4,N($F8)>=Calc!$B$2),$F8,99999)
A9: 2 | B9: Planning | C9: Volume & capacity analysis | D9: Marco | E9: 46244 | F9: 46255 | G9: 1 | H9: 4000 | I9: 4300 | J9: 1 | K9: =IF(AND(ISNUMBER($E9),ISNUMBER($F9)),MAX(1,$F9-$E9+1),0) | L9: =IF($M9=0,"",INDEX(Lang!$B$68:$B$71,$M9)) | M9: =IF(NOT(AND(ISNUMBER($E9),ISNUMBER($F9))),0,IF(N($G9)>=1,1,IF($F9<Calc!$B$2,4,IF(OR($E9<=Calc!$B$2,N($G9)>0),2,3)))) | N9: =IF(NOT(AND(ISNUMBER($E9),ISNUMBER($F9))),0,IF(Calc!$B$2<$E9,0,IF(Calc!$B$2>=$F9,1,(Calc!$B$2-$E9+1)/K9))) | O9: =K9*MIN(1,N($G9)) | P9: =K9*N9 | Q9: =IF($B9="",0,IFERROR(MATCH($B9,Settings!$D$14:$D$21,0),0)) | R9: =IF($M9=4,Calc!$B$2-$F9,0) | S9: =IF(AND($M9>1,$M9<4,N($F9)>=Calc!$B$2),$F9,99999)
A10: 3 | B10: Planning | C10: Site selection & lease | D10: Anna | E10: 46251 | F10: 46269 | G10: 1 | H10: 6000 | I10: 6000 | J10: 2 | K10: =IF(AND(ISNUMBER($E10),ISNUMBER($F10)),MAX(1,$F10-$E10+1),0) | L10: =IF($M10=0,"",INDEX(Lang!$B$68:$B$71,$M10)) | M10: =IF(NOT(AND(ISNUMBER($E10),ISNUMBER($F10))),0,IF(N($G10)>=1,1,IF($F10<Calc!$B$2,4,IF(OR($E10<=Calc!$B$2,N($G10)>0),2,3)))) | N10: =IF(NOT(AND(ISNUMBER($E10),ISNUMBER($F10))),0,IF(Calc!$B$2<$E10,0,IF(Calc!$B$2>=$F10,1,(Calc!$B$2-$E10+1)/K10))) | O10: =K10*MIN(1,N($G10)) | P10: =K10*N10 | Q10: =IF($B10="",0,IFERROR(MATCH($B10,Settings!$D$14:$D$21,0),0)) | R10: =IF($M10=4,Calc!$B$2-$F10,0) | S10: =IF(AND($M10>1,$M10<4,N($F10)>=Calc!$B$2),$F10,99999)
A11: 4 | B11: Planning | C11: Project plan & budget approval | D11: Anna | E11: 46272 | F11: 46276 | G11: 1 | H11: 500 | I11: 450 | J11: 3 | K11: =IF(AND(ISNUMBER($E11),ISNUMBER($F11)),MAX(1,$F11-$E11+1),0) | L11: =IF($M11=0,"",INDEX(Lang!$B$68:$B$71,$M11)) | M11: =IF(NOT(AND(ISNUMBER($E11),ISNUMBER($F11))),0,IF(N($G11)>=1,1,IF($F11<Calc!$B$2,4,IF(OR($E11<=Calc!$B$2,N($G11)>0),2,3)))) | N11: =IF(NOT(AND(ISNUMBER($E11),ISNUMBER($F11))),0,IF(Calc!$B$2<$E11,0,IF(Calc!$B$2>=$F11,1,(Calc!$B$2-$E11+1)/K11))) | O11: =K11*MIN(1,N($G11)) | P11: =K11*N11 | Q11: =IF($B11="",0,IFERROR(MATCH($B11,Settings!$D$14:$D$21,0),0)) | R11: =IF($M11=4,Calc!$B$2-$F11,0) | S11: =IF(AND($M11>1,$M11<4,N($F11)>=Calc!$B$2),$F11,99999)
A12: 5 | B12: Layout & design | C12: Layout: zones & racking | D12: Marco | E12: 46272 | F12: 46290 | G12: 1 | H12: 8000 | I12: 9200 | J12: 3 | K12: =IF(AND(ISNUMBER($E12),ISNUMBER($F12)),MAX(1,$F12-$E12+1),0) | L12: =IF($M12=0,"",INDEX(Lang!$B$68:$B$71,$M12)) | M12: =IF(NOT(AND(ISNUMBER($E12),ISNUMBER($F12))),0,IF(N($G12)>=1,1,IF($F12<Calc!$B$2,4,IF(OR($E12<=Calc!$B$2,N($G12)>0),2,3)))) | N12: =IF(NOT(AND(ISNUMBER($E12),ISNUMBER($F12))),0,IF(Calc!$B$2<$E12,0,IF(Calc!$B$2>=$F12,1,(Calc!$B$2-$E12+1)/K12))) | O12: =K12*MIN(1,N($G12)) | P12: =K12*N12 | Q12: =IF($B12="",0,IFERROR(MATCH($B12,Settings!$D$14:$D$21,0),0)) | R12: =IF($M12=4,Calc!$B$2-$F12,0) | S12: =IF(AND($M12>1,$M12<4,N($F12)>=Calc!$B$2),$F12,99999)
A13: 6 | B13: Layout & design | C13: Material flow & picking concept | D13: Marco | E13: 46286 | F13: 46304 | G13: 0.9 | H13: 6000 | I13: 6900 | J13: 5 | K13: =IF(AND(ISNUMBER($E13),ISNUMBER($F13)),MAX(1,$F13-$E13+1),0) | L13: =IF($M13=0,"",INDEX(Lang!$B$68:$B$71,$M13)) | M13: =IF(NOT(AND(ISNUMBER($E13),ISNUMBER($F13))),0,IF(N($G13)>=1,1,IF($F13<Calc!$B$2,4,IF(OR($E13<=Calc!$B$2,N($G13)>0),2,3)))) | N13: =IF(NOT(AND(ISNUMBER($E13),ISNUMBER($F13))),0,IF(Calc!$B$2<$E13,0,IF(Calc!$B$2>=$F13,1,(Calc!$B$2-$E13+1)/K13))) | O13: =K13*MIN(1,N($G13)) | P13: =K13*N13 | Q13: =IF($B13="",0,IFERROR(MATCH($B13,Settings!$D$14:$D$21,0),0)) | R13: =IF($M13=4,Calc!$B$2-$F13,0) | S13: =IF(AND($M13>1,$M13<4,N($F13)>=Calc!$B$2),$F13,99999)
A14: 7 | B14: Layout & design | C14: IT / WMS requirements | D14: Lea | E14: 46279 | F14: 46297 | G14: 1 | H14: 5000 | I14: 4800 | J14: 4 | K14: =IF(AND(ISNUMBER($E14),ISNUMBER($F14)),MAX(1,$F14-$E14+1),0) | L14: =IF($M14=0,"",INDEX(Lang!$B$68:$B$71,$M14)) | M14: =IF(NOT(AND(ISNUMBER($E14),ISNUMBER($F14))),0,IF(N($G14)>=1,1,IF($F14<Calc!$B$2,4,IF(OR($E14<=Calc!$B$2,N($G14)>0),2,3)))) | N14: =IF(NOT(AND(ISNUMBER($E14),ISNUMBER($F14))),0,IF(Calc!$B$2<$E14,0,IF(Calc!$B$2>=$F14,1,(Calc!$B$2-$E14+1)/K14))) | O14: =K14*MIN(1,N($G14)) | P14: =K14*N14 | Q14: =IF($B14="",0,IFERROR(MATCH($B14,Settings!$D$14:$D$21,0),0)) | R14: =IF($M14=4,Calc!$B$2-$F14,0) | S14: =IF(AND($M14>1,$M14<4,N($F14)>=Calc!$B$2),$F14,99999)
A15: 8 | B15: Layout & design | C15: Fire safety & permits | D15: Tom | E15: 46286 | F15: 46325 | G15: 0.6 | H15: 3500 | I15: 2100 | J15: 5 | K15: =IF(AND(ISNUMBER($E15),ISNUMBER($F15)),MAX(1,$F15-$E15+1),0) | L15: =IF($M15=0,"",INDEX(Lang!$B$68:$B$71,$M15)) | M15: =IF(NOT(AND(ISNUMBER($E15),ISNUMBER($F15))),0,IF(N($G15)>=1,1,IF($F15<Calc!$B$2,4,IF(OR($E15<=Calc!$B$2,N($G15)>0),2,3)))) | N15: =IF(NOT(AND(ISNUMBER($E15),ISNUMBER($F15))),0,IF(Calc!$B$2<$E15,0,IF(Calc!$B$2>=$F15,1,(Calc!$B$2-$E15+1)/K15))) | O15: =K15*MIN(1,N($G15)) | P15: =K15*N15 | Q15: =IF($B15="",0,IFERROR(MATCH($B15,Settings!$D$14:$D$21,0),0)) | R15: =IF($M15=4,Calc!$B$2-$F15,0) | S15: =IF(AND($M15>1,$M15<4,N($F15)>=Calc!$B$2),$F15,99999)
A16: 9 | B16: Procurement | C16: Racking tender & order | D16: Sara | E16: 46300 | F16: 46318 | G16: 0.5 | H16: 60000 | I16: 28000 | J16: 5 | K16: =IF(AND(ISNUMBER($E16),ISNUMBER($F16)),MAX(1,$F16-$E16+1),0) | L16: =IF($M16=0,"",INDEX(Lang!$B$68:$B$71,$M16)) | M16: =IF(NOT(AND(ISNUMBER($E16),ISNUMBER($F16))),0,IF(N($G16)>=1,1,IF($F16<Calc!$B$2,4,IF(OR($E16<=Calc!$B$2,N($G16)>0),2,3)))) | N16: =IF(NOT(AND(ISNUMBER($E16),ISNUMBER($F16))),0,IF(Calc!$B$2<$E16,0,IF(Calc!$B$2>=$F16,1,(Calc!$B$2-$E16+1)/K16))) | O16: =K16*MIN(1,N($G16)) | P16: =K16*N16 | Q16: =IF($B16="",0,IFERROR(MATCH($B16,Settings!$D$14:$D$21,0),0)) | R16: =IF($M16=4,Calc!$B$2-$F16,0) | S16: =IF(AND($M16>1,$M16<4,N($F16)>=Calc!$B$2),$F16,99999)
A17: 10 | B17: Procurement | C17: Forklifts & equipment | D17: Sara | E17: 46307 | F17: 46332 | G17: 0.3 | H17: 45000 | I17: 9000 | J17: 6 | K17: =IF(AND(ISNUMBER($E17),ISNUMBER($F17)),MAX(1,$F17-$E17+1),0) | L17: =IF($M17=0,"",INDEX(Lang!$B$68:$B$71,$M17)) | M17: =IF(NOT(AND(ISNUMBER($E17),ISNUMBER($F17))),0,IF(N($G17)>=1,1,IF($F17<Calc!$B$2,4,IF(OR($E17<=Calc!$B$2,N($G17)>0),2,3)))) | N17: =IF(NOT(AND(ISNUMBER($E17),ISNUMBER($F17))),0,IF(Calc!$B$2<$E17,0,IF(Calc!$B$2>=$F17,1,(Calc!$B$2-$E17+1)/K17))) | O17: =K17*MIN(1,N($G17)) | P17: =K17*N17 | Q17: =IF($B17="",0,IFERROR(MATCH($B17,Settings!$D$14:$D$21,0),0)) | R17: =IF($M17=4,Calc!$B$2-$F17,0) | S17: =IF(AND($M17>1,$M17<4,N($F17)>=Calc!$B$2),$F17,99999)
A18: 11 | B18: Procurement | C18: Scanners & label printers | D18: Lea | E18: 46300 | F18: 46309 | G18: 0.7 | H18: 7000 | I18: 5600 | J18: 7 | K18: =IF(AND(ISNUMBER($E18),ISNUMBER($F18)),MAX(1,$F18-$E18+1),0) | L18: =IF($M18=0,"",INDEX(Lang!$B$68:$B$71,$M18)) | M18: =IF(NOT(AND(ISNUMBER($E18),ISNUMBER($F18))),0,IF(N($G18)>=1,1,IF($F18<Calc!$B$2,4,IF(OR($E18<=Calc!$B$2,N($G18)>0),2,3)))) | N18: =IF(NOT(AND(ISNUMBER($E18),ISNUMBER($F18))),0,IF(Calc!$B$2<$E18,0,IF(Calc!$B$2>=$F18,1,(Calc!$B$2-$E18+1)/K18))) | O18: =K18*MIN(1,N($G18)) | P18: =K18*N18 | Q18: =IF($B18="",0,IFERROR(MATCH($B18,Settings!$D$14:$D$21,0),0)) | R18: =IF($M18=4,Calc!$B$2-$F18,0) | S18: =IF(AND($M18>1,$M18<4,N($F18)>=Calc!$B$2),$F18,99999)
A19: 12 | B19: Procurement | C19: Moving company contract | D19: Sara | E19: 46314 | F19: 46332 | G19: 0 | H19: 18000 | I19: 0 | J19: 3 | K19: =IF(AND(ISNUMBER($E19),ISNUMBER($F19)),MAX(1,$F19-$E19+1),0) | L19: =IF($M19=0,"",INDEX(Lang!$B$68:$B$71,$M19)) | M19: =IF(NOT(AND(ISNUMBER($E19),ISNUMBER($F19))),0,IF(N($G19)>=1,1,IF($F19<Calc!$B$2,4,IF(OR($E19<=Calc!$B$2,N($G19)>0),2,3)))) | N19: =IF(NOT(AND(ISNUMBER($E19),ISNUMBER($F19))),0,IF(Calc!$B$2<$E19,0,IF(Calc!$B$2>=$F19,1,(Calc!$B$2-$E19+1)/K19))) | O19: =K19*MIN(1,N($G19)) | P19: =K19*N19 | Q19: =IF($B19="",0,IFERROR(MATCH($B19,Settings!$D$14:$D$21,0),0)) | R19: =IF($M19=4,Calc!$B$2-$F19,0) | S19: =IF(AND($M19>1,$M19<4,N($F19)>=Calc!$B$2),$F19,99999)
A20: 13 | B20: Build-out & IT | C20: Floor marking & lighting | D20: Tom | E20: 46328 | F20: 46346 | G20: 0 | H20: 12000 | I20: 0 | J20: 8 | K20: =IF(AND(ISNUMBER($E20),ISNUMBER($F20)),MAX(1,$F20-$E20+1),0) | L20: =IF($M20=0,"",INDEX(Lang!$B$68:$B$71,$M20)) | M20: =IF(NOT(AND(ISNUMBER($E20),ISNUMBER($F20))),0,IF(N($G20)>=1,1,IF($F20<Calc!$B$2,4,IF(OR($E20<=Calc!$B$2,N($G20)>0),2,3)))) | N20: =IF(NOT(AND(ISNUMBER($E20),ISNUMBER($F20))),0,IF(Calc!$B$2<$E20,0,IF(Calc!$B$2>=$F20,1,(Calc!$B$2-$E20+1)/K20))) | O20: =K20*MIN(1,N($G20)) | P20: =K20*N20 | Q20: =IF($B20="",0,IFERROR(MATCH($B20,Settings!$D$14:$D$21,0),0)) | R20: =IF($M20=4,Calc!$B$2-$F20,0) | S20: =IF(AND($M20>1,$M20<4,N($F20)>=Calc!$B$2),$F20,99999)
... A24: 17 | B24: Build-out & IT | C24: Staff training | D24: Marco | E24: 46363 | F24: 46374 | G24: 0 | H24: 4000 | I24: 0 | J24: 15 | K24: =IF(AND(ISNUMBER($E24),ISNUMBER($F24)),MAX(1,$F24-$E24+1),0) | L24: =IF($M24=0,"",INDEX(Lang!$B$68:$B$71,$M24)) | M24: =IF(NOT(AND(ISNUMBER($E24),ISNUMBER($F24))),0,IF(N($G24)>=1,1,IF($F24<Calc!$B$2,4,IF(OR($E24<=Calc!$B$2,N($G24)>0),2,3)))) | N24: =IF(NOT(AND(ISNUMBER($E24),ISNUMBER($F24))),0,IF(Calc!$B$2<$E24,0,IF(Calc!$B$2>=$F24,1,(Calc!$B$2-$E24+1)/K24))) | O24: =K24*MIN(1,N($G24)) | P24: =K24*N24 | Q24: =IF($B24="",0,IFERROR(MATCH($B24,Settings!$D$14:$D$21,0),0)) | R24: =IF($M24=4,Calc!$B$2-$F24,0) | S24: =IF(AND($M24>1,$M24<4,N($F24)>=Calc!$B$2),$F24,99999)
A25: 18 | B25: Move & go-live | C25: Inventory count (old site) | D25: Marco | E25: 46370 | F25: 46374 | G25: 0 | H25: 3000 | I25: 0 | K25: =IF(AND(ISNUMBER($E25),ISNUMBER($F25)),MAX(1,$F25-$E25+1),0) | L25: =IF($M25=0,"",INDEX(Lang!$B$68:$B$71,$M25)) | M25: =IF(NOT(AND(ISNUMBER($E25),ISNUMBER($F25))),0,IF(N($G25)>=1,1,IF($F25<Calc!$B$2,4,IF(OR($E25<=Calc!$B$2,N($G25)>0),2,3)))) | N25: =IF(NOT(AND(ISNUMBER($E25),ISNUMBER($F25))),0,IF(Calc!$B$2<$E25,0,IF(Calc!$B$2>=$F25,1,(Calc!$B$2-$E25+1)/K25))) | O25: =K25*MIN(1,N($G25)) | P25: =K25*N25 | Q25: =IF($B25="",0,IFERROR(MATCH($B25,Settings!$D$14:$D$21,0),0)) | R25: =IF($M25=4,Calc!$B$2-$F25,0) | S25: =IF(AND($M25>1,$M25<4,N($F25)>=Calc!$B$2),$F25,99999)
A26: 19 | B26: Move & go-live | C26: Move & stock transfer | D26: Sara | E26: 46384 | F26: 46395 | G26: 0 | H26: 20000 | I26: 0 | J26: 14 | K26: =IF(AND(ISNUMBER($E26),ISNUMBER($F26)),MAX(1,$F26-$E26+1),0) | L26: =IF($M26=0,"",INDEX(Lang!$B$68:$B$71,$M26)) | M26: =IF(NOT(AND(ISNUMBER($E26),ISNUMBER($F26))),0,IF(N($G26)>=1,1,IF($F26<Calc!$B$2,4,IF(OR($E26<=Calc!$B$2,N($G26)>0),2,3)))) | N26: =IF(NOT(AND(ISNUMBER($E26),ISNUMBER($F26))),0,IF(Calc!$B$2<$E26,0,IF(Calc!$B$2>=$F26,1,(Calc!$B$2-$E26+1)/K26))) | O26: =K26*MIN(1,N($G26)) | P26: =K26*N26 | Q26: =IF($B26="",0,IFERROR(MATCH($B26,Settings!$D$14:$D$21,0),0)) | R26: =IF($M26=4,Calc!$B$2-$F26,0) | S26: =IF(AND($M26>1,$M26<4,N($F26)>=Calc!$B$2),$F26,99999)
A27: 20 | B27: Move & go-live | C27: Go-live & hypercare | D27: Anna | E27: 46398 | F27: 46409 | G27: 0 | H27: 6000 | I27: 0 | J27: 19 | K27: =IF(AND(ISNUMBER($E27),ISNUMBER($F27)),MAX(1,$F27-$E27+1),0) | L27: =IF($M27=0,"",INDEX(Lang!$B$68:$B$71,$M27)) | M27: =IF(NOT(AND(ISNUMBER($E27),ISNUMBER($F27))),0,IF(N($G27)>=1,1,IF($F27<Calc!$B$2,4,IF(OR($E27<=Calc!$B$2,N($G27)>0),2,3)))) | N27: =IF(NOT(AND(ISNUMBER($E27),ISNUMBER($F27))),0,IF(Calc!$B$2<$E27,0,IF(Calc!$B$2>=$F27,1,(Calc!$B$2-$E27+1)/K27))) | O27: =K27*MIN(1,N($G27)) | P27: =K27*N27 | Q27: =IF($B27="",0,IFERROR(MATCH($B27,Settings!$D$14:$D$21,0),0)) | R27: =IF($M27=4,Calc!$B$2-$F27,0) | S27: =IF(AND($M27>1,$M27<4,N($F27)>=Calc!$B$2),$F27,99999)
A28: 21 | B28: Move & go-live | C28: Handover old site | D28: Tom | E28: 46405 | F28: 46416 | G28: 0 | H28: 2500 | I28: 0 | J28: 19 | K28: =IF(AND(ISNUMBER($E28),ISNUMBER($F28)),MAX(1,$F28-$E28+1),0) | L28: =IF($M28=0,"",INDEX(Lang!$B$68:$B$71,$M28)) | M28: =IF(NOT(AND(ISNUMBER($E28),ISNUMBER($F28))),0,IF(N($G28)>=1,1,IF($F28<Calc!$B$2,4,IF(OR($E28<=Calc!$B$2,N($G28)>0),2,3)))) | N28: =IF(NOT(AND(ISNUMBER($E28),ISNUMBER($F28))),0,IF(Calc!$B$2<$E28,0,IF(Calc!$B$2>=$F28,1,(Calc!$B$2-$E28+1)/K28))) | O28: =K28*MIN(1,N($G28)) | P28: =K28*N28 | Q28: =IF($B28="",0,IFERROR(MATCH($B28,Settings!$D$14:$D$21,0),0)) | R28: =IF($M28=4,Calc!$B$2-$F28,0) | S28: =IF(AND($M28>1,$M28<4,N($F28)>=Calc!$B$2),$F28,99999)
A29: 22 | B29: Move & go-live | C29: Lessons learned | D29: Anna | E29: 46412 | F29: 46416 | G29: 0 | H29: 500 | I29: 0 | J29: 20 | K29: =IF(AND(ISNUMBER($E29),ISNUMBER($F29)),MAX(1,$F29-$E29+1),0) | L29: =IF($M29=0,"",INDEX(Lang!$B$68:$B$71,$M29)) | M29: =IF(NOT(AND(ISNUMBER($E29),ISNUMBER($F29))),0,IF(N($G29)>=1,1,IF($F29<Calc!$B$2,4,IF(OR($E29<=Calc!$B$2,N($G29)>0),2,3)))) | N29: =IF(NOT(AND(ISNUMBER($E29),ISNUMBER($F29))),0,IF(Calc!$B$2<$E29,0,IF(Calc!$B$2>=$F29,1,(Calc!$B$2-$E29+1)/K29))) | O29: =K29*MIN(1,N($G29)) | P29: =K29*N29 | Q29: =IF($B29="",0,IFERROR(MATCH($B29,Settings!$D$14:$D$21,0),0)) | R29: =IF($M29=4,Calc!$B$2-$F29,0) | S29: =IF(AND($M29>1,$M29<4,N($F29)>=Calc!$B$2),$F29,99999)
K30: =IF(AND(ISNUMBER($E30),ISNUMBER($F30)),MAX(1,$F30-$E30+1),0) | L30: =IF($M30=0,"",INDEX(Lang!$B$68:$B$71,$M30)) | M30: =IF(NOT(AND(ISNUMBER($E30),ISNUMBER($F30))),0,IF(N($G30)>=1,1,IF($F30<Calc!$B$2,4,IF(OR($E30<=Calc!$B$2,N($G30)>0),2,3)))) | N30: =IF(NOT(AND(ISNUMBER($E30),ISNUMBER($F30))),0,IF(Calc!$B$2<$E30,0,IF(Calc!$B$2>=$F30,1,(Calc!$B$2-$E30+1)/K30))) | O30: =K30*MIN(1,N($G30)) | P30: =K30*N30 | Q30: =IF($B30="",0,IFERROR(MATCH($B30,Settings!$D$14:$D$21,0),0)) | R30: =IF($M30=4,Calc!$B$2-$F30,0) | S30: =IF(AND($M30>1,$M30<4,N($F30)>=Calc!$B$2),$F30,99999)
K31: =IF(AND(ISNUMBER($E31),ISNUMBER($F31)),MAX(1,$F31-$E31+1),0) | L31: =IF($M31=0,"",INDEX(Lang!$B$68:$B$71,$M31)) | M31: =IF(NOT(AND(ISNUMBER($E31),ISNUMBER($F31))),0,IF(N($G31)>=1,1,IF($F31<Calc!$B$2,4,IF(OR($E31<=Calc!$B$2,N($G31)>0),2,3)))) | N31: =IF(NOT(AND(ISNUMBER($E31),ISNUMBER($F31))),0,IF(Calc!$B$2<$E31,0,IF(Calc!$B$2>=$F31,1,(Calc!$B$2-$E31+1)/K31))) | O31: =K31*MIN(1,N($G31)) | P31: =K31*N31 | Q31: =IF($B31="",0,IFERROR(MATCH($B31,Settings!$D$14:$D$21,0),0)) | R31: =IF($M31=4,Calc!$B$2-$F31,0) | S31: =IF(AND($M31>1,$M31<4,N($F31)>=Calc!$B$2),$F31,99999)
K32: =IF(AND(ISNUMBER($E32),ISNUMBER($F32)),MAX(1,$F32-$E32+1),0) | L32: =IF($M32=0,"",INDEX(Lang!$B$68:$B$71,$M32)) | M32: =IF(NOT(AND(ISNUMBER($E32),ISNUMBER($F32))),0,IF(N($G32)>=1,1,IF($F32<Calc!$B$2,4,IF(OR($E32<=Calc!$B$2,N($G32)>0),2,3)))) | N32: =IF(NOT(AND(ISNUMBER($E32),ISNUMBER($F32))),0,IF(Calc!$B$2<$E32,0,IF(Calc!$B$2>=$F32,1,(Calc!$B$2-$E32+1)/K32))) | O32: =K32*MIN(1,N($G32)) | P32: =K32*N32 | Q32: =IF($B32="",0,IFERROR(MATCH($B32,Settings!$D$14:$D$21,0),0)) | R32: =IF($M32=4,Calc!$B$2-$F32,0) | S32: =IF(AND($M32>1,$M32<4,N($F32)>=Calc!$B$2),$F32,99999)
K33: =IF(AND(ISNUMBER($E33),ISNUMBER($F33)),MAX(1,$F33-$E33+1),0) | L33: =IF($M33=0,"",INDEX(Lang!$B$68:$B$71,$M33)) | M33: =IF(NOT(AND(ISNUMBER($E33),ISNUMBER($F33))),0,IF(N($G33)>=1,1,IF($F33<Calc!$B$2,4,IF(OR($E33<=Calc!$B$2,N($G33)>0),2,3)))) | N33: =IF(NOT(AND(ISNUMBER($E33),ISNUMBER($F33))),0,IF(Calc!$B$2<$E33,0,IF(Calc!$B$2>=$F33,1,(Calc!$B$2-$E33+1)/K33))) | O33: =K33*MIN(1,N($G33)) | P33: =K33*N33 | Q33: =IF($B33="",0,IFERROR(MATCH($B33,Settings!$D$14:$D$21,0),0)) | R33: =IF($M33=4,Calc!$B$2-$F33,0) | S33: =IF(AND($M33>1,$M33<4,N($F33)>=Calc!$B$2),$F33,99999)
K34: =IF(AND(ISNUMBER($E34),ISNUMBER($F34)),MAX(1,$F34-$E34+1),0) | L34: =IF($M34=0,"",INDEX(Lang!$B$68:$B$71,$M34)) | M34: =IF(NOT(AND(ISNUMBER($E34),ISNUMBER($F34))),0,IF(N($G34)>=1,1,IF($F34<Calc!$B$2,4,IF(OR($E34<=Calc!$B$2,N($G34)>0),2,3)))) | N34: =IF(NOT(AND(ISNUMBER($E34),ISNUMBER($F34))),0,IF(Calc!$B$2<$E34,0,IF(Calc!$B$2>=$F34,1,(Calc!$B$2-$E34+1)/K34))) | O34: =K34*MIN(1,N($G34)) | P34: =K34*N34 | Q34: =IF($B34="",0,IFERROR(MATCH($B34,Settings!$D$14:$D$21,0),0)) | R34: =IF($M34=4,Calc!$B$2-$F34,0) | S34: =IF(AND($M34>1,$M34<4,N($F34)>=Calc!$B$2),$F34,99999)
K35: =IF(AND(ISNUMBER($E35),ISNUMBER($F35)),MAX(1,$F35-$E35+1),0) | L35: =IF($M35=0,"",INDEX(Lang!$B$68:$B$71,$M35)) | M35: =IF(NOT(AND(ISNUMBER($E35),ISNUMBER($F35))),0,IF(N($G35)>=1,1,IF($F35<Calc!$B$2,4,IF(OR($E35<=Calc!$B$2,N($G35)>0),2,3)))) | N35: =IF(NOT(AND(ISNUMBER($E35),ISNUMBER($F35))),0,IF(Calc!$B$2<$E35,0,IF(Calc!$B$2>=$F35,1,(Calc!$B$2-$E35+1)/K35))) | O35: =K35*MIN(1,N($G35)) | P35: =K35*N35 | Q35: =IF($B35="",0,IFERROR(MATCH($B35,Settings!$D$14:$D$21,0),0)) | R35: =IF($M35=4,Calc!$B$2-$F35,0) | S35: =IF(AND($M35>1,$M35<4,N($F35)>=Calc!$B$2),$F35,99999)
K36: =IF(AND(ISNUMBER($E36),ISNUMBER($F36)),MAX(1,$F36-$E36+1),0) | L36: =IF($M36=0,"",INDEX(Lang!$B$68:$B$71,$M36)) | M36: =IF(NOT(AND(ISNUMBER($E36),ISNUMBER($F36))),0,IF(N($G36)>=1,1,IF($F36<Calc!$B$2,4,IF(OR($E36<=Calc!$B$2,N($G36)>0),2,3)))) | N36: =IF(NOT(AND(ISNUMBER($E36),ISNUMBER($F36))),0,IF(Calc!$B$2<$E36,0,IF(Calc!$B$2>=$F36,1,(Calc!$B$2-$E36+1)/K36))) | O36: =K36*MIN(1,N($G36)) | P36: =K36*N36 | Q36: =IF($B36="",0,IFERROR(MATCH($B36,Settings!$D$14:$D$21,0),0)) | R36: =IF($M36=4,Calc!$B$2-$F36,0) | S36: =IF(AND($M36>1,$M36<4,N($F36)>=Calc!$B$2),$F36,99999)
K37: =IF(AND(ISNUMBER($E37),ISNUMBER($F37)),MAX(1,$F37-$E37+1),0) | L37: =IF($M37=0,"",INDEX(Lang!$B$68:$B$71,$M37)) | M37: =IF(NOT(AND(ISNUMBER($E37),ISNUMBER($F37))),0,IF(N($G37)>=1,1,IF($F37<Calc!$B$2,4,IF(OR($E37<=Calc!$B$2,N($G37)>0),2,3)))) | N37: =IF(NOT(AND(ISNUMBER($E37),ISNUMBER($F37))),0,IF(Calc!$B$2<$E37,0,IF(Calc!$B$2>=$F37,1,(Calc!$B$2-$E37+1)/K37))) | O37: =K37*MIN(1,N($G37)) | P37: =K37*N37 | Q37: =IF($B37="",0,IFERROR(MATCH($B37,Settings!$D$14:$D$21,0),0)) | R37: =IF($M37=4,Calc!$B$2-$F37,0) | S37: =IF(AND($M37>1,$M37<4,N($F37)>=Calc!$B$2),$F37,99999)
K38: =IF(AND(ISNUMBER($E38),ISNUMBER($F38)),MAX(1,$F38-$E38+1),0) | L38: =IF($M38=0,"",INDEX(Lang!$B$68:$B$71,$M38)) | M38: =IF(NOT(AND(ISNUMBER($E38),ISNUMBER($F38))),0,IF(N($G38)>=1,1,IF($F38<Calc!$B$2,4,IF(OR($E38<=Calc!$B$2,N($G38)>0),2,3)))) | N38: =IF(NOT(AND(ISNUMBER($E38),ISNUMBER($F38))),0,IF(Calc!$B$2<$E38,0,IF(Calc!$B$2>=$F38,1,(Calc!$B$2-$E38+1)/K38))) | O38: =K38*MIN(1,N($G38)) | P38: =K38*N38 | Q38: =IF($B38="",0,IFERROR(MATCH($B38,Settings!$D$14:$D$21,0),0)) | R38: =IF($M38=4,Calc!$B$2-$F38,0) | S38: =IF(AND($M38>1,$M38<4,N($F38)>=Calc!$B$2),$F38,99999)
K39: =IF(AND(ISNUMBER($E39),ISNUMBER($F39)),MAX(1,$F39-$E39+1),0) | L39: =IF($M39=0,"",INDEX(Lang!$B$68:$B$71,$M39)) | M39: =IF(NOT(AND(ISNUMBER($E39),ISNUMBER($F39))),0,IF(N($G39)>=1,1,IF($F39<Calc!$B$2,4,IF(OR($E39<=Calc!$B$2,N($G39)>0),2,3)))) | N39: =IF(NOT(AND(ISNUMBER($E39),ISNUMBER($F39))),0,IF(Calc!$B$2<$E39,0,IF(Calc!$B$2>=$F39,1,(Calc!$B$2-$E39+1)/K39))) | O39: =K39*MIN(1,N($G39)) | P39: =K39*N39 | Q39: =IF($B39="",0,IFERROR(MATCH($B39,Settings!$D$14:$D$21,0),0)) | R39: =IF($M39=4,Calc!$B$2-$F39,0) | S39: =IF(AND($M39>1,$M39<4,N($F39)>=Calc!$B$2),$F39,99999)
K40: =IF(AND(ISNUMBER($E40),ISNUMBER($F40)),MAX(1,$F40-$E40+1),0) | L40: =IF($M40=0,"",INDEX(Lang!$B$68:$B$71,$M40)) | M40: =IF(NOT(AND(ISNUMBER($E40),ISNUMBER($F40))),0,IF(N($G40)>=1,1,IF($F40<Calc!$B$2,4,IF(OR($E40<=Calc!$B$2,N($G40)>0),2,3)))) | N40: =IF(NOT(AND(ISNUMBER($E40),ISNUMBER($F40))),0,IF(Calc!$B$2<$E40,0,IF(Calc!$B$2>=$F40,1,(Calc!$B$2-$E40+1)/K40))) | O40: =K40*MIN(1,N($G40)) | P40: =K40*N40 | Q40: =IF($B40="",0,IFERROR(MATCH($B40,Settings!$D$14:$D$21,0),0)) | R40: =IF($M40=4,Calc!$B$2-$F40,0) | S40: =IF(AND($M40>1,$M40<4,N($F40)>=Calc!$B$2),$F40,99999)
K41: =IF(AND(ISNUMBER($E41),ISNUMBER($F41)),MAX(1,$F41-$E41+1),0) | L41: =IF($M41=0,"",INDEX(Lang!$B$68:$B$71,$M41)) | M41: =IF(NOT(AND(ISNUMBER($E41),ISNUMBER($F41))),0,IF(N($G41)>=1,1,IF($F41<Calc!$B$2,4,IF(OR($E41<=Calc!$B$2,N($G41)>0),2,3)))) | N41: =IF(NOT(AND(ISNUMBER($E41),ISNUMBER($F41))),0,IF(Calc!$B$2<$E41,0,IF(Calc!$B$2>=$F41,1,(Calc!$B$2-$E41+1)/K41))) | O41: =K41*MIN(1,N($G41)) | P41: =K41*N41 | Q41: =IF($B41="",0,IFERROR(MATCH($B41,Settings!$D$14:$D$21,0),0)) | R41: =IF($M41=4,Calc!$B$2-$F41,0) | S41: =IF(AND($M41>1,$M41<4,N($F41)>=Calc!$B$2),$F41,99999)
... K207: =IF(AND(ISNUMBER($E207),ISNUMBER($F207)),MAX(1,$F207-$E207+1),0) | L207: =IF($M207=0,"",INDEX(Lang!$B$68:$B$71,$M207)) | M207: =IF(NOT(AND(ISNUMBER($E207),ISNUMBER($F207))),0,IF(N($G207)>=1,1,IF($F207<Calc!$B$2,4,IF(OR($E207<=Calc!$B$2,N($G207)>0),2,3)))) | N207: =IF(NOT(AND(ISNUMBER($E207),ISNUMBER($F207))),0,IF(Calc!$B$2<$E207,0,IF(Calc!$B$2>=$F207,1,(Calc!$B$2-$E207+1)/K207))) | O207: =K207*MIN(1,N($G207)) | P207: =K207*N207 | Q207: =IF($B207="",0,IFERROR(MATCH($B207,Settings!$D$14:$D$21,0),0)) | R207: =IF($M207=4,Calc!$B$2-$F207,0) | S207: =IF(AND($M207>1,$M207<4,N($F207)>=Calc!$B$2),$F207,99999)

Sheet Settings
B2: K1 | E2: ="KEYONE / "&Lang!$B$10
B4: =HYPERLINK("#'START'!A1",Lang!$B$2) | D4: =HYPERLINK("#'Dashboard'!A1",Lang!$B$3) | F4: =HYPERLINK("#'Gantt'!A1",Lang!$B$27) | H4: =HYPERLINK("#'Tasks'!A1",Lang!$B$28) | J4: =HYPERLINK("#'Settings'!A1",Lang!$B$4)
B6: =Lang!$B$9 | D6: English | F6: =Lang!$B$45
B8: =Lang!$B$41 | D8: Warehouse relocation 2026
B10: =Lang!$B$42 | D10: Anna Berger
B12: =Lang!$B$43 | D12: 46311
B14: =Lang!$B$44 | D14: Planning
D15: Layout & design
D16: Procurement
D17: Build-out & IT
D18: Move & go-live
B35: =Lang!$B$5

Sheet Lang
A1: key | B1: =IFERROR(MATCH(Settings!$D$6,$C$1:$N$1,0),1) | C1: English | D1: Deutsch | E1: فارسی | F1: العربية | G1: Español | H1: Français | I1: Italiano | J1: 日本語 | K1: 한국어 | L1: Shqip | M1: Türkçe | N1: 中文
A2: nav_start | B2: =INDEX($C2:$N2,1,$B$1) | C2: ⌂ START | D2: ⌂ START | E2: ⌂ شروع | F2: ⌂ البداية | G2: ⌂ INICIO | H2: ⌂ ACCUEIL | I2: ⌂ INIZIO | J2: ⌂ スタート | K2: ⌂ 시작 | L2: ⌂ FILLIMI | M2: ⌂ BAŞLANGIÇ | N2: ⌂ 开始
A3: nav_dash | B3: =INDEX($C3:$N3,1,$B$1) | C3: ▣ DASHBOARD | D3: ▣ DASHBOARD | E3: ▣ داشبورد | F3: ▣ لوحة التحكم | G3: ▣ PANEL | H3: ▣ TABLEAU DE BORD | I3: ▣ DASHBOARD | J3: ▣ ダッシュボード | K3: ▣ 대시보드 | L3: ▣ PANELI | M3: ▣ PANO | N3: ▣ 仪表板
A4: nav_set | B4: =INDEX($C4:$N4,1,$B$1) | C4: ⚙ SETTINGS | D4: ⚙ EINSTELLUNGEN | E4: ⚙ تنظیمات | F4: ⚙ الإعدادات | G4: ⚙ AJUSTES | H4: ⚙ PARAMÈTRES | I4: ⚙ IMPOSTAZIONI | J4: ⚙ 設定 | K4: ⚙ 설정 | L4: ⚙ CILËSIMET | M4: ⚙ AYARLAR | N4: ⚙ 设置
A5: license | B5: =INDEX($C5:$N5,1,$B$1) | C5: © 2026 KeyOne – Keywan Fakhri • keywanfakhri.com • Free for internal use. No resale, redistribution or removal of attribution. | D5: © 2026 KeyOne – Keywan Fakhri • keywanfakhri.com • Kostenlos für interne Nutzung. Kein Weiterverkauf, keine Weitergabe, Urhebervermerk nicht entfernen. | E5: © ۲۰۲۶ KeyOne – کیوان فخری • keywanfakhri.com • رایگان برای استفاده داخلی. فروش مجدد، توزیع یا حذف نام سازنده ممنوع است. | F5: © 2026 KeyOne – كيوان فخري • keywanfakhri.com • مجاني للاستخدام الداخلي. يُمنع إعادة البيع أو التوزيع أو حذف الإسناد. | G5: © 2026 KeyOne – Keywan Fakhri • keywanfakhri.com • Gratis para uso interno. Sin reventa, redistribución ni eliminar la atribución. | H5: © 2026 KeyOne – Keywan Fakhri • keywanfakhri.com • Gratuit pour un usage interne. Ni revente, ni redistribution, ni suppression de l’attribution. | I5: © 2026 KeyOne – Keywan Fakhri • keywanfakhri.com • Gratuito per uso interno. Vietati rivendita, ridistribuzione e rimozione dell’attribuzione. | J5: © 2026 KeyOne – Keywan Fakhri • keywanfakhri.com • 社内利用は無料。再販売・再配布・クレジット削除は禁止。 | K5: © 2026 KeyOne – Keywan Fakhri • keywanfakhri.com • 내부 사용 무료. 재판매·재배포·저작자 표시 삭제 금지. | L5: © 2026 KeyOne – Keywan Fakhri • keywanfakhri.com • Falas për përdorim të brendshëm. Ndalohen rishitja, rishpërndarja dhe heqja e atribuimit. | M5: © 2026 KeyOne – Keywan Fakhri • keywanfakhri.com • Dahili kullanım ücretsiz. Yeniden satış, dağıtım ve atıfın kaldırılması yasaktır. | N5: © 2026 KeyOne – Keywan Fakhri • keywanfakhri.com • 内部使用免费。禁止转售、再分发或删除署名。
A6: created | B6: =INDEX($C6:$N6,1,$B$1) | C6: CREATED BY | D6: ERSTELLT VON | E6: ساخته شده توسط | F6: من إعداد | G6: CREADO POR | H6: CRÉÉ PAR | I6: CREATO DA | J6: 作成者 | K6: 제작자 | L6: KRIJUAR NGA | M6: HAZIRLAYAN | N6: 作者
A7: role | B7: =INDEX($C7:$N7,1,$B$1) | C7: Industrial Engineer (M.Sc.) • Logistics, Warehouse & Data Analytics • Konstanz, Germany | D7: Wirtschaftsingenieur (M.Sc.) • Logistik, Lager & Datenanalyse • Konstanz | E7: مهندس صنایع (کارشناسی ارشد) • لجستیک، انبار و تحلیل داده • کنستانس، آلمان | F7: مهندس صناعي (ماجستير) • اللوجستيات والمستودعات وتحليل البيانات • كونستانس، ألمانيا | G7: Ingeniero industrial (M.Sc.) • Logística, almacén y análisis de datos • Constanza, Alemania | H7: Ingénieur industriel (M.Sc.) • Logistique, entrepôt et analyse de données • Constance, Allemagne | I7: Ingegnere gestionale (M.Sc.) • Logistica, magazzino e analisi dati • Costanza, Germania | J7: インダストリアル・エンジニア（修士） • 物流・倉庫・データ分析 • ドイツ・コンスタンツ | K7: 산업공학 석사 • 물류·창고·데이터 분석 • 독일 콘스탄츠 | L7: Inxhinier industrial (M.Sc.) • Logjistikë, magazinë dhe analizë të dhënash • Konstanz, Gjermani | M7: Endüstri Mühendisi (Y.L.) • Lojistik, depo ve veri analitiği • Konstanz, Almanya | N7: 工业工程硕士 • 物流、仓储与数据分析 • 德国康斯坦茨
A8: custom_v | B8: =INDEX($C8:$N8,1,$B$1) | C8: Need a version for your company? Get in touch: | D8: Eigene Version für Ihr Unternehmen? Kontakt: | E8: نسخه اختصاصی برای شرکت خود می‌خواهید؟ تماس: | F8: تحتاج نسخة لشركتك؟ تواصل معي: | G8: ¿Necesitas una versión para tu empresa? Contacto: | H8: Besoin d’une version pour votre entreprise ? Contact : | I8: Ti serve una versione per la tua azienda? Contatti: | J8: 自社向けバージョンのご相談： | K8: 회사 맞춤 버전이 필요하신가요? 연락처: | L8: Ju duhet një version për kompaninë tuaj? Kontakt: | M8: Şirketinize özel sürüm mü lazım? İletişim: | N8: 需要为贵公司定制？联系：
A9: set_lang | B9: =INDEX($C9:$N9,1,$B$1) | C9: Language | D9: Sprache | E9: زبان | F9: اللغة | G9: Idioma | H9: Langue | I9: Lingua | J9: 言語 | K9: 언어 | L9: Gjuha | M9: Dil | N9: 语言
A10: set_title | B10: =INDEX($C10:$N10,1,$B$1) | C10: SETTINGS | D10: EINSTELLUNGEN | E10: تنظیمات | F10: الإعدادات | G10: AJUSTES | H10: PARAMÈTRES | I10: IMPOSTAZIONI | J10: 設定 | K10: 설정 | L10: CILËSIMET | M10: AYARLAR | N10: 设置
A11: total | B11: =INDEX($C11:$N11,1,$B$1) | C11: Total | D11: Summe | E11: جمع | F11: الإجمالي | G11: Total | H11: Total | I11: Totale | J11: 合計 | K11: 합계 | L11: Gjithsej | M11: Toplam | N11: 合计
A12: sec_ins | B12: =INDEX($C12:$N12,1,$B$1) | C12: KEY INSIGHTS | D12: WICHTIGSTE ERKENNTNISSE | E12: نکات کلیدی | F12: أهم النتائج | G12: CONCLUSIONES CLAVE | H12: POINTS CLÉS | I12: PUNTI CHIAVE | J12: 主なポイント | K12: 핵심 인사이트 | L12: PIKAT KRYESORE | M12: ÖNE ÇIKANLAR | N12: 关键洞察
A13: wk | B13: =INDEX($C13:$N13,1,$B$1) | C13: W | D13: KW | E13: ه | F13: أ | G13: S | H13: S | I13: S | L13: J | M13: H
A14: sub_asof | B14: =INDEX($C14:$N14,1,$B$1) | C14: As of | D14: Stand | E14: تاریخ | F14: بتاريخ | G14: A fecha | H14: Au | I14: Al | J14: 基準日 | K14: 기준일 | L14: Më | M14: Tarih | N14: 截至
A15: m1 | B15: =INDEX($C15:$N15,1,$B$1) | C15: Jan | D15: Jan | E15: ژانویه | F15: يناير | G15: Ene | H15: Janv | I15: Gen | J15: 1月 | K15: 1월 | L15: Jan | M15: Oca | N15: 1月
A16: m2 | B16: =INDEX($C16:$N16,1,$B$1) | C16: Feb | D16: Feb | E16: فوریه | F16: فبراير | G16: Feb | H16: Févr | I16: Feb | J16: 2月 | K16: 2월 | L16: Shk | M16: Şub | N16: 2月
A17: m3 | B17: =INDEX($C17:$N17,1,$B$1) | C17: Mar | D17: Mär | E17: مارس | F17: مارس | G17: Mar | H17: Mars | I17: Mar | J17: 3月 | K17: 3월 | L17: Mar | M17: Mar | N17: 3月
A18: m4 | B18: =INDEX($C18:$N18,1,$B$1) | C18: Apr | D18: Apr | E18: آوریل | F18: أبريل | G18: Abr | H18: Avr | I18: Apr | J18: 4月 | K18: 4월 | L18: Pri | M18: Nis | N18: 4月
A19: m5 | B19: =INDEX($C19:$N19,1,$B$1) | C19: May | D19: Mai | E19: مه | F19: مايو | G19: May | H19: Mai | I19: Mag | J19: 5月 | K19: 5월 | L19: Maj | M19: May | N19: 5月
A20: m6 | B20: =INDEX($C20:$N20,1,$B$1) | C20: Jun | D20: Jun | E20: ژوئن | F20: يونيو | G20: Jun | H20: Juin | I20: Giu | J20: 6月 | K20: 6월 | L20: Qer | M20: Haz | N20: 6月
A21: m7 | B21: =INDEX($C21:$N21,1,$B$1) | C21: Jul | D21: Jul | E21: ژوئیه | F21: يوليو | G21: Jul | H21: Juil | I21: Lug | J21: 7月 | K21: 7월 | L21: Kor | M21: Tem | N21: 7月
A22: m8 | B22: =INDEX($C22:$N22,1,$B$1) | C22: Aug | D22: Aug | E22: اوت | F22: أغسطس | G22: Ago | H22: Août | I22: Ago | J22: 8月 | K22: 8월 | L22: Gus | M22: Ağu | N22: 8月
A23: m9 | B23: =INDEX($C23:$N23,1,$B$1) | C23: Sep | D23: Sep | E23: سپتامبر | F23: سبتمبر | G23: Sep | H23: Sept | I23: Set | J23: 9月 | K23: 9월 | L23: Sht | M23: Eyl | N23: 9月
A24: m10 | B24: =INDEX($C24:$N24,1,$B$1) | C24: Oct | D24: Okt | E24: اکتبر | F24: أكتوبر | G24: Oct | H24: Oct | I24: Ott | J24: 10月 | K24: 10월 | L24: Tet | M24: Eki | N24: 10月
A25: m11 | B25: =INDEX($C25:$N25,1,$B$1) | C25: Nov | D25: Nov | E25: نوامبر | F25: نوفمبر | G25: Nov | H25: Nov | I25: Nov | J25: 11月 | K25: 11월 | L25: Nën | M25: Kas | N25: 11月
... A102: h_dep | B102: =INDEX($C102:$N102,1,$B$1) | C102: After ID | D102: Nach ID | E102: بعد از شناسه | F102: بعد المعرّف | G102: Tras ID | H102: Après ID | I102: Dopo ID | J102: 先行ID | K102: 선행 ID | L102: Pas ID | M102: Önceki No | N102: 前置编号

Sheet Calc
A1: CALCULATION ENGINE – DO NOT EDIT
A2: asof | B2: =IF(N(Settings!$D$12)=0,TODAY(),Settings!$D$12)
A3: g0 | B3: =IF(N(Gantt!$E$6)=0,B2,Gantt!$E$6)-WEEKDAY(IF(N(Gantt!$E$6)=0,B2,Gantt!$E$6),2)+1
A4: dur | B4: =SUM(Tasks!$K$8:$K$207)
A5: act | B5: =IF(B4=0,0,SUM(Tasks!$O$8:$O$207)/B4)
A6: plan | B6: =IF(B4=0,0,SUM(Tasks!$P$8:$P$207)/B4)
A7: end | B7: =MAX(Tasks!$F$8:$F$207)
A8: start | B8: =MIN(Tasks!$E$8:$E$207)
A19: phase | B19: lbl | C19: budget | D19: actual | E19: act% | F19: plan% | G19: over | H19: cAct | I19: cPlan | J19: cBud | K19: cCost
A20: =Settings!$D$14&"" | B20: =IF(A20="", " ",A20) | C20: =SUMIF(Tasks!$Q$8:$Q$207,1,Tasks!$H$8:$H$207) | D20: =SUMIF(Tasks!$Q$8:$Q$207,1,Tasks!$I$8:$I$207) | E20: =IF(SUMIF(Tasks!$Q$8:$Q$207,1,Tasks!$K$8:$K$207)=0,0,SUMIF(Tasks!$Q$8:$Q$207,1,Tasks!$O$8:$O$207)/SUMIF(Tasks!$Q$8:$Q$207,1,Tasks!$K$8:$K$207)) | F20: =IF(SUMIF(Tasks!$Q$8:$Q$207,1,Tasks!$K$8:$K$207)=0,0,SUMIF(Tasks!$Q$8:$Q$207,1,Tasks!$P$8:$P$207)/SUMIF(Tasks!$Q$8:$Q$207,1,Tasks!$K$8:$K$207)) | G20: =IF(A20="",-1E+99,D20-C20) | H20: =IF(A20="",NA(),E20) | I20: =IF(A20="",NA(),F20) | J20: =IF(A20="",NA(),C20) | K20: =IF(A20="",NA(),D20)
A21: =Settings!$D$15&"" | B21: =IF(A21="", " ",A21) | C21: =SUMIF(Tasks!$Q$8:$Q$207,2,Tasks!$H$8:$H$207) | D21: =SUMIF(Tasks!$Q$8:$Q$207,2,Tasks!$I$8:$I$207) | E21: =IF(SUMIF(Tasks!$Q$8:$Q$207,2,Tasks!$K$8:$K$207)=0,0,SUMIF(Tasks!$Q$8:$Q$207,2,Tasks!$O$8:$O$207)/SUMIF(Tasks!$Q$8:$Q$207,2,Tasks!$K$8:$K$207)) | F21: =IF(SUMIF(Tasks!$Q$8:$Q$207,2,Tasks!$K$8:$K$207)=0,0,SUMIF(Tasks!$Q$8:$Q$207,2,Tasks!$P$8:$P$207)/SUMIF(Tasks!$Q$8:$Q$207,2,Tasks!$K$8:$K$207)) | G21: =IF(A21="",-1E+99,D21-C21) | H21: =IF(A21="",NA(),E21) | I21: =IF(A21="",NA(),F21) | J21: =IF(A21="",NA(),C21) | K21: =IF(A21="",NA(),D21)
A22: =Settings!$D$16&"" | B22: =IF(A22="", " ",A22) | C22: =SUMIF(Tasks!$Q$8:$Q$207,3,Tasks!$H$8:$H$207) | D22: =SUMIF(Tasks!$Q$8:$Q$207,3,Tasks!$I$8:$I$207) | E22: =IF(SUMIF(Tasks!$Q$8:$Q$207,3,Tasks!$K$8:$K$207)=0,0,SUMIF(Tasks!$Q$8:$Q$207,3,Tasks!$O$8:$O$207)/SUMIF(Tasks!$Q$8:$Q$207,3,Tasks!$K$8:$K$207)) | F22: =IF(SUMIF(Tasks!$Q$8:$Q$207,3,Tasks!$K$8:$K$207)=0,0,SUMIF(Tasks!$Q$8:$Q$207,3,Tasks!$P$8:$P$207)/SUMIF(Tasks!$Q$8:$Q$207,3,Tasks!$K$8:$K$207)) | G22: =IF(A22="",-1E+99,D22-C22) | H22: =IF(A22="",NA(),E22) | I22: =IF(A22="",NA(),F22) | J22: =IF(A22="",NA(),C22) | K22: =IF(A22="",NA(),D22)
A23: =Settings!$D$17&"" | B23: =IF(A23="", " ",A23) | C23: =SUMIF(Tasks!$Q$8:$Q$207,4,Tasks!$H$8:$H$207) | D23: =SUMIF(Tasks!$Q$8:$Q$207,4,Tasks!$I$8:$I$207) | E23: =IF(SUMIF(Tasks!$Q$8:$Q$207,4,Tasks!$K$8:$K$207)=0,0,SUMIF(Tasks!$Q$8:$Q$207,4,Tasks!$O$8:$O$207)/SUMIF(Tasks!$Q$8:$Q$207,4,Tasks!$K$8:$K$207)) | F23: =IF(SUMIF(Tasks!$Q$8:$Q$207,4,Tasks!$K$8:$K$207)=0,0,SUMIF(Tasks!$Q$8:$Q$207,4,Tasks!$P$8:$P$207)/SUMIF(Tasks!$Q$8:$Q$207,4,Tasks!$K$8:$K$207)) | G23: =IF(A23="",-1E+99,D23-C23) | H23: =IF(A23="",NA(),E23) | I23: =IF(A23="",NA(),F23) | J23: =IF(A23="",NA(),C23) | K23: =IF(A23="",NA(),D23)
A24: =Settings!$D$18&"" | B24: =IF(A24="", " ",A24) | C24: =SUMIF(Tasks!$Q$8:$Q$207,5,Tasks!$H$8:$H$207) | D24: =SUMIF(Tasks!$Q$8:$Q$207,5,Tasks!$I$8:$I$207) | E24: =IF(SUMIF(Tasks!$Q$8:$Q$207,5,Tasks!$K$8:$K$207)=0,0,SUMIF(Tasks!$Q$8:$Q$207,5,Tasks!$O$8:$O$207)/SUMIF(Tasks!$Q$8:$Q$207,5,Tasks!$K$8:$K$207)) | F24: =IF(SUMIF(Tasks!$Q$8:$Q$207,5,Tasks!$K$8:$K$207)=0,0,SUMIF(Tasks!$Q$8:$Q$207,5,Tasks!$P$8:$P$207)/SUMIF(Tasks!$Q$8:$Q$207,5,Tasks!$K$8:$K$207)) | G24: =IF(A24="",-1E+99,D24-C24) | H24: =IF(A24="",NA(),E24) | I24: =IF(A24="",NA(),F24) | J24: =IF(A24="",NA(),C24) | K24: =IF(A24="",NA(),D24)
A25: =Settings!$D$19&"" | B25: =IF(A25="", " ",A25) | C25: =SUMIF(Tasks!$Q$8:$Q$207,6,Tasks!$H$8:$H$207) | D25: =SUMIF(Tasks!$Q$8:$Q$207,6,Tasks!$I$8:$I$207) | E25: =IF(SUMIF(Tasks!$Q$8:$Q$207,6,Tasks!$K$8:$K$207)=0,0,SUMIF(Tasks!$Q$8:$Q$207,6,Tasks!$O$8:$O$207)/SUMIF(Tasks!$Q$8:$Q$207,6,Tasks!$K$8:$K$207)) | F25: =IF(SUMIF(Tasks!$Q$8:$Q$207,6,Tasks!$K$8:$K$207)=0,0,SUMIF(Tasks!$Q$8:$Q$207,6,Tasks!$P$8:$P$207)/SUMIF(Tasks!$Q$8:$Q$207,6,Tasks!$K$8:$K$207)) | G25: =IF(A25="",-1E+99,D25-C25) | H25: =IF(A25="",NA(),E25) | I25: =IF(A25="",NA(),F25) | J25: =IF(A25="",NA(),C25) | K25: =IF(A25="",NA(),D25)
A26: =Settings!$D$20&"" | B26: =IF(A26="", " ",A26) | C26: =SUMIF(Tasks!$Q$8:$Q$207,7,Tasks!$H$8:$H$207) | D26: =SUMIF(Tasks!$Q$8:$Q$207,7,Tasks!$I$8:$I$207) | E26: =IF(SUMIF(Tasks!$Q$8:$Q$207,7,Tasks!$K$8:$K$207)=0,0,SUMIF(Tasks!$Q$8:$Q$207,7,Tasks!$O$8:$O$207)/SUMIF(Tasks!$Q$8:$Q$207,7,Tasks!$K$8:$K$207)) | F26: =IF(SUMIF(Tasks!$Q$8:$Q$207,7,Tasks!$K$8:$K$207)=0,0,SUMIF(Tasks!$Q$8:$Q$207,7,Tasks!$P$8:$P$207)/SUMIF(Tasks!$Q$8:$Q$207,7,Tasks!$K$8:$K$207)) | G26: =IF(A26="",-1E+99,D26-C26) | H26: =IF(A26="",NA(),E26) | I26: =IF(A26="",NA(),F26) | J26: =IF(A26="",NA(),C26) | K26: =IF(A26="",NA(),D26)
A27: =Settings!$D$21&"" | B27: =IF(A27="", " ",A27) | C27: =SUMIF(Tasks!$Q$8:$Q$207,8,Tasks!$H$8:$H$207) | D27: =SUMIF(Tasks!$Q$8:$Q$207,8,Tasks!$I$8:$I$207) | E27: =IF(SUMIF(Tasks!$Q$8:$Q$207,8,Tasks!$K$8:$K$207)=0,0,SUMIF(Tasks!$Q$8:$Q$207,8,Tasks!$O$8:$O$207)/SUMIF(Tasks!$Q$8:$Q$207,8,Tasks!$K$8:$K$207)) | F27: =IF(SUMIF(Tasks!$Q$8:$Q$207,8,Tasks!$K$8:$K$207)=0,0,SUMIF(Tasks!$Q$8:$Q$207,8,Tasks!$P$8:$P$207)/SUMIF(Tasks!$Q$8:$Q$207,8,Tasks!$K$8:$K$207)) | G27: =IF(A27="",-1E+99,D27-C27) | H27: =IF(A27="",NA(),E27) | I27: =IF(A27="",NA(),F27) | J27: =IF(A27="",NA(),C27) | K27: =IF(A27="",NA(),D27)
A30: =Lang!$B$68 | B30: =COUNTIF(Tasks!$M$8:$M$207,1)
A31: =Lang!$B$69 | B31: =COUNTIF(Tasks!$M$8:$M$207,2)
A32: =Lang!$B$70 | B32: =COUNTIF(Tasks!$M$8:$M$207,3)
A33: =Lang!$B$71 | B33: =COUNTIF(Tasks!$M$8:$M$207,4)
